Workbook
Name CurrentYear: Init!$AS$3:$AS$4
Name DemandRateSelect: [1]Rates_TRM_12!#REF!
Name DemandRateSelect: [1]Rates_TRM_12!#REF!
Name DemandRateSelect: [1]Rates_TRM_12!#REF!
Name No: [1]Rates_TRM_12!#REF!
Name No: [1]Rates_TRM_12!#REF!
Name No: [1]Rates_TRM_12!#REF!
Name YesNo: Init!$AT$3:$AT$4

Sheet Init
B3: Monthly Hours | K3: Annual Hours | P3: Previous Year | R3: =IF(R6=2024, 2022, IF(R6=2025, 2023, "ERROR")) -> 2022 | AS3: 2024 | AT3: Yes
B4: FiscalID | C4: Cal Date | D4: HLH | E4: LLH | F4: Total | G4: HLH% | H4: LLH% | K4: year | L4: days | M4: hours | AS4: 2025 | AT4: No
B5: 2015_1 | C5: 41913 | D5: 432 | E5: 312 | F5: 744 | G5: 0.58064516 | H5: 0.41935484 | K5: 2009 | L5: 365 | M5: 8760 | P5: Select Current Year?
B6: 2015_2 | C6: 41944 | D6: 384 | E6: 337 | F6: 721 | G6: 0.53259362 | H6: 0.46740638 | K6: 2010 | L6: 365 | M6: 8760 | R6: 2024
B7: 2015_3 | C7: 41974 | D7: 416 | E7: 328 | F7: 744 | G7: 0.55913978 | H7: 0.44086022 | K7: 2011 | L7: 365 | M7: 8760
B8: 2015_4 | C8: 42005 | D8: 416 | E8: 328 | F8: 744 | G8: 0.55913978 | H8: 0.44086022 | K8: 2012 | L8: 366 | M8: 8784 | P8: Use Previous BP-22 Billing Determinants adjusted for BP-24 Loads and CSP?
B9: 2015_5 | C9: 42036 | D9: 384 | E9: 288 | F9: 672 | G9: 0.57142857 | H9: 0.42857143 | K9: 2013 | L9: 365 | M9: 8760 | R9: Yes
B10: 2015_6 | C10: 42064 | D10: 416 | E10: 327 | F10: 743 | G10: 0.55989233 | H10: 0.44010767 | K10: 2014 | L10: 365 | M10: 8760
B11: 2015_7 | C11: 42095 | D11: 416 | E11: 304 | F11: 720 | G11: 0.57777778 | H11: 0.42222222 | K11: 2015 | L11: 365 | M11: 8760 | P11: Include Tier 2 Load Shaping in Tier 1 Rate Impacts?
B12: 2015_8 | C12: 42125 | D12: 400 | E12: 344 | F12: 744 | G12: 0.53763441 | H12: 0.46236559 | K12: 2016 | L12: 366 | M12: 8784 | R12: No
B13: 2015_9 | C13: 42156 | D13: 416 | E13: 304 | F13: 720 | G13: 0.57777778 | H13: 0.42222222 | K13: 2017 | L13: 365 | M13: 8760
B14: 2015_10 | C14: 42186 | D14: 416 | E14: 328 | F14: 744 | G14: 0.55913978 | H14: 0.44086022 | K14: 2018 | L14: 365 | M14: 8760
B15: 2015_11 | C15: 42217 | D15: 416 | E15: 328 | F15: 744 | G15: 0.55913978 | H15: 0.44086022 | K15: 2019 | L15: 365 | M15: 8760
B16: 2015_12 | C16: 42248 | D16: 400 | E16: 320 | F16: 720 | G16: 0.55555556 | H16: 0.44444444 | K16: 2020 | L16: 366 | M16: 8784
B17: 2016_1 | C17: 42278 | D17: 432 | E17: 312 | F17: 744 | G17: 0.58064516 | H17: 0.41935484 | K17: 2021 | L17: 365 | M17: 8760
B18: 2016_2 | C18: 42309 | D18: 384 | E18: 337 | F18: 721 | G18: 0.53259362 | H18: 0.46740638 | K18: 2022 | L18: 365 | M18: 8760
B19: 2016_3 | C19: 42339 | D19: 416 | E19: 328 | F19: 744 | G19: 0.55913978 | H19: 0.44086022 | K19: 2023 | L19: 365 | M19: 8760
B20: 2016_4 | C20: 42370 | D20: 400 | E20: 344 | F20: 744 | G20: 0.53763441 | H20: 0.46236559 | K20: 2024 | L20: 366 | M20: 8784
B21: 2016_5 | C21: 42401 | D21: 400 | E21: 296 | F21: 696 | G21: 0.57471264 | H21: 0.42528736 | K21: 2025 | L21: 365 | M21: 8760
B22: 2016_6 | C22: 42430 | D22: 432 | E22: 311 | F22: 743 | G22: 0.58142665 | H22: 0.41857335 | K22: 2026 | L22: 365 | M22: 8760
B23: 2016_7 | C23: 42461 | D23: 416 | E23: 304 | F23: 720 | G23: 0.57777778 | H23: 0.42222222 | K23: 2027 | L23: 365 | M23: 8760
B24: 2016_8 | C24: 42491 | D24: 400 | E24: 344 | F24: 744 | G24: 0.53763441 | H24: 0.46236559 | K24: 2028 | L24: 366 | M24: 8784
... B40: 2017_12 | C40: 42979 | D40: 400 | E40: 320 | F40: 720 | G40: 0.55555556 | H40: 0.44444444 | K40: 2044 | L40: 366 | M40: 8784
B41: 2018_1 | C41: 43009 | D41: 416 | E41: 328 | F41: 744 | G41: 0.55913978 | H41: 0.44086022
B42: 2018_2 | C42: 43040 | D42: 400 | E42: 321 | F42: 721 | G42: 0.55478502 | H42: 0.44521498
B43: 2018_3 | C43: 43070 | D43: 400 | E43: 344 | F43: 744 | G43: 0.53763441 | H43: 0.46236559
B44: 2018_4 | C44: 43101 | D44: 416 | E44: 328 | F44: 744 | G44: 0.55913978 | H44: 0.44086022
B45: 2018_5 | C45: 43132 | D45: 384 | E45: 288 | F45: 672 | G45: 0.57142857 | H45: 0.42857143
B46: 2018_6 | C46: 43160 | D46: 432 | E46: 311 | F46: 743 | G46: 0.58142665 | H46: 0.41857335
B47: 2018_7 | C47: 43191 | D47: 400 | E47: 320 | F47: 720 | G47: 0.55555556 | H47: 0.44444444
B48: 2018_8 | C48: 43221 | D48: 416 | E48: 328 | F48: 744 | G48: 0.55913978 | H48: 0.44086022
B49: 2018_9 | C49: 43252 | D49: 416 | E49: 304 | F49: 720 | G49: 0.57777778 | H49: 0.42222222
B50: 2018_10 | C50: 43282 | D50: 400 | E50: 344 | F50: 744 | G50: 0.53763441 | H50: 0.46236559
B51: 2018_11 | C51: 43313 | D51: 432 | E51: 312 | F51: 744 | G51: 0.58064516 | H51: 0.41935484
B52: 2018_12 | C52: 43344 | D52: 384 | E52: 336 | F52: 720 | G52: 0.53333333 | H52: 0.46666667
... B232: 2033_12 | C232: 48823 | D232: 400 | E232: 320 | F232: 720 | G232: 0.55555556 | H232: 0.44444444

Sheet TOCA_previous
A1: TOCA Computations, RHWMs and Net Requirements
A2: BESID | B2: Preference Customer | C2: NOTJOE | D2: JOE | E2: CHWM 2022 | F2: TRL 2022 | G2: TRL 2023 | H2: NLSL 2022 | I2: NLSL 2023 | J2: Existing/Other Resource aMW 2022 | K2: Existing/Other Resource aMW 2023 | L2: Existing/Other Resource MWh 2022 | M2: Existing/Other Resource MWh 2023 | N2: TRL - NLSL - Existing Resource 2022 | O2: TRL - NLSL - Existing Resource 2023 | P2: TRL - NLSL - Existing Resource MWh 2022 | Q2: TRL - NLSL - Existing Resource MWh 2023 | R2: RHWM 2022 | S2: RHWM MWh 2022 | T2: Above RHWM 2022 | U2: Above RHWM 2023 | V2: Above RHWM Not Served with LS 2022 | W2: Above RHWM Not Served with LS 2023 | X2: TOCA 2022 | Y2: TOCA 2023 | Z2: Slice% 2022 | AA2: Non-slice TOCA 2022 | AB2: Non-slice TOCA 2023 | AC2: Avg Non-Slice TOCA | AD2: T1 Percentage 2022 | AE2: T1 Percentage 2023 | AF2: LDD adjTRL/RHWM 2022 | AG2: LDD adjTRL/RHWM 2023 | AH2: Applicable LDD 2022 | AI2: Applicable LDD 2023
A3: 10005 | B3: Alder Mutual | C3: 1 | D3: 0 | E3: 0.556 | F3: 0.682 | G3: 0.689 | H3: 0 | I3: 0 | J3: 0 | K3: 0 | L3: 0 | M3: 0 | N3: 0.623 | O3: 0.631 | P3: 5457.48 | Q3: 5527.56 | R3: 0.523 | S3: 4581.48 | T3: 0.1 | U3: 0.108 | V3: 0 | W3: 0 | X3: 7.76e-05 | Y3: 7.76e-05 | Z3: 0 | AA3: 7.76e-05 | AB3: 7.76e-05 | AC3: 7.76e-05 | AD3: 0.83907136 | AE3: 0.82843337 | AF3: 1.1912046 | AG3: 1.206501 | AH3: 0.02382 | AI3: 0.0181
A4: 10015 | B4: Asotin County PUD #1 | C4: 1 | D4: 0 | E4: 0.582 | F4: 0.584 | G4: 0.583 | H4: 0 | I4: 0 | J4: 0 | K4: 0 | L4: 0 | M4: 0 | N4: 0.63 | O4: 0.634 | P4: 5518.8 | Q4: 5553.84 | R4: 0.547 | S4: 4791.72 | T4: 0.083 | U4: 0.087 | V4: 0 | W4: 0 | X4: 8.12e-05 | Y4: 8.12e-05 | Z4: 0 | AA4: 8.12e-05 | AB4: 8.12e-05 | AC4: 8.12e-05 | AD4: 0.86824183 | AE4: 0.86276396 | AF4: 1.1517367 | AG4: 1.1590494 | AH4: 0 | AI4: 0
A5: 10024 | B5: Benton County PUD #1 | C5: 1 | D5: 0 | E5: 204.282 | F5: 206.616 | G5: 206.886 | H5: 0 | I5: 0 | J5: 0.921 | K5: 0.919 | L5: 8067.96 | M5: 8050.44 | N5: 209.048 | O5: 209.063 | P5: 1831260.5 | Q5: 1831391.9 | R5: 192.001 | S5: 1681928.8 | T5: 17.047 | U5: 17.062 | V5: 17.047 | W5: 17.062 | X5: 0.0285022 | Y5: 0.0285022 | Z5: 0 | AA5: 0.0285022 | AB5: 0.0285022 | AC5: 0.0285022 | AD5: 0.91719111 | AE5: 0.91712559 | AF5: 1.088786 | AG5: 1.0888641 | AH5: 0 | AI5: 0
A6: 10025 | B6: Benton REA | C6: 1 | D6: 0 | E6: 60.549 | F6: 64.5 | G6: 64.537 | H6: 0 | I6: 0 | J6: 0 | K6: 0 | L6: 0 | M6: 0 | N6: 66.666 | O6: 67.355 | P6: 583994.16 | Q6: 590029.8 | R6: 56.909 | S6: 498522.84 | T6: 9.757 | U6: 10.446 | V6: 9.757 | W6: 10.446 | X6: 0.008448 | Y6: 0.008448 | Z6: 0 | AA6: 0.008448 | AB6: 0.008448 | AC6: 0.008448 | AD6: 0.85363995 | AE6: 0.84490774 | AF6: 1.1714492 | AG6: 1.1835562 | AH6: 0.06443 | AI6: 0.0651
A7: 10027 | B7: Big Bend Elec Coop | C7: 1 | D7: 0 | E7: 62.107 | F7: 67.977 | G7: 68.216 | H7: 0 | I7: 0 | J7: 0 | K7: 0 | L7: 0 | M7: 0 | N7: 66.27 | O7: 66.586 | P7: 580525.2 | Q7: 583293.36 | R7: 58.373 | S7: 511347.48 | T7: 7.897 | U7: 8.213 | V7: 7.897 | W7: 8.213 | X7: 0.0086654 | Y7: 0.0086654 | Z7: 0 | AA7: 0.0086654 | AB7: 0.0086654 | AC7: 0.0086654 | AD7: 0.88083968 | AE7: 0.87665944 | AF7: 1.1352851 | AG7: 1.1406986 | AH7: 0.07947 | AI7: 0.07985
A8: 10029 | B8: Blachly Lane Elec Coop | C8: 0 | D8: 1 | E8: 17.879 | F8: 21.738 | G8: 21.674 | H8: 0 | I8: 0 | J8: 0 | K8: 0 | L8: 0 | M8: 0 | N8: 21.914 | O8: 22.349 | P8: 191966.64 | Q8: 195777.24 | R8: 16.804 | S8: 147203.04 | T8: 5.11 | U8: 5.545 | V8: 5.11 | W8: 5.545 | X8: 0.0024945 | Y8: 0.0024945 | Z8: 0 | AA8: 0.0024945 | AB8: 0.0024945 | AC8: 0.0024945 | AD8: 0.76680878 | AE8: 0.75188364 | AF8: 1.3040943 | AG8: 1.329981 | AH8: 0.08477 | AI8: 0.08645
A9: 10044 | B9: Canby, City of | C9: 1 | D9: 0 | E9: 20.612 | F9: 23.916 | G9: 24.05 | H9: 0 | I9: 0 | J9: 0 | K9: 0 | L9: 0 | M9: 0 | N9: 21.998 | O9: 22.09 | P9: 192702.48 | Q9: 193508.4 | R9: 19.373 | S9: 169707.48 | T9: 2.625 | U9: 2.717 | V9: 2.625 | W9: 2.717 | X9: 0.0028759 | Y9: 0.0028759 | Z9: 0 | AA9: 0.0028759 | AB9: 0.0028759 | AC9: 0.0028759 | AD9: 0.88067528 | AE9: 0.87700746 | AF9: 1.1354979 | AG9: 1.1402467 | AH9: 0 | AI9: 0
A10: 10046 | B10: Central Electric Coop | C10: 0 | D10: 1 | E10: 83.072 | F10: 97.138 | G10: 98.18 | H10: 0 | I10: 0 | J10: 0 | K10: 0 | L10: 0 | M10: 0 | N10: 95.832 | O10: 97.424 | P10: 839488.32 | Q10: 853434.24 | R10: 78.078 | S10: 683963.28 | T10: 17.754 | U10: 19.346 | V10: 17.754 | W10: 19.346 | X10: 0.0115905 | Y10: 0.0115905 | Z10: 0 | AA10: 0.0115905 | AB10: 0.0115905 | AC10: 0.0115905 | AD10: 0.81473588 | AE10: 0.80142233 | AF10: 1.227388 | AG10: 1.2477779 | AH10: 0.07978 | AI10: 0.08111
A11: 10047 | B11: Central Lincoln PUD | C11: 1 | D11: 0 | E11: 159.01 | F11: 152.73 | G11: 152.465 | H11: 0 | I11: 0 | J11: 0 | K11: 0 | L11: 0 | M11: 0 | N11: 153.656 | O11: 154.036 | P11: 1346026.6 | Q11: 1349355.4 | R11: 149.45 | S11: 1309182 | T11: 4.206 | U11: 4.586 | V11: 4.206 | W11: 4.586 | X11: 0.0221856 | Y11: 0.0221856 | Z11: 0 | AA11: 0.0221856 | AB11: 0.0221856 | AC11: 0.0221856 | AD11: 0.97262825 | AE11: 0.97022882 | AF11: 1.0281432 | AG11: 1.0306858 | AH11: 0 | AI11: 0
A12: 10055 | B12: Albion, City of | C12: 1 | D12: 0 | E12: 0.404 | F12: 0.392 | G12: 0.39 | H12: 0 | I12: 0 | J12: 0 | K12: 0 | L12: 0 | M12: 0 | N12: 0.386 | O12: 0.386 | P12: 3381.36 | Q12: 3381.36 | R12: 0.38 | S12: 3328.8 | T12: 0.006 | U12: 0.006 | V12: 0 | W12: 0 | X12: 5.64e-05 | Y12: 5.64e-05 | Z12: 0 | AA12: 5.64e-05 | AB12: 5.64e-05 | AC12: 5.64e-05 | AD12: 0.98427629 | AE12: 0.98427629 | AF12: 1.0157895 | AG12: 1.0157895 | AH12: 0 | AI12: 0
A13: 10057 | B13: Ashland, City of | C13: 1 | D13: 0 | E13: 21.383 | F13: 20.207 | G13: 20.148 | H13: 0 | I13: 0 | J13: 0.159 | K13: 0.158 | L13: 1392.84 | M13: 1384.08 | N13: 19.976 | O13: 19.976 | P13: 174989.76 | Q13: 174989.76 | R13: 20.097 | S13: 176049.72 | T13: 0 | U13: 0 | V13: 0 | W13: 0 | X13: 0.0029654 | Y13: 0.0029654 | Z13: 0 | AA13: 0.0029654 | AB13: 0.0029654 | AC13: 0.0029654 | AD13: 0.99999995 | AE13: 0.99999995 | AF13: 1 | AG13: 1 | AH13: 0 | AI13: 0
A14: 10059 | B14: Bandon, City of | C14: 1 | D14: 0 | E14: 7.753 | F14: 7.625 | G14: 7.599 | H14: 0 | I14: 0 | J14: 0 | K14: 0 | L14: 0 | M14: 0 | N14: 7.649 | O14: 7.668 | P14: 67005.24 | Q14: 67171.68 | R14: 7.287 | S14: 63834.12 | T14: 0.362 | U14: 0.381 | V14: 0 | W14: 0 | X14: 0.0010817 | Y14: 0.0010817 | Z14: 0 | AA14: 0.0010817 | AB14: 0.0010817 | AC14: 0.0010817 | AD14: 0.95263688 | AE14: 0.95027641 | AF14: 1.0496775 | AG14: 1.0522849 | AH14: 0 | AI14: 0
... A137: 10298 | B137: PNGC Aggregate | C137: 1 | D137: 0 | E137: 611.261 | F137: 680.327 | G137: 685.154 | H137: 0 | I137: 0 | J137: 13.215 | K137: 13.185 | L137: 115763.4 | M137: 115500.6 | N137: 643.924 | O137: 650.472 | P137: 5640774.2 | Q137: 5698134.7 | R137: 574.513 | S137: 5032733.9 | T137: 69.875 | U137: 76.423 | V137: 69.875 | W137: 76.423 | X137: 0.0852163 | Y137: 0.0852163 | Z137: 0 | AA137: 0.0852163 | AB137: 0.0852163 | AC137: 0.0852163 | AD137: 0.89992955 | AE137: 0.89310429 | AF137: 1.1208171 | AG137: 1.1322146 | AH137: 0 | AI137: 0
A149: 1 | B149: 2 | C149: 3 | D149: 4 | E149: 6 | F149: 7 | G149: 8 | H149: 9 | I149: 10 | J149: 11 | K149: 12 | L149: 13 | M149: 14 | N149: 15 | O149: 16 | P149: 17 | Q149: 18 | R149: 19 | S149: 20 | T149: 22 | U149: 23 | V149: 24 | W149: 25 | X149: 32 | Y149: 33 | Z149: 34 | AA149: 35 | AB149: 36 | AC149: 37 | AD149: 38 | AE149: 39 | AF149: 40 | AG149: 41 | AH149: 42 | AI149: 43

Sheet TOCA_current
A1: TOCA Computations, RHWMs and Net Requirements
A2: BESID | B2: Preference Customer | C2: NOTJOE | D2: JOE | E2: CHWM 2024 | F2: TRL 2024 | G2: TRL 2025 | H2: NLSL 2024 | I2: NLSL 2025 | J2: Existing/Other Resource aMW 2024 | K2: Existing/Other Resource aMW 2025 | L2: Existing/Other Resource MWh 2024 | M2: Existing/Other Resource MWh 2025 | N2: TRL - NLSL - Existing Resource 2024 | O2: TRL - NLSL - Existing Resource 2025 | P2: TRL - NLSL - Existing Resource MWh 2024 | Q2: TRL - NLSL - Existing Resource MWh 2025 | R2: RHWM 2024 | S2: RHWM MWh 2024 | T2: RHWM MWh 2025 | U2: Above RHWM 2024 | V2: Above RHWM 2025 | W2: Above RHWM Not Served with LS 2024 | X2: Above RHWM Not Served with LS 2025 | Y2: Above RHWM Load Served at the LS rate 2024 | Z2: Above RHWM Load Served at the LS rate 2025 | AA2: Total Vintage 2024 | AB2: Total Vintage 2025 | AC2: Remaining Above RHWM 2024 | AD2: Remaining Above RHWM 2025 | AE2: TOCA 2024 | AF2: TOCA 2025 | AG2: Slice% 2024 | AH2: Non-slice TOCA 2024 | AI2: Non-slice TOCA 2025 | AJ2: Avg Non-Slice TOCA | AK2: T1 Percentage 2024 | AL2: T1 Percentage 2025 | AM2: LDD adjTRL/RHWM 2024 | AN2: LDD adjTRL/RHWM 2025 | AO2: Applicable LDD 2024 | AP2: Applicable LDD 2025 | AQ2: Election 2024 | AR2: Election 2025 | AS2: Amount 2024 | AT2: Amount 2025 | AU2: Tier 2 Amounts 2024 | AV2: Tier 2 Amounts 2025 | AW2: New Resource aMW 2024 | AX2: New Resource aMW 2025 | AY2: Remarketing 2024 | AZ2: Remarketing 2025 | BA2: T2 Remarketing 2024 | BB2: T2 Remarketing 2025 | BC2: NR Remarketing 2024 | BD2: NR Remarketing 2025 | BE2: Forecast Net Requirement 2024 | BF2: Forecast Net Requirement 2025 | BG2: Rounddown
A3: 10005 | B3: Alder Mutual | C3: 1 | D3: 0 | E3: 0.556 | F3: 0.68 | G3: 0.689 | H3: 0 | I3: 0 | J3: 0 | K3: 0 | L3: 0 | M3: 0 | N3: 0.68 | O3: 0.689 | P3: 5973.12 | Q3: 6035.64 | R3: 0.548 | S3: 4813.632 | T3: 4800.48 | U3: 0.132 | V3: 0.141 | W3: 0 | X3: 0 | Y3: 0.132 | Z3: 0.141 | AA3: 0 | AB3: 0 | AC3: 0 | AD3: 0 | AE3: 7.76e-05 | AF3: 7.76e-05 | AG3: 0 | AH3: 7.76e-05 | AI3: 7.76e-05 | AJ3: 7.76e-05 | AK3: 0.80605459 | AL3: 0.79552558 | AM3: 1.2408759 | AN3: 1.2572993 | AO3: 0.018613139 | AP3: 0.018859489 | AQ3: 1 | AR3: 1 | AS3: 0 | AT3: 0 | AU3: 0 | AV3: 0 | AW3: 0 | AX3: 0 | AY3: 0 | AZ3: 0 | BA3: 0 | BB3: 0 | BC3: 0 | BD3: 0 | BE3: 0.68 | BF3: 0.689 | BG3: 0
A4: 10015 | B4: Asotin County PUD #1 | C4: 1 | D4: 0 | E4: 0.582 | F4: 0.582 | G4: 0.583 | H4: 0 | I4: 0 | J4: 0 | K4: 0 | L4: 0 | M4: 0 | N4: 0.582 | O4: 0.583 | P4: 5112.288 | Q4: 5107.08 | R4: 0.573 | S4: 5033.232 | T4: 5019.48 | U4: 0.009 | V4: 0.01 | W4: 0 | X4: 0 | Y4: 0.009 | Z4: 0.01 | AA4: 0 | AB4: 0 | AC4: 0 | AD4: 0 | AE4: 8.11e-05 | AF4: 8.11e-05 | AG4: 0 | AH4: 8.11e-05 | AI4: 8.11e-05 | AJ4: 8.11e-05 | AK4: 0.98425928 | AL4: 0.98257101 | AM4: 1.0157068 | AN4: 1.017452 | AO4: 0 | AP4: 0 | AQ4: 1 | AR4: 1 | AS4: 0 | AT4: 0 | AU4: 0 | AV4: 0 | AW4: 0 | AX4: 0 | AY4: 0 | AZ4: 0 | BA4: 0 | BB4: 0 | BC4: 0 | BD4: 0 | BE4: 0.582 | BF4: 0.583 | BG4: 0
A5: 10024 | B5: Benton County PUD #1 | C5: 1 | D5: 0 | E5: 203.92 | F5: 206.051 | G5: 206.886 | H5: 0 | I5: 0 | J5: 0.918 | K5: 0.919 | L5: 8063.712 | M5: 8050.44 | N5: 211.167 | O5: 212.387 | P5: 1854890.9 | Q5: 1860510.1 | R5: 200.923 | S5: 1764907.6 | T5: 1760085.5 | U5: 10.244 | V5: 11.464 | W5: 10.244 | X5: 11.464 | Y5: 0 | Z5: 0 | AA5: 0 | AB5: 0 | AC5: 10.244 | AD5: 11.464 | AE5: 0.0284458 | AF5: 0.0284458 | AG5: 0 | AH5: 0.0284458 | AI5: 0.0284458 | AJ5: 0.0284458 | AK5: 0.95169893 | AL5: 0.94625593 | AM5: 1.0509847 | AN5: 1.0570567 | AO5: 0 | AP5: 0 | AQ5: 3 | AR5: 3 | AS5: 0 | AT5: 0 | AU5: 10.244 | AV5: 11.464 | AW5: 0 | AX5: 0 | AY5: 0 | AZ5: 0 | BA5: 0 | BB5: 0 | BC5: 0 | BD5: 0 | BE5: 211.167 | BF5: 212.387 | BG5: 0
A6: 10025 | B6: Benton REA | C6: 1 | D6: 0 | E6: 60.549 | F6: 64.324 | G6: 64.537 | H6: 0 | I6: 0 | J6: 0 | K6: 0 | L6: 0 | M6: 0 | N6: 64.824 | O6: 65.037 | P6: 569414.02 | Q6: 569724.12 | R6: 59.659 | S6: 524044.66 | T6: 522612.84 | U6: 5.165 | V6: 5.378 | W6: 5.165 | X6: 5.378 | Y6: 0 | Z6: 0 | AA6: 0 | AB6: 0 | AC6: 5.165 | AD6: 5.378 | AE6: 0.0084463 | AF6: 0.0084463 | AG6: 0 | AH6: 0.0084463 | AI6: 0.0084463 | AJ6: 0.0084463 | AK6: 0.92032734 | AL6: 0.91731322 | AM6: 1.0865754 | AN6: 1.0901457 | AO6: 0.059761645 | AP6: 0.059958011 | AQ6: 1 | AR6: 1 | AS6: 0 | AT6: 0 | AU6: 5.165 | AV6: 5.378 | AW6: 0 | AX6: 0 | AY6: 0 | AZ6: 0 | BA6: 0 | BB6: 0 | BC6: 0 | BD6: 0 | BE6: 64.824 | BF6: 65.037 | BG6: 1
A7: 10027 | B7: Big Bend Elec Coop | C7: 1 | D7: 0 | E7: 62.107 | F7: 67.791 | G7: 68.216 | H7: 0 | I7: 0 | J7: 0 | K7: 0 | L7: 0 | M7: 0 | N7: 67.791 | O7: 68.216 | P7: 595476.14 | Q7: 597572.16 | R7: 61.194 | S7: 537528.1 | T7: 536059.44 | U7: 6.597 | V7: 7.022 | W7: 6.597 | X7: 7.022 | Y7: 0 | Z7: 0 | AA7: 0 | AB7: 0 | AC7: 6.597 | AD7: 7.022 | AE7: 0.0086636 | AF7: 0.0086636 | AG7: 0 | AH7: 0.0086636 | AI7: 0.0086636 | AJ7: 0.0086636 | AK7: 0.90268869 | AL7: 0.89706475 | AM7: 1.1078047 | AN7: 1.1147498 | AO7: 0.077546328 | AP7: 0.078032487 | AQ7: 3 | AR7: 3 | AS7: 27 | AT7: 0 | AU7: 0.597 | AV7: 7.022 | AW7: 0 | AX7: 0 | AY7: 0 | AZ7: 0 | BA7: 0 | BB7: 0 | BC7: 0 | BD7: 0 | BE7: 61.791 | BF7: 68.216 | BG7: 1
A8: 10029 | B8: Blachly Lane Elec Coop | C8: 0 | D8: 1 | E8: 17.879 | F8: 21.679 | G8: 21.674 | H8: 0 | I8: 0 | J8: 0 | K8: 0 | L8: 0 | M8: 0 | N8: 21.679 | O8: 21.674 | P8: 190428.34 | Q8: 189864.24 | R8: 17.616 | S8: 154738.94 | T8: 154316.16 | U8: 4.063 | V8: 4.058 | W8: 4.063 | X8: 4.058 | Y8: 0 | Z8: 0 | AA8: 0 | AB8: 0 | AC8: 4.063 | AD8: 4.058 | AE8: 0.002494 | AF8: 0.002494 | AG8: 0 | AH8: 0.002494 | AI8: 0.002494 | AJ8: 0.002494 | AK8: 0.8125851 | AL8: 0.81277255 | AM8: 1.2306426 | AN8: 1.2303588 | AO8: 0.079991769 | AP8: 0.07997332 | AQ8: 6 | AR8: 6 | AS8: 0 | AT8: 0 | AU8: 0 | AV8: 0 | AW8: 0 | AX8: 0 | AY8: 0 | AZ8: 0 | BA8: 0 | BB8: 0 | BC8: 0 | BD8: 0 | BE8: 17.616 | BF8: 17.616 | BG8: 1
A9: 10044 | B9: Canby, City of | C9: 1 | D9: 0 | E9: 20.612 | F9: 23.851 | G9: 24.05 | H9: 0 | I9: 0 | J9: 0 | K9: 0 | L9: 0 | M9: 0 | N9: 23.851 | O9: 24.05 | P9: 209507.18 | Q9: 210678 | R9: 20.309 | S9: 178394.26 | T9: 177906.84 | U9: 3.542 | V9: 3.741 | W9: 3.542 | X9: 3.741 | Y9: 0 | Z9: 0 | AA9: 0 | AB9: 0 | AC9: 3.542 | AD9: 3.741 | AE9: 0.0028753 | AF9: 0.0028753 | AG9: 0 | AH9: 0.0028753 | AI9: 0.0028753 | AJ9: 0.0028753 | AK9: 0.851507 | AL9: 0.84446126 | AM9: 1.1744054 | AN9: 1.184204 | AO9: 0 | AP9: 0 | AQ9: 1 | AR9: 1 | AS9: 0 | AT9: 0 | AU9: 3.542 | AV9: 3.741 | AW9: 0 | AX9: 0 | AY9: 0 | AZ9: 0 | BA9: 0 | BB9: 0 | BC9: 0 | BD9: 0 | BE9: 23.851 | BF9: 24.05 | BG9: 0
A10: 10046 | B10: Central Electric Coop | C10: 0 | D10: 1 | E10: 83.072 | F10: 96.873 | G10: 98.18 | H10: 0 | I10: 0 | J10: 0 | K10: 0 | L10: 0 | M10: 0 | N10: 98.879 | O10: 100.606 | P10: 868553.14 | Q10: 881308.56 | R10: 81.851 | S10: 718979.18 | T10: 717014.76 | U10: 17.028 | V10: 18.755 | W10: 17.028 | X10: 18.755 | Y10: 0 | Z10: 0 | AA10: 0 | AB10: 0 | AC10: 17.028 | AD10: 18.755 | AE10: 0.0115881 | AF10: 0.0115881 | AG10: 0 | AH10: 0.0115881 | AI10: 0.0115881 | AJ10: 0.0115881 | AK10: 0.82778932 | AL10: 0.81357951 | AM10: 1.2080366 | AN10: 1.2291359 | AO10: 0.078522376 | AP10: 0.079893831 | AQ10: 6 | AR10: 6 | AS10: 0 | AT10: 0 | AU10: 0 | AV10: 0 | AW10: 0 | AX10: 0 | AY10: 0 | AZ10: 0 | BA10: 0 | BB10: 0 | BC10: 0 | BD10: 0 | BE10: 81.851 | BF10: 81.851 | BG10: 1
A11: 10047 | B11: Central Lincoln PUD | C11: 1 | D11: 0 | E11: 159.01 | F11: 152.313 | G11: 152.465 | H11: 0 | I11: 0 | J11: 0 | K11: 0 | L11: 0 | M11: 0 | N11: 152.313 | O11: 152.465 | P11: 1337917.4 | Q11: 1335593.4 | R11: 156.673 | S11: 1376215.6 | T11: 1372455.5 | U11: 0 | V11: 0 | W11: 0 | X11: 0 | Y11: 0 | Z11: 0 | AA11: 0 | AB11: 0 | AC11: 0 | AD11: 0 | AE11: 0.0215638 | AF11: 0.0215853 | AG11: 0 | AH11: 0.0215638 | AI11: 0.0215853 | AJ11: 0.02157455 | AK11: 0.99999994 | AL11: 0.99999903 | AM11: 1 | AN11: 1 | AO11: 0 | AP11: 0 | AQ11: 3 | AR11: 3 | AS11: 10 | AT11: 0 | AU11: 0 | AV11: 0 | AW11: 0 | AX11: 0 | AY11: 0 | AZ11: 0 | BA11: 0 | BB11: 0 | BC11: 0 | BD11: 0 | BE11: 152.313 | BF11: 152.465 | BG11: 1
A12: 10055 | B12: Albion, City of | C12: 1 | D12: 0 | E12: 0.404 | F12: 0.391 | G12: 0.39 | H12: 0 | I12: 0 | J12: 0 | K12: 0 | L12: 0 | M12: 0 | N12: 0.391 | O12: 0.39 | P12: 3434.544 | Q12: 3416.4 | R12: 0.398 | S12: 3496.032 | T12: 3486.48 | U12: 0 | V12: 0 | W12: 0 | X12: 0 | Y12: 0 | Z12: 0 | AA12: 0 | AB12: 0 | AC12: 0 | AD12: 0 | AE12: 5.54e-05 | AF12: 5.52e-05 | AG12: 0 | AH12: 5.54e-05 | AI12: 5.52e-05 | AJ12: 5.53e-05 | AK12: 1 | AL12: 0.99973782 | AM12: 1 | AN12: 1 | AO12: 0 | AP12: 0 | AQ12: 1 | AR12: 1 | AS12: 0 | AT12: 0 | AU12: 0 | AV12: 0 | AW12: 0 | AX12: 0 | AY12: 0 | AZ12: 0 | BA12: 0 | BB12: 0 | BC12: 0 | BD12: 0 | BE12: 0.391 | BF12: 0.39 | BG12: 0
A13: 10057 | B13: Ashland, City of | C13: 1 | D13: 0 | E13: 21.383 | F13: 20.152 | G13: 20.148 | H13: 0 | I13: 0 | J13: 0.158 | K13: 0.158 | L13: 1387.872 | M13: 1384.08 | N13: 19.994 | O13: 19.99 | P13: 175627.3 | Q13: 175112.4 | R13: 21.069 | S13: 185070.1 | T13: 184564.44 | U13: 0 | V13: 0 | W13: 0 | X13: 0 | Y13: 0 | Z13: 0 | AA13: 0 | AB13: 0 | AC13: 0 | AD13: 0 | AE13: 0.0028307 | AF13: 0.0028301 | AG13: 0 | AH13: 0.0028307 | AI13: 0.0028301 | AJ13: 0.0028304 | AK13: 1 | AL13: 1 | AM13: 1 | AN13: 1 | AO13: 0 | AP13: 0 | AQ13: 1 | AR13: 3 | AS13: 0 | AT13: 0 | AU13: 0 | AV13: 0 | AW13: 0 | AX13: 0 | AY13: 0 | AZ13: 0 | BA13: 0 | BB13: 0 | BC13: 0 | BD13: 0 | BE13: 19.994 | BF13: 19.99 | BG13: 0
A14: 10059 | B14: Bandon, City of | C14: 1 | D14: 0 | E14: 7.753 | F14: 7.604 | G14: 7.599 | H14: 0 | I14: 0 | J14: 0 | K14: 0 | L14: 0 | M14: 0 | N14: 7.604 | O14: 7.599 | P14: 66793.536 | Q14: 66567.24 | R14: 7.639 | S14: 67100.976 | T14: 66917.64 | U14: 0 | V14: 0 | W14: 0 | X14: 0 | Y14: 0 | Z14: 0 | AA14: 0 | AB14: 0 | AC14: 0 | AD14: 0 | AE14: 0.0010765 | AF14: 0.0010758 | AG14: 0 | AH14: 0.0010765 | AI14: 0.0010758 | AJ14: 0.00107615 | AK14: 0.99996218 | AL14: 0.99996948 | AM14: 1 | AN14: 1 | AO14: 0 | AP14: 0 | AQ14: 1 | AR14: 1 | AS14: 0 | AT14: 0 | AU14: 0 | AV14: 0 | AW14: 0 | AX14: 0 | AY14: 0 | AZ14: 0 | BA14: 0 | BB14: 0 | BC14: 0 | BD14: 0 | BE14: 7.604 | BF14: 7.599 | BG14: 0
... A137: 10298 | B137: PNGC Aggregate | C137: 1 | D137: 0 | E137: 611.261 | F137: 678.468 | G137: 685.154 | H137: 0 | I137: 0 | J137: 13.179 | K137: 13.185 | L137: 115764.34 | M137: 115500.6 | N137: 665.216 | O137: 671.893 | P137: 5843257.3 | Q137: 5885782.7 | R137: 602.276 | S137: 5290392.4 | T137: 5275937.8 | U137: 67.096 | V137: 73.69 | W137: 67.096 | X137: 73.69 | Y137: 0 | Z137: 0 | AA137: 0 | AB137: 0 | AC137: 67.096 | AD137: 73.69 | AE137: 0.0846792 | AF137: 0.0846908 | AG137: 0 | AH137: 0.0846792 | AI137: 0.0846908 | AJ137: 0.084685 | AK137: 0.90109597 | AL137: 0.89243419 | AM137: 1.1045036 | AN137: 1.1155899 | AO137: 0 | AP137: 0 | AQ137: 3 | AR137: 3 | AS137: 14.374 | AT137: 4.406 | AU137: 53.52 | AV137: 70.113 | AW137: 3.576 | AX137: 3.577 | AY137: 0 | AZ137: -1.7763568e-15 | BA137: 0 | BB137: -1.7763568e-15 | BC137: 0 | BD137: 0 | BE137: 651.64 | BF137: 668.315 | BG137: 1

Sheet LS_previous
B1: Tier 1 Load Shaping Charges Billing Determinant (MWh)
D2: 44470 | E2: 44470 | F2: 44501 | G2: 44501 | H2: 44531 | I2: 44531 | J2: 44562 | K2: 44562 | L2: 44593 | M2: 44593 | N2: 44621 | O2: 44621 | P2: 44652 | Q2: 44652 | R2: 44682 | S2: 44682 | T2: 44713 | U2: 44713 | V2: 44743 | W2: 44743 | X2: 44774 | Y2: 44774 | Z2: 44805 | AA2: 44805 | AB2: 44835 | AC2: 44835 | AD2: 44866 | AE2: 44866 | AF2: 44896 | AG2: 44896 | AH2: 44927 | AI2: 44927 | AJ2: 44958 | AK2: 44958 | AL2: 44986 | AM2: 44986 | AN2: 45017 | AO2: 45017 | AP2: 45047 | AQ2: 45047 | AR2: 45078 | AS2: 45078 | AT2: 45108 | AU2: 45108 | AV2: 45139 | AW2: 45139 | AX2: 45170 | AY2: 45170
B3: BESID | C3: AccountName | D3: HLH | E3: LLH | F3: HLH | G3: LLH | H3: HLH | I3: LLH | J3: HLH | K3: LLH | L3: HLH | M3: LLH | N3: HLH | O3: LLH | P3: HLH | Q3: LLH | R3: HLH | S3: LLH | T3: HLH | U3: LLH | V3: HLH | W3: LLH | X3: HLH | Y3: LLH | Z3: HLH | AA3: LLH | AB3: HLH | AC3: LLH | AD3: HLH | AE3: LLH | AF3: HLH | AG3: LLH | AH3: HLH | AI3: LLH | AJ3: HLH | AK3: LLH | AL3: HLH | AM3: LLH | AN3: HLH | AO3: LLH | AP3: HLH | AQ3: LLH | AR3: HLH | AS3: LLH | AT3: HLH | AU3: LLH | AV3: HLH | AW3: LLH | AX3: HLH | AY3: LLH
B4: 10005 | C4: Alder Mutual | D4: 59.288675 | E4: 82.743789 | F4: 47.583455 | G4: 63.894899 | H4: 143.84048 | I4: 123.08561 | J4: 222.18541 | K4: 153.30014 | L4: 168.71285 | M4: 112.45105 | N4: 105.20227 | O4: 112.09666 | P4: 124.79746 | Q4: 101.10706 | R4: -48.856071 | S4: 29.024865 | T4: -96.860594 | U4: 29.685517 | V4: -68.73833 | W4: -0.40094283 | X4: -51.50511 | Y4: -1.8771466 | Z4: -36.329556 | AA4: 22.401613 | AB4: 76.142675 | AC4: 73.000789 | AD4: 51.165455 | AE4: 66.527899 | AF4: 146.81448 | AG4: 125.43161 | AH4: 224.75641 | AI4: 155.15814 | AJ4: 183.36885 | AK4: 126.73405 | AL4: 106.70427 | AM4: 113.24666 | AN4: 125.83546 | AO4: 101.83406 | AP4: -48.343071 | AQ4: 29.394865 | AR4: -96.860594 | AS4: 29.685517 | AT4: -68.73833 | AU4: -0.40094283 | AV4: -60.16411 | AW4: 6.7818534 | AX4: -27.132556 | AY4: 13.204613
B5: 10015 | C5: Asotin County PUD #1 | D5: -83.631169 | E5: -6.2154935 | F5: -198.38715 | G5: -115.87706 | H5: -170.76447 | I5: -126.03799 | J5: -112.65827 | K5: -99.907949 | L5: -108.09624 | M5: -74.539266 | N5: -135.48235 | O5: -88.989608 | P5: -27.874867 | Q5: -15.096799 | R5: -20.974626 | S5: 110.3789 | T5: 67.959847 | U5: 208.78689 | V5: 248.46645 | W5: 336.47674 | X5: 232.25696 | Y5: 295.70141 | Z5: 39.445579 | AA5: 168.54879 | AB5: -83.631169 | AC5: -6.2154935 | AD5: -198.38715 | AE5: -115.87706 | AF5: -170.76447 | AG5: -126.03799 | AH5: -112.65827 | AI5: -99.907949 | AJ5: -110.94024 | AK5: -76.710266 | AL5: -135.48235 | AM5: -88.989608 | AN5: -27.874867 | AO5: -15.096799 | AP5: -20.974626 | AQ5: 110.3789 | AR5: 67.959847 | AS5: 208.78689 | AT5: 248.46645 | AU5: 336.47674 | AV5: 232.25696 | AW5: 295.70141 | AX5: 39.445579 | AY5: 168.54879
B6: 10024 | C6: Benton County PUD #1 | D6: -15641.773 | E6: -6919.8163 | F6: -38199.052 | G6: -19542.962 | H6: -6660.8765 | I6: -8118.6275 | J6: 7538.2424 | K6: 1997.1384 | L6: -2601.1762 | M6: -5347.7856 | N6: -17113.333 | O6: -9767.3042 | P6: 1806.6284 | Q6: -542.05443 | R6: -13583.278 | S6: 9500.22 | T6: -3959.8675 | U6: 23176.043 | V6: 26763.193 | W6: 34018.493 | X6: 14636.923 | Y6: 19880.286 | Z6: -15972.141 | AA6: -4716.7856 | AB6: -15424.482 | AC6: -6774.8383 | AD6: -38045.654 | AE6: -19434.308 | AF6: -6787.7495 | AG6: -8210.4305 | AH6: 7493.8134 | AI6: 1964.1424 | AJ6: -2653.7172 | AK6: -5386.1286 | AL6: -16945.727 | AM6: -9658.6332 | AN6: 2281.9274 | AO6: -692.13843 | AP6: -13665.755 | AQ6: 9902.74 | AR6: -3772.5535 | AS6: 23294.804 | AT6: 26956.709 | AU6: 34147.896 | AV6: 14801.772 | AW6: 19960.262 | AX6: -15849.188 | AY6: -4621.9296
B7: 10025 | C7: Benton REA | D7: -2236.5662 | E7: 707.62165 | F7: -11146.047 | G7: -4677.8402 | H7: -4256.4839 | I7: -2727.8043 | J7: 365.91048 | K7: -42.93 | L7: -2817.3541 | M7: -1910.9207 | N7: -7006.73 | O7: -3202.5271 | P7: -1449.6426 | Q7: -82.392218 | R7: -5130.8153 | S7: 2693.3714 | T7: -3596.4182 | U7: 5414.7481 | V7: 3722.2105 | W7: 8188.6482 | X7: 3180.6527 | Y7: 5442.744 | Z7: -1330.0488 | AA7: 2928.1771 | AB7: -2439.5542 | AC7: 537.51265 | AD7: -11351.637 | AE7: -4845.6132 | AF7: -4579.2349 | AG7: -2981.7353 | AH7: -21.195519 | AI7: -364.777 | AJ7: -3093.8731 | AK7: -2118.1007 | AL7: -7295.829 | AM7: -3410.8241 | AN7: -1532.9236 | AO7: -434.37122 | AP7: -5535.0413 | AQ7: 2651.1734 | AR7: -3839.2332 | AS7: 5233.5151 | AT7: 3473.3295 | AU7: 7970.5692 | AV7: 2903.4807 | AW7: 5240.467 | AX7: -1577.3408 | AY7: 2728.4001
B8: 10027 | C8: Big Bend Elec Coop | D8: -4312.558 | E8: -199.32072 | F8: -17555.404 | G8: -9830.3011 | H8: -11950.418 | I8: -9289.9527 | J8: -6991.299 | K8: -6013.1467 | L8: -6793.2536 | M8: -5379.5822 | N8: -13829.516 | O8: -8372.2372 | P8: -2662.9106 | Q8: -1123.3257 | R8: 4635.6024 | S8: 11355.827 | T8: 12719.365 | U8: 18531.621 | V8: 15842.037 | W8: 19190.06 | X8: 11835.88 | Y8: 13559.993 | Z8: 3916.5107 | AA8: 7669.3658 | AB8: -4307.084 | AC8: -209.68672 | AD8: -17549.377 | AE8: -9833.9551 | AF8: -11949.587 | AG8: -9295.6807 | AH8: -6985.193 | AI8: -6024.1497 | AJ8: -7171.6766 | AK8: -5649.9972 | AL8: -13828.143 | AM8: -8378.1892 | AN8: -2524.7576 | AO8: -1258.7877 | AP8: 4508.9824 | AQ8: 11477.554 | AR8: 12724.1 | AS8: 18529.569 | AT8: 15846.996 | AU8: 19180.2 | AV8: 11836.661 | AW8: 13554.319 | AX8: 3921.4077 | AY8: 7667.1598
B9: 10029 | C9: Blachly Lane Elec Coop | D9: 0 | E9: 0 | F9: 0 | G9: 0 | H9: 0 | I9: 0 | J9: 0 | K9: 0 | L9: 0 | M9: 0 | N9: 0 | O9: 0 | P9: 0 | Q9: 0 | R9: 0 | S9: 0 | T9: 0 | U9: 0 | V9: 0 | W9: 0 | X9: 0 | Y9: 0 | Z9: 0 | AA9: 0 | AB9: 0 | AC9: 0 | AD9: 0 | AE9: 0 | AF9: 0 | AG9: 0 | AH9: 0 | AI9: 0 | AJ9: 0 | AK9: 0 | AL9: 0 | AM9: 0 | AN9: 0 | AO9: 0 | AP9: 0 | AQ9: 0 | AR9: 0 | AS9: 0 | AT9: 0 | AU9: 0 | AV9: 0 | AW9: 0 | AX9: 0 | AY9: 0
B10: 10044 | C10: Canby, City of | D10: 964.96128 | E10: 566.56048 | F10: -547.95752 | G10: -711.65195 | H10: 2099.2464 | I10: 371.92073 | J10: 4191.5919 | K10: 1112.7058 | L10: 3481.8709 | M10: 679.82611 | N10: 1463.6315 | O10: 482.05801 | P10: 2876.1367 | Q10: 826.9879 | R10: -1308.0835 | S10: -144.31508 | T10: -2420.8338 | U10: 559.9513 | V10: 236.79868 | W10: 498.61944 | X10: 765.7372 | Y10: 626.58308 | Z10: -197.80907 | AA10: 327.3093 | AB10: 1450.4443 | AC10: 305.02748 | AD10: -399.20452 | AE10: -635.16095 | AF10: 2146.0184 | AG10: 398.18673 | AH10: 4243.0539 | AI10: 1134.3358 | AJ10: 3079.5899 | AK10: 529.82711 | AL10: 1499.3755 | AM10: 498.73901 | AN10: 2953.2257 | AO10: 794.5689 | AP10: -1322.1355 | AQ10: -94.76108 | AR10: -2391.2878 | AS10: 572.2713 | AT10: 277.32568 | AU10: 510.84044 | AV10: 440.4912 | AW10: 1005.6321 | AX10: 153.82393 | AY10: 14.433305
B11: 10046 | C11: Central Electric Coop | D11: 0 | E11: 0 | F11: 0 | G11: 0 | H11: 0 | I11: 0 | J11: 0 | K11: 0 | L11: 0 | M11: 0 | N11: 0 | O11: 0 | P11: 0 | Q11: 0 | R11: 0 | S11: 0 | T11: 0 | U11: 0 | V11: 0 | W11: 0 | X11: 0 | Y11: 0 | Z11: 0 | AA11: 0 | AB11: 0 | AC11: 0 | AD11: 0 | AE11: 0 | AF11: 0 | AG11: 0 | AH11: 0 | AI11: 0 | AJ11: 0 | AK11: 0 | AL11: 0 | AM11: 0 | AN11: 0 | AO11: 0 | AP11: 0 | AQ11: 0 | AR11: 0 | AS11: 0 | AT11: 0 | AU11: 0 | AV11: 0 | AW11: 0 | AX11: 0 | AY11: 0
B12: 10047 | C12: Central Lincoln PUD | D12: -1202.8795 | E12: 8515.9099 | F12: -13988.281 | G12: -2669.0821 | H12: 5503.784 | I12: 5673.4104 | J12: 17245.783 | K12: 9129.5375 | L12: 15896.207 | M12: 7443.6978 | N12: 4294.4911 | O12: 8615.1538 | P12: 14161.425 | Q12: 11675.656 | R12: -22205.45 | S12: 1750.6189 | T12: -35175.298 | U12: 2958.3392 | V12: -21433.745 | W12: 1125.6151 | X12: -16586.312 | Y12: 1565.1717 | Z12: -14283.93 | AA12: 3875.3265 | AB12: 1178.1925 | AC12: 5992.0079 | AD12: -14057.219 | AE12: -2730.6871 | AF12: 5444.618 | AG12: 5625.0164 | AH12: 17191.385 | AI12: 9068.0715 | AJ12: 13067.615 | AK12: 6164.4998 | AL12: 4220.4951 | AM12: 8561.2588 | AN12: 14160.94 | AO12: 11543.03 | AP12: -22359.252 | AQ12: 1744.3959 | AR12: -35265.269 | AS12: 2892.4012 | AT12: -21512.952 | AU12: 1047.0441 | AV12: -18898.808 | AW12: 3721.6117 | AX12: -12161.223 | AY12: 1600.5945
B13: 10055 | C13: Albion, City of | D13: -12.438571 | E13: 16.000234 | F13: -31.705108 | G13: 3.9636531 | H13: 68.421578 | I13: 70.355511 | J13: 98.918903 | K13: 80.696902 | L13: 74.096677 | M13: 54.061697 | N13: 11.851266 | O13: 32.556874 | P13: 23.044511 | Q13: 24.407479 | R13: -71.943026 | S13: -7.6861186 | T13: -100.46442 | U13: -12.2118 | V13: -54.420137 | W13: -14.749046 | X13: -55.346616 | Y13: -20.22589 | Z13: -57.806234 | AA13: -16.682626 | AB13: -6.6335709 | AC13: 10.195234 | AD13: -31.705108 | AE13: 3.9636531 | AF13: 68.421578 | AG13: 70.355511 | AH13: 98.918903 | AI13: 80.696902 | AJ13: 65.870677 | AK13: 50.120697 | AL13: 11.851266 | AM13: 32.556874 | AN13: 23.044511 | AO13: 24.407479 | AP13: -71.943026 | AQ13: -7.6861186 | AR13: -100.46442 | AS13: -12.2118 | AT13: -54.420137 | AU13: -14.749046 | AV13: -60.057616 | AW13: -15.51589 | AX13: -53.415234 | AY13: -21.073626
B14: 10057 | C14: Ashland, City of | D14: -434.33445 | E14: -100.08303 | F14: -1275.0916 | G14: -1013.5002 | H14: 1634.1458 | I14: 267.89825 | J14: 3299.0865 | K14: 762.96321 | L14: 2766.2651 | M14: 461.59376 | N14: 617.25388 | O14: 147.42187 | P14: 1589.6392 | Q14: 284.93978 | R14: -2594.8475 | S14: -566.89524 | T14: -3780.1543 | U14: -137.77825 | V14: -349.54319 | W14: 185.35619 | X14: 71.755506 | Y14: 119.71657 | Z14: -1137.3399 | AA14: -181.23012 | AB14: -126.18245 | AC14: -408.23503 | AD14: -1275.0916 | AE14: -1013.5002 | AF14: 1634.1458 | AG14: 267.89825 | AH14: 3299.0865 | AI14: 762.96321 | AJ14: 2384.4431 | AK14: 329.29376 | AL14: 617.25388 | AM14: 147.42187 | AN14: 1589.6392 | AO14: 284.93978 | AP14: -2594.8475 | AQ14: -566.89524 | AR14: -3780.1543 | AS14: -137.77825 | AT14: -349.54319 | AU14: 185.35619 | AV14: -291.89849 | AW14: 482.37057 | AX14: -827.67388 | AY14: -490.89612
B15: 10059 | C15: Bandon, City of | D15: 94.046171 | E15: 183.52378 | F15: -283.09529 | G15: -129.33022 | H15: 727.15186 | I15: 352.45243 | J15: 1672.5902 | K15: 766.1825 | L15: 1700.2393 | M15: 692.05949 | N15: 585.56448 | O15: 435.86944 | P15: 1082.8838 | Q15: 581.78335 | R15: -816.78015 | S15: 29.028206 | T15: -1563.7795 | U15: -9.7059498 | V15: -1042.4405 | W15: -231.04853 | X15: -853.84683 | Y15: -249.36356 | Z15: -660.58126 | AA15: -98.442029 | AB15: 221.44917 | AC15: 56.121783 | AD15: -283.09529 | AE15: -129.33022 | AF15: 727.15186 | AG15: 352.45243 | AH15: 1672.5902 | AI15: 766.1825 | AJ15: 1529.6673 | AK15: 629.45249 | AL15: 585.56448 | AM15: 435.86944 | AN15: 1082.8838 | AO15: 581.78335 | AP15: -816.78015 | AQ15: 29.028206 | AR15: -1563.7795 | AS15: -9.7059498 | AT15: -1042.4405 | AU15: -231.04853 | AV15: -961.53983 | AW15: -141.66956 | AX15: -551.15426 | AY15: -207.86903
... B138: 10298 | C138: PNGC Aggregate | D138: -20533.001 | E138: 357.1628 | F138: -34700.409 | G138: -11683.977 | H138: 60042.182 | I138: 31856.605 | J138: 119949.03 | K138: 60159.651 | L138: 101322.19 | M138: 47224.155 | N138: 22297.924 | O138: 23355.762 | P138: 45668.863 | Q138: 25139.842 | R138: -73781.272 | S138: -1388.5732 | T138: -101155.91 | U138: 10015.854 | V138: -37319.671 | W138: 10433.462 | X138: -32476.224 | Y138: 3212.565 | Z138: -43542.837 | AA138: -1314.8375 | AB138: -14228.438 | AC138: -6283.6442 | AD138: -34396.422 | AE138: -11756.698 | AF138: 60628.526 | AG138: 32114.549 | AH138: 120800.27 | AI138: 60317.999 | AJ138: 91277.225 | AK138: 42439.534 | AL138: 22528.001 | AM138: 23392.912 | AN138: 47013.194 | AO138: 23731.216 | AP138: -74982.224 | AQ138: -651.59824 | AR138: -101196.35 | AS138: 9704.6683 | AT138: -37179.59 | AU138: 9918.0755 | AV138: -38327.585 | AW138: 8708.573 | AX138: -37931.412 | AY138: -7313.7755
B149: 1 | C149: 2 | D149: 3 | E149: 4 | F149: 5 | G149: 6 | H149: 7 | I149: 8 | J149: 9 | K149: 10 | L149: 11 | M149: 12 | N149: 13 | O149: 14 | P149: 15 | Q149: 16 | R149: 17 | S149: 18 | T149: 19 | U149: 20 | V149: 21 | W149: 22 | X149: 23 | Y149: 24 | Z149: 25 | AA149: 26 | AB149: 27 | AC149: 28 | AD149: 29 | AE149: 30 | AF149: 31 | AG149: 32 | AH149: 33 | AI149: 34 | AJ149: 35 | AK149: 36 | AL149: 37 | AM149: 38 | AN149: 39 | AO149: 40 | AP149: 41 | AQ149: 42 | AR149: 43 | AS149: 44 | AT149: 45 | AU149: 46 | AV149: 47 | AW149: 48 | AX149: 49 | AY149: 50

Sheet LS_current
B1: Tier 1 Load Shaping Charges Billing Determinant (MWh)
D2: 45200 | E2: 45200 | F2: 45231 | G2: 45231 | H2: 45261 | I2: 45261 | J2: 45292 | K2: 45292 | L2: 45323 | M2: 45323 | N2: 45352 | O2: 45352 | P2: 45383 | Q2: 45383 | R2: 45413 | S2: 45413 | T2: 45444 | U2: 45444 | V2: 45474 | W2: 45474 | X2: 45505 | Y2: 45505 | Z2: 45536 | AA2: 45536 | AB2: 45566 | AC2: 45566 | AD2: 45597 | AE2: 45597 | AF2: 45627 | AG2: 45627 | AH2: 45658 | AI2: 45658 | AJ2: 45689 | AK2: 45689 | AL2: 45717 | AM2: 45717 | AN2: 45748 | AO2: 45748 | AP2: 45778 | AQ2: 45778 | AR2: 45809 | AS2: 45809 | AT2: 45839 | AU2: 45839 | AV2: 45870 | AW2: 45870 | AX2: 45901 | AY2: 45901
B3: BESID | C3: AccountName | D3: HLH | E3: LLH | F3: HLH | G3: LLH | H3: HLH | I3: LLH | J3: HLH | K3: LLH | L3: HLH | M3: LLH | N3: HLH | O3: LLH | P3: HLH | Q3: LLH | R3: HLH | S3: LLH | T3: HLH | U3: LLH | V3: HLH | W3: LLH | X3: HLH | Y3: LLH | Z3: HLH | AA3: LLH | AB3: HLH | AC3: LLH | AD3: HLH | AE3: LLH | AF3: HLH | AG3: LLH | AH3: HLH | AI3: LLH | AJ3: HLH | AK3: LLH | AL3: HLH | AM3: LLH | AN3: HLH | AO3: LLH | AP3: HLH | AQ3: LLH | AR3: HLH | AS3: LLH | AT3: HLH | AU3: LLH | AV3: HLH | AW3: LLH | AX3: HLH | AY3: LLH
B4: 10005 | C4: Alder Mutual | D4: 87.872343 | E4: 80.165485 | F4: 68.803783 | G4: 72.555818 | H4: 120.82331 | I4: 133.43289 | J4: 138.05832 | K4: 130.89949 | L4: 94.73632 | M4: 97.182608 | N4: 67.327277 | O4: 84.50867 | P4: 92.586156 | Q4: 76.794435 | R4: -39.241987 | S4: -8.6215667 | T4: -66.369615 | U4: -10.596744 | V4: -34.725665 | W4: -7.9384759 | X4: -19.924317 | Y4: -7.990675 | Z4: -6.4732101 | AA4: 17.523558 | AB4: 104.72634 | AC4: 70.422485 | AD4: 72.385783 | AE4: 75.188818 | AF4: 123.79731 | AG4: 135.77889 | AH4: 140.62932 | AI4: 132.75749 | AJ4: 118.16219 | AK4: 115.85054 | AL4: 68.829277 | AM4: 85.65867 | AN4: 93.624156 | AO4: 77.521435 | AP4: -38.728987 | AQ4: -8.2515667 | AR4: -66.369615 | AS4: -10.596744 | AT4: -34.725665 | AU4: -7.9384759 | AV4: -28.583317 | AW4: 0.668325 | AX4: 2.7237899 | AY4: 8.3265575
B5: 10015 | C5: Asotin County PUD #1 | D5: -53.466211 | E5: -8.7467737 | F5: -175.85592 | G5: -106.60276 | H5: -194.49739 | I5: -114.98209 | J5: -200.3146 | K5: -123.11799 | L5: -185.17467 | M5: -90.327049 | N5: -174.76944 | O5: -117.63581 | P5: -61.308271 | Q5: -40.362312 | R5: -10.577346 | S5: 71.203691 | T5: 100.22136 | U5: 166.84679 | V5: 284.36372 | W5: 328.77499 | X5: 265.60467 | Y5: 289.47824 | Z5: 70.948506 | AA5: 163.62077 | AB5: -53.466211 | AC5: -8.7467737 | AD5: -175.85592 | AE5: -106.60276 | AF5: -194.49739 | AG5: -114.98209 | AH5: -200.3146 | AI5: -123.11799 | AJ5: -178.85324 | AK5: -87.915338 | AL5: -174.76944 | AM5: -117.63581 | AN5: -61.308271 | AO5: -40.362312 | AP5: -10.577346 | AQ5: 71.203691 | AR5: 100.22136 | AS5: 166.84679 | AT5: 284.36372 | AU5: 328.77499 | AV5: 265.60467 | AW5: 289.47824 | AX5: 70.948506 | AY5: 163.62077
B6: 10024 | C6: Benton County PUD #1 | D6: -2169.0896 | E6: -5541.4515 | F6: -27499.585 | G6: -14058.739 | H6: -11922.492 | I6: -2121.6995 | J6: -20593.345 | K6: -3596.7897 | L6: -27137.92 | M6: -8971.9271 | N6: -27727.307 | O6: -17823.437 | P6: -7040.8762 | Q6: -7305.1711 | R6: -7304.5937 | S6: -1700.2559 | T6: 10434.096 | U6: 10403.685 | V6: 41986.199 | W6: 33858.727 | X6: 29345.561 | Y6: 19855.467 | Z6: -1973.4262 | AA6: -4395.9679 | AB6: -2636.5026 | AC6: -5608.2895 | AD6: -27828.187 | AE6: -14336.89 | AF6: -12531.125 | AG6: -2628.2625 | AH6: -21139.294 | AI6: -4024.7857 | AJ6: -24274.508 | AK6: -7667.9736 | AL6: -28060.741 | AM6: -18109.041 | AN6: -7339.8492 | AO6: -7548.5831 | AP6: -7615.5987 | AQ6: -1965.7279 | AR6: 10139.65 | AS6: 10136.606 | AT6: 41678.195 | AU6: 33593.13 | AV6: 29173.274 | AW6: 19376.059 | AX6: -2496.3772 | AY6: -4522.8079
B7: 10025 | C7: Benton REA | D7: 2789.8339 | E7: 1935.9409 | F7: -6993.5253 | G7: -2257.3317 | H7: -4763.3737 | I7: -173.91555 | J7: -7032.1569 | K7: -815.40423 | L7: -9184.5832 | M7: -2288.7459 | N7: -9057.7798 | O7: -4856.6803 | P7: -3041.4578 | Q7: -1330.267 | R7: -2324.2766 | S7: 260.94477 | T7: 1721.9761 | U7: 2346.2941 | V7: 9184.4066 | W7: 9033.5083 | X7: 8607.6017 | Y7: 6212.8503 | Z7: 3844.1769 | AA7: 3786.9205 | AB7: 2698.8139 | AC7: 2008.0079 | AD7: -7008.7153 | AE7: -2272.3087 | AF7: -4884.7007 | AG7: -275.12655 | AH7: -7232.2709 | AI7: -970.09923 | AJ7: -8241.1294 | AK7: -1840.2435 | AL7: -9137.8388 | AM7: -4920.3493 | AN7: -3093.8588 | AO7: -1370.406 | AP7: -2374.3746 | AQ7: 218.76277 | AR7: 1680.5851 | AS7: 2306.3571 | AT7: 9122.5176 | AU7: 8982.5813 | AV7: 8622.1097 | AW7: 6073.0373 | AX7: 3704.6449 | AY7: 3822.1035
B8: 10027 | C8: Big Bend Elec Coop | D8: -575.29615 | E8: -57.834118 | F8: -14659.906 | G8: -8442.0491 | H8: -13867.999 | I8: -7809.535 | J8: -15964.391 | K8: -7957.6836 | L8: -14654.441 | M8: -6759.5456 | N8: -17385.561 | O8: -11150.182 | P8: -5714.167 | Q8: -3439.9063 | R8: 6129.7006 | S8: 7708.6136 | T8: 16776.977 | U8: 14326.846 | V8: 20060.116 | W8: 18904.453 | X8: 15929.462 | Y8: 13286.042 | Z8: 7880.7538 | AA8: 7438.2674 | AB8: -727.51815 | AC8: 8.3998822 | AD8: -14697.479 | AE8: -8480.6921 | AF8: -13905.712 | AG8: -7857.815 | AH8: -16008.685 | AI8: -7999.3826 | AJ8: -13990.062 | AK8: -6519.0233 | AL8: -17424.476 | AM8: -11196.833 | AN8: -5752.766 | AO8: -3477.0963 | AP8: 6084.0886 | AQ8: 7668.2366 | AR8: 16743.168 | AS8: 14284.858 | AT8: 20014.675 | AU8: 18863.897 | AV8: 15995.507 | AW8: 13134.008 | AX8: 7736.4988 | AY8: 7506.7334
B9: 10029 | C9: Blachly Lane Elec Coop | D9: 0 | E9: 0 | F9: 0 | G9: 0 | H9: 0 | I9: 0 | J9: 0 | K9: 0 | L9: 0 | M9: 0 | N9: 0 | O9: 0 | P9: 0 | Q9: 0 | R9: 0 | S9: 0 | T9: 0 | U9: 0 | V9: 0 | W9: 0 | X9: 0 | Y9: 0 | Z9: 0 | AA9: 0 | AB9: 0 | AC9: 0 | AD9: 0 | AE9: 0 | AF9: 0 | AG9: 0 | AH9: 0 | AI9: 0 | AJ9: 0 | AK9: 0 | AL9: 0 | AM9: 0 | AN9: 0 | AO9: 0 | AP9: 0 | AQ9: 0 | AR9: 0 | AS9: 0 | AT9: 0 | AU9: 0 | AV9: 0 | AW9: 0 | AX9: 0 | AY9: 0
B10: 10044 | C10: Canby, City of | D10: 1644.3477 | E10: 171.23088 | F10: -126.36141 | G10: -683.76083 | H10: 923.52935 | I10: 399.32033 | J10: 652.56361 | K10: 25.127725 | L10: 333.43885 | M10: -177.3291 | N10: -277.43943 | O10: -880.89754 | P10: 1302.5289 | Q10: -351.76977 | R10: -1373.229 | S10: -1796.983 | T10: -1613.4848 | U10: -1267.1066 | V10: 1075.6956 | W10: -38.388971 | X10: 1541.8063 | Y10: 114.9521 | Z10: 600.12498 | AA10: -202.52818 | AB10: 2025.4627 | AC10: -65.542119 | AD10: -20.408414 | AE10: -641.61683 | AF10: 928.97335 | AG10: 387.30633 | AH10: 658.04161 | AI10: 13.133725 | AJ10: 271.69054 | AK10: -167.33376 | AL10: -284.73543 | AM10: -900.67754 | AN10: 1291.6339 | AO10: -373.24477 | AP10: -1389.793 | AQ10: -1824.525 | AR10: -1625.2668 | AS10: -1290.4986 | AT10: 1070.2386 | AU10: -59.791971 | AV10: 1230.1923 | AW10: 400.7611 | AX10: 852.28598 | AY10: -492.97218
B11: 10046 | C11: Central Electric Coop | D11: 0 | E11: 0 | F11: 0 | G11: 0 | H11: 0 | I11: 0 | J11: 0 | K11: 0 | L11: 0 | M11: 0 | N11: 0 | O11: 0 | P11: 0 | Q11: 0 | R11: 0 | S11: 0 | T11: 0 | U11: 0 | V11: 0 | W11: 0 | X11: 0 | Y11: 0 | Z11: 0 | AA11: 0 | AB11: 0 | AC11: 0 | AD11: 0 | AE11: 0 | AF11: 0 | AG11: 0 | AH11: 0 | AI11: 0 | AJ11: 0 | AK11: 0 | AL11: 0 | AM11: 0 | AN11: 0 | AO11: 0 | AP11: 0 | AQ11: 0 | AR11: 0 | AS11: 0 | AT11: 0 | AU11: 0 | AV11: 0 | AW11: 0 | AX11: 0 | AY11: 0
B12: 10047 | C12: Central Lincoln PUD | D12: 10305.908 | E12: 10194.491 | F12: -4209.1968 | G12: 2472.8274 | H12: 2861.9806 | I12: 11432.664 | J12: -2800.639 | K12: 5601.1062 | L12: -1586.4121 | M12: 5464.9661 | N12: -2571.7018 | O12: 3414.0711 | P12: 8394.8012 | Q12: 7091.657 | R12: -15677.817 | S12: -6211.8139 | T12: -22494.713 | U12: -5968.0634 | V12: -8120.1486 | W12: 1570.7882 | X12: -3863.6966 | Y12: 2211.374 | Z12: -2439.725 | AA12: 4923.0883 | AB12: 12790.183 | AC12: 7759.4024 | AD12: -4196.3213 | AE12: 2487.711 | AF12: 2885.2042 | AG12: 11459.761 | AH12: -2783.3544 | AI12: 5620.9502 | AJ12: -1900.5964 | AK12: 5474.2941 | AL12: -2555.711 | AM12: 3430.703 | AN12: 8420.4884 | AO12: 7110.2974 | AP12: -15678.737 | AQ12: -6207.4999 | AR12: -22503.144 | AS12: -5963.8308 | AT12: -8113.2967 | AU12: 1583.0607 | AV12: -6076.9258 | AW12: 4448.9696 | AX12: -221.23913 | AY12: 2732.0439
B13: 10055 | C13: Albion, City of | D13: 10.8886 | E13: 15.792671 | F13: -13.017598 | G13: 12.374324 | H13: 55.21309 | I13: 80.161949 | J13: 41.510679 | K13: 66.714153 | L13: 23.630228 | M13: 44.854431 | N13: -12.226519 | O13: 14.722233 | P13: 2.3556091 | Q13: 8.4871742 | R13: -61.583653 | S13: -32.870631 | T13: -74.743439 | U13: -39.379838 | V13: -26.63256 | W13: -18.372634 | X13: -29.375276 | Y13: -22.92949 | Z13: -33.49158 | AA13: -18.464648 | AB13: 17.204089 | AC13: 10.320943 | AD13: -12.364701 | AE13: 12.7975 | AF13: 55.917187 | AG13: 80.619148 | AH13: 42.257817 | AI13: 67.173781 | AJ13: 22.302591 | AK13: 44.410594 | AL13: -11.536535 | AM13: 15.165518 | AN13: 2.9000907 | AO13: 8.8372169 | AP13: -60.90929 | AQ13: -32.435218 | AR13: -74.031438 | AS13: -38.957983 | AT13: -26.019153 | AU13: -18.001689 | AV13: -33.482617 | AW13: -17.871542 | AX13: -28.577593 | AY13: -22.502975
B14: 10057 | C14: Ashland, City of | D14: 1001.7737 | E14: 25.848525 | F14: -24.453279 | G14: -397.52364 | H14: 1228.779 | I14: 971.23164 | J14: 587.45846 | K14: 216.50568 | L14: 383.84167 | M14: 132.69652 | N14: -365.39403 | O14: -608.27113 | P14: 725.4273 | Q14: -408.38725 | R14: -1773.272 | S14: -1712.2617 | T14: -2135.4414 | U14: -1393.0019 | V14: 1363.3432 | W14: 147.14866 | X14: 1685.145 | Y14: 120.43742 | Z14: 355.82023 | AA14: -130.11392 | AB14: 1311.4571 | AC14: -281.30366 | AD14: -22.494587 | AE14: -396.25411 | AF14: 1230.8913 | AG14: 972.60324 | AH14: 589.69988 | AI14: 217.88456 | AJ14: 323.84013 | AK14: 161.4507 | AL14: -363.32408 | AM14: -606.94127 | AN14: 727.06075 | AO14: -407.33712 | AP14: -1771.2489 | AQ14: -1710.9554 | AR14: -2133.3054 | AS14: -1391.7363 | AT14: 1365.1834 | AU14: 148.26149 | AV14: 1323.302 | AW14: 484.13526 | AX14: 667.05519 | AY14: -438.7219
B15: 10059 | C15: Bandon, City of | D15: 505.759 | E15: 156.24876 | F15: 29.679391 | G15: 2.4006537 | H15: 424.6121 | I15: 508.57479 | J15: 519.33187 | K15: 465.88041 | L15: 686.20844 | M15: 489.05354 | N15: 75.548075 | O15: 62.833956 | P15: 648.03303 | Q15: 251.98021 | R15: -665.23184 | S15: -484.42095 | T15: -1120.2405 | U15: -560.2496 | V15: -552.37469 | W15: -326.47291 | X15: -397.93337 | Y15: -325.53604 | Z15: -230.80305 | AA15: -157.26984 | AB15: 634.94871 | AC15: 30.013207 | AD15: 31.964533 | AE15: 3.8817688 | AF15: 427.07644 | AG15: 510.17498 | AH15: 521.94685 | AI15: 467.48911 | AJ15: 639.52672 | AK15: 488.55962 | AL15: 77.963018 | AM15: 64.385451 | AN15: 649.93871 | AO15: 253.20536 | AP15: -662.87157 | AQ15: -482.897 | AR15: -1117.7485 | AS15: -558.7731 | AT15: -550.22777 | AU15: -325.1746 | AV15: -503.51357 | AW15: -216.62423 | AX15: -119.5456 | AY15: -265.46248
... B138: 10298 | C138: PNGC Aggregate | D138: 13383.083 | E138: -667.68347 | F138: -8532.3873 | G138: -144.50677 | H138: 38886.372 | I138: 44285.234 | J138: 29609.522 | K138: 38824.256 | L138: 21851.027 | M138: 31735.792 | N138: -15167.421 | O138: -5958.762 | P138: 12914.345 | Q138: 225.82823 | R138: -61374.517 | S138: -39531.119 | T138: -63530.617 | U138: -33315.866 | V138: 1716.6428 | W138: 5181.8177 | X138: 5025.8189 | Y138: -1699.5338 | Z138: -7166.5261 | AA138: -5908.816 | AB138: 18459.862 | AC138: -6163.8682 | AD138: -8284.6684 | AE138: -256.53796 | AF138: 39518.246 | AG138: 44396.068 | AH138: 30293.521 | AI138: 39045.626 | AJ138: 22394.888 | AK138: 32238.384 | AL138: -14891.731 | AM138: -6067.1325 | AN138: 12985.192 | AO138: 5.6837536 | AP138: -61515.718 | AQ138: -39952.486 | AR138: -63525.981 | AS138: -33771.008 | AT138: 1697.2423 | AU138: 4734.5959 | AV138: 298.61374 | AW138: 2582.9012 | AX138: -2677.3704 | AY138: -10869.393
B148: 1 | C148: 2 | D148: 3 | E148: 4 | F148: 5 | G148: 6 | H148: 7 | I148: 8 | J148: 9 | K148: 10 | L148: 11 | M148: 12 | N148: 13 | O148: 14 | P148: 15 | Q148: 16 | R148: 17 | S148: 18 | T148: 19 | U148: 20 | V148: 21 | W148: 22 | X148: 23 | Y148: 24 | Z148: 25 | AA148: 26 | AB148: 27 | AC148: 28 | AD148: 29 | AE148: 30 | AF148: 31 | AG148: 32 | AH148: 33 | AI148: 34 | AJ148: 35 | AK148: 36 | AL148: 37 | AM148: 38 | AN148: 39 | AO148: 40 | AP148: 41 | AQ148: 42 | AR148: 43 | AS148: 44 | AT148: 45 | AU148: 46 | AV148: 47 | AW148: 48 | AX148: 49 | AY148: 50

Sheet Demand_previous
B1: Tier 1 Demand Charge Billing Determinant (KW)
D2: 44470 | E2: 44470 | F2: 44501 | G2: 44501 | H2: 44531 | I2: 44531 | J2: 44562 | K2: 44562 | L2: 44593 | M2: 44593 | N2: 44621 | O2: 44621 | P2: 44652 | Q2: 44652 | R2: 44682 | S2: 44682 | T2: 44713 | U2: 44713 | V2: 44743 | W2: 44743 | X2: 44774 | Y2: 44774 | Z2: 44805 | AA2: 44805 | AB2: 44835 | AC2: 44835 | AD2: 44866 | AE2: 44866 | AF2: 44896 | AG2: 44896 | AH2: 44927 | AI2: 44927 | AJ2: 44958 | AK2: 44958 | AL2: 44986 | AM2: 44986 | AN2: 45017 | AO2: 45017 | AP2: 45047 | AQ2: 45047 | AR2: 45078 | AS2: 45078 | AT2: 45108 | AU2: 45108 | AV2: 45139 | AW2: 45139 | AX2: 45170 | AY2: 45170
B3: BESID | C3: AccountName | D3: HLH | E3: LLH | F3: HLH | G3: LLH | H3: HLH | I3: LLH | J3: HLH | K3: LLH | L3: HLH | M3: LLH | N3: HLH | O3: LLH | P3: HLH | Q3: LLH | R3: HLH | S3: LLH | T3: HLH | U3: LLH | V3: HLH | W3: LLH | X3: HLH | Y3: LLH | Z3: HLH | AA3: LLH | AB3: HLH | AC3: LLH | AD3: HLH | AE3: LLH | AF3: HLH | AG3: LLH | AH3: HLH | AI3: LLH | AJ3: HLH | AK3: LLH | AL3: HLH | AM3: LLH | AN3: HLH | AO3: LLH | AP3: HLH | AQ3: LLH | AR3: HLH | AS3: LLH | AT3: HLH | AU3: LLH | AV3: HLH | AW3: LLH | AX3: HLH | AY3: LLH
B4: 10005 | C4: Alder Mutual | D4: 77.639423 | E4: 0 | F4: 84.68 | G4: 0 | H4: 75.853365 | I4: 0 | J4: 86.13 | K4: 0 | L4: 63.416667 | M4: 0 | N4: 217.44213 | O4: 0 | P4: 46.603365 | Q4: 0 | R4: 68.9725 | S4: 0 | T4: 157.46394 | U4: 0 | V4: 79.81 | W4: 0 | X4: 143.94676 | Y4: 0 | Z4: 134.885 | AA4: 0 | AB4: 52.125 | AC4: 0 | AD4: 88.725 | AE4: 0 | AF4: 79.704327 | AG4: 0 | AH4: 88.7025 | AI4: 0 | AJ4: 181.25 | AK4: 0 | AL4: 218.96528 | AM4: 0 | AN4: 18.7925 | AO4: 0 | AP4: 91.125 | AQ4: 0 | AR4: 157.46394 | AS4: 0 | AT4: 79.81 | AU4: 0 | AV4: 163.99074 | AW4: 0 | AX4: 111.8925 | AY4: 0
B5: 10015 | C5: Asotin County PUD #1 | D5: 242.92067 | E5: 0 | F5: 0 | G5: 0 | H5: 0 | I5: 0 | J5: 92.375 | K5: 0 | L5: 173.27344 | M5: 0 | N5: 173.90046 | O5: 0 | P5: 509.63702 | Q5: 0 | R5: 404.8075 | S5: 0 | T5: 433.05288 | U5: 0 | V5: 540.25 | W5: 0 | X5: 318.5463 | Y5: 0 | Z5: 470.45 | AA5: 0 | AB5: 242.92067 | AC5: 0 | AD5: 0 | AE5: 0 | AF5: 0 | AG5: 0 | AH5: 92.375 | AI5: 0 | AJ5: 180.67969 | AK5: 0 | AL5: 173.90046 | AM5: 0 | AN5: 494.3025 | AO5: 0 | AP5: 430.08413 | AQ5: 0 | AR5: 433.05288 | AS5: 0 | AT5: 540.25 | AU5: 0 | AV5: 318.5463 | AW5: 0 | AX5: 470.45 | AY5: 0
B6: 10024 | C6: Benton County PUD #1 | D6: 11437.81 | E6: 0 | F6: 21388.077 | G6: 0 | H6: 34734.161 | I6: 0 | J6: 24299.255 | K6: 0 | L6: 1191.5026 | M6: 0 | N6: 27873.292 | O6: 0 | P6: 53656.272 | Q6: 0 | R6: 0 | S6: 0 | T6: 47383.44 | U6: 0 | V6: 46907.813 | W6: 0 | X6: 64714.778 | Y6: 0 | Z6: 9437.2975 | AA6: 0 | AB6: 11400.841 | AC6: 0 | AD6: 21565.582 | AE6: 0 | AF6: 35724.144 | AG6: 0 | AH6: 25122.327 | AI6: 0 | AJ6: 1944.974 | AK6: 0 | AL6: 28031.315 | AM6: 0 | AN6: 46546.395 | AO6: 0 | AP6: 0 | AQ6: 0 | AR6: 47864.166 | AS6: 0 | AT6: 47408.023 | AU6: 0 | AV6: 65304.961 | AW6: 0 | AX6: 9675.915 | AY6: 0
B7: 10025 | C7: Benton REA | D7: 0 | E7: 0 | F7: 370.715 | G7: 0 | H7: 18440.517 | I7: 0 | J7: 7159.86 | K7: 0 | L7: 106.67708 | M7: 0 | N7: 3388.8704 | O7: 0 | P7: 0 | Q7: 0 | R7: 1003.65 | S7: 0 | T7: 9306.2909 | U7: 0 | V7: 14186.708 | W7: 0 | X7: 18338.532 | Y7: 0 | Z7: 8120.775 | AA7: 0 | AB7: 0 | AC7: 0 | AD7: 195.69 | AE7: 0 | AF7: 18527.361 | AG7: 0 | AH7: 7438.625 | AI7: 0 | AJ7: 137.77865 | AK7: 0 | AL7: 3369.081 | AM7: 0 | AN7: 0 | AO7: 0 | AP7: 3632.5913 | AQ7: 0 | AR7: 9200.9808 | AS7: 0 | AT7: 14119.91 | AU7: 0 | AV7: 18291.134 | AW7: 0 | AX7: 8050.005 | AY7: 0
B8: 10027 | C8: Big Bend Elec Coop | D8: 11454.822 | E8: 0 | F8: 5364.235 | G8: 0 | H8: 10355.767 | I8: 0 | J8: 4193.75 | K8: 0 | L8: 1384.013 | M8: 0 | N8: 8935.838 | O8: 0 | P8: 27858.219 | Q8: 0 | R8: 8802.6875 | S8: 0 | T8: 6875.8702 | U8: 0 | V8: 10107.99 | W8: 0 | X8: 23605.553 | Y8: 0 | Z8: 13691.047 | AA8: 0 | AB8: 11920.663 | AC8: 0 | AD8: 5828.1675 | AE8: 0 | AF8: 10832.769 | AG8: 0 | AH8: 4657.485 | AI8: 0 | AJ8: 2849.4896 | AK8: 0 | AL8: 9411.6597 | AM8: 0 | AN8: 26325.405 | AO8: 0 | AP8: 12944.459 | AQ8: 0 | AR8: 7343.488 | AS8: 0 | AT8: 10574.593 | AU8: 0 | AV8: 24082.745 | AW8: 0 | AX8: 14157.805 | AY8: 0
B9: 10029 | C9: Blachly Lane Elec Coop | D9: 0 | E9: 0 | F9: 0 | G9: 0 | H9: 0 | I9: 0 | J9: 0 | K9: 0 | L9: 0 | M9: 0 | N9: 0 | O9: 0 | P9: 0 | Q9: 0 | R9: 0 | S9: 0 | T9: 0 | U9: 0 | V9: 0 | W9: 0 | X9: 0 | Y9: 0 | Z9: 0 | AA9: 0 | AB9: 0 | AC9: 0 | AD9: 0 | AE9: 0 | AF9: 0 | AG9: 0 | AH9: 0 | AI9: 0 | AJ9: 0 | AK9: 0 | AL9: 0 | AM9: 0 | AN9: 0 | AO9: 0 | AP9: 0 | AQ9: 0 | AR9: 0 | AS9: 0 | AT9: 0 | AU9: 0 | AV9: 0 | AW9: 0 | AX9: 0 | AY9: 0
B10: 10044 | C10: Canby, City of | D10: 0 | E10: 0 | F10: 1082.9525 | G10: 0 | H10: 2524.3894 | I10: 0 | J10: 0 | K10: 0 | L10: 2726.5078 | M10: 0 | N10: 2706.4792 | O10: 0 | P10: 0 | Q10: 0 | R10: 799.93 | S10: 0 | T10: 6069.8125 | U10: 0 | V10: 1759.49 | W10: 0 | X10: 5528.9074 | Y10: 0 | Z10: 6132.5375 | AA10: 0 | AB10: 0 | AC10: 0 | AD10: 984.07 | AE10: 0 | AF10: 2391.9567 | AG10: 0 | AH10: 0 | AI10: 0 | AJ10: 3756.1146 | AK10: 0 | AL10: 2595.7384 | AM10: 0 | AN10: 0 | AO10: 0 | AP10: 1637.5962 | AQ10: 0 | AR10: 6038.7885 | AS10: 0 | AT10: 1704.1725 | AU10: 0 | AV10: 6334.7917 | AW10: 0 | AX10: 5290.455 | AY10: 0
B11: 10046 | C11: Central Electric Coop | D11: 0 | E11: 0 | F11: 0 | G11: 0 | H11: 0 | I11: 0 | J11: 0 | K11: 0 | L11: 0 | M11: 0 | N11: 0 | O11: 0 | P11: 0 | Q11: 0 | R11: 0 | S11: 0 | T11: 0 | U11: 0 | V11: 0 | W11: 0 | X11: 0 | Y11: 0 | Z11: 0 | AA11: 0 | AB11: 0 | AC11: 0 | AD11: 0 | AE11: 0 | AF11: 0 | AG11: 0 | AH11: 0 | AI11: 0 | AJ11: 0 | AK11: 0 | AL11: 0 | AM11: 0 | AN11: 0 | AO11: 0 | AP11: 0 | AQ11: 0 | AR11: 0 | AS11: 0 | AT11: 0 | AU11: 0 | AV11: 0 | AW11: 0 | AX11: 0 | AY11: 0
B12: 10047 | C12: Central Lincoln PUD | D12: 0 | E12: 0 | F12: 7846.1125 | G12: 0 | H12: 19062.137 | I12: 0 | J12: 0 | K12: 0 | L12: 6644.6068 | M12: 0 | N12: 29710.148 | O12: 0 | P12: 22165.303 | Q12: 0 | R12: 5029.5825 | S12: 0 | T12: 18522.053 | U12: 0 | V12: 0 | W12: 0 | X12: 8547.1551 | Y12: 0 | Z12: 13180.297 | AA12: 0 | AB12: 0 | AC12: 0 | AD12: 7638.4575 | AE12: 0 | AF12: 18824.363 | AG12: 0 | AH12: 0 | AI12: 0 | AJ12: 13630.732 | AK12: 0 | AL12: 29501.435 | AM12: 0 | AN12: 15502.807 | AO12: 0 | AP12: 10341.315 | AQ12: 0 | AR12: 18358.329 | AS12: 0 | AT12: 0 | AU12: 0 | AV12: 13520.155 | AW12: 0 | AX12: 7493.53 | AY12: 0
B13: 10055 | C13: Albion, City of | D13: 86.908654 | E13: 0 | F13: 0 | G13: 0 | H13: 243.44231 | I13: 0 | J13: 149.83 | K13: 0 | L13: 37.369792 | M13: 0 | N13: 86.881944 | O13: 0 | P13: 0 | Q13: 0 | R13: 0 | S13: 0 | T13: 10.574519 | U13: 0 | V13: 12.7975 | W13: 0 | X13: 37.930556 | Y13: 0 | Z13: 0 | AA13: 0 | AB13: 72.954327 | AC13: 0 | AD13: 0 | AE13: 0 | AF13: 243.44231 | AG13: 0 | AH13: 149.83 | AI13: 0 | AJ13: 58.791667 | AK13: 0 | AL13: 86.881944 | AM13: 0 | AN13: 0 | AO13: 0 | AP13: 0 | AQ13: 0 | AR13: 10.574519 | AS13: 0 | AT13: 12.7975 | AU13: 0 | AV13: 48.835648 | AW13: 0 | AX13: 0 | AY13: 0
B14: 10057 | C14: Ashland, City of | D14: 0 | E14: 0 | F14: 0 | G14: 0 | H14: 1585.2452 | I14: 0 | J14: 0 | K14: 0 | L14: 672.03125 | M14: 0 | N14: 3021.1389 | O14: 0 | P14: 1496.2428 | Q14: 0 | R14: 0 | S14: 0 | T14: 5167.4014 | U14: 0 | V14: 171.025 | W14: 0 | X14: 2433.2523 | Y14: 0 | Z14: 0 | AA14: 0 | AB14: 0 | AC14: 0 | AD14: 0 | AE14: 0 | AF14: 1585.2452 | AG14: 0 | AH14: 0 | AI14: 0 | AJ14: 1674.1719 | AK14: 0 | AL14: 3021.1389 | AM14: 0 | AN14: 677.1325 | AO14: 0 | AP14: 0 | AQ14: 0 | AR14: 5167.4014 | AS14: 0 | AT14: 171.025 | AU14: 0 | AV14: 3279.6736 | AW14: 0 | AX14: 0 | AY14: 0
B15: 10059 | C15: Bandon, City of | D15: 0 | E15: 0 | F15: 104.25 | G15: 0 | H15: 1996.1947 | I15: 0 | J15: 2282.99 | K15: 0 | L15: 414.83854 | M15: 0 | N15: 2412.2731 | O15: 0 | P15: 1154.3438 | Q15: 0 | R15: 0 | S15: 0 | T15: 945.50962 | U15: 0 | V15: 173.7875 | W15: 0 | X15: 487.87037 | Y15: 0 | Z15: 546.555 | AA15: 0 | AB15: 0 | AC15: 0 | AD15: 104.25 | AE15: 0 | AF15: 1996.1947 | AG15: 0 | AH15: 2282.99 | AI15: 0 | AJ15: 859.03646 | AK15: 0 | AL15: 2412.2731 | AM15: 0 | AN15: 810.2375 | AO15: 0 | AP15: 0 | AQ15: 0 | AR15: 945.50962 | AS15: 0 | AT15: 173.7875 | AU15: 0 | AV15: 737.15972 | AW15: 0 | AX15: 272.9875 | AY15: 0
... B138: 10298 | C138: PNGC Aggregate | D138: 67958.622 | E138: 0 | F138: 95745.73 | G138: 0 | H138: 178299.89 | I138: 0 | J138: 64356.04 | K138: 0 | L138: 29534.859 | M138: 0 | N138: 127808.35 | O138: 0 | P138: 118399.63 | Q138: 0 | R138: 100494.02 | S138: 0 | T138: 121138.28 | U138: 0 | V138: 103784.71 | W138: 0 | X138: 132095.89 | Y138: 0 | Z138: 115357.6 | AA138: 0 | AB138: 54155.007 | AC138: 0 | AD138: 97644.212 | AE138: 0 | AF138: 180114.11 | AG138: 0 | AH138: 65557.098 | AI138: 0 | AJ138: 48633.511 | AK138: 0 | AL138: 129481.07 | AM138: 0 | AN138: 93127.188 | AO138: 0 | AP138: 127131.45 | AQ138: 0 | AR138: 122448.03 | AS138: 0 | AT138: 105123.01 | AU138: 0 | AV138: 147651.73 | AW138: 0 | AX138: 102300.59 | AY138: 0
B148: 1 | C148: 2 | D148: 3 | E148: 4 | F148: 5 | G148: 6 | H148: 7 | I148: 8 | J148: 9 | K148: 10 | L148: 11 | M148: 12 | N148: 13 | O148: 14 | P148: 15 | Q148: 16 | R148: 17 | S148: 18 | T148: 19 | U148: 20 | V148: 21 | W148: 22 | X148: 23 | Y148: 24 | Z148: 25 | AA148: 26 | AB148: 27 | AC148: 28 | AD148: 29 | AE148: 30 | AF148: 31 | AG148: 32 | AH148: 33 | AI148: 34 | AJ148: 35 | AK148: 36 | AL148: 37 | AM148: 38 | AN148: 39 | AO148: 40 | AP148: 41 | AQ148: 42 | AR148: 43 | AS148: 44 | AT148: 45 | AU148: 46 | AV148: 47 | AW148: 48 | AX148: 49 | AY148: 50

Sheet Demand_current
B1: Tier 1 Demand Charge Billing Determinant (KW)
D2: 45200 | E2: 45200 | F2: 45231 | G2: 45231 | H2: 45261 | I2: 45261 | J2: 45292 | K2: 45292 | L2: 45323 | M2: 45323 | N2: 45352 | O2: 45352 | P2: 45383 | Q2: 45383 | R2: 45413 | S2: 45413 | T2: 45444 | U2: 45444 | V2: 45474 | W2: 45474 | X2: 45505 | Y2: 45505 | Z2: 45536 | AA2: 45536 | AB2: 45566 | AC2: 45566 | AD2: 45597 | AE2: 45597 | AF2: 45627 | AG2: 45627 | AH2: 45658 | AI2: 45658 | AJ2: 45689 | AK2: 45689 | AL2: 45717 | AM2: 45717 | AN2: 45748 | AO2: 45748 | AP2: 45778 | AQ2: 45778 | AR2: 45809 | AS2: 45809 | AT2: 45839 | AU2: 45839 | AV2: 45870 | AW2: 45870 | AX2: 45901 | AY2: 45901
B3: BESID | C3: AccountName | D3: HLH | E3: LLH | F3: HLH | G3: LLH | H3: HLH | I3: LLH | J3: HLH | K3: LLH | L3: HLH | M3: LLH | N3: HLH | O3: LLH | P3: HLH | Q3: LLH | R3: HLH | S3: LLH | T3: HLH | U3: LLH | V3: HLH | W3: LLH | X3: HLH | Y3: LLH | Z3: HLH | AA3: LLH | AB3: HLH | AC3: LLH | AD3: HLH | AE3: LLH | AF3: HLH | AG3: LLH | AH3: HLH | AI3: LLH | AJ3: HLH | AK3: LLH | AL3: HLH | AM3: LLH | AN3: HLH | AO3: LLH | AP3: HLH | AQ3: LLH | AR3: HLH | AS3: LLH | AT3: HLH | AU3: LLH | AV3: HLH | AW3: LLH | AX3: HLH | AY3: LLH
B4: 10005 | C4: Alder Mutual | D4: 77.639423 | E4: 0 | F4: 84.68 | G4: 0 | H4: 37.9675 | I4: 0 | J4: 127.27885 | K4: 0 | L4: 99.96 | M4: 0 | N4: 187.61298 | O4: 0 | P4: 46.603365 | Q4: 0 | R4: 90.358173 | S4: 0 | T4: 137.2825 | U4: 0 | V4: 99.355769 | W4: 0 | X4: 143.94676 | Y4: 0 | Z4: 114.42187 | AA4: 0 | AB4: 79.083333 | AC4: 0 | AD4: 88.725 | AE4: 0 | AF4: 41.5325 | AG4: 0 | AH4: 130.09856 | AI4: 0 | AJ4: 181.25 | AK4: 0 | AL4: 189.0024 | AM4: 0 | AN4: 48.108173 | AO4: 0 | AP4: 91.125 | AQ4: 0 | AR4: 137.2825 | AS4: 0 | AT4: 99.355769 | AU4: 0 | AV4: 145.68269 | AW4: 0 | AX4: 111.8925 | AY4: 0
B5: 10015 | C5: Asotin County PUD #1 | D5: 242.92067 | E5: 0 | F5: 0 | G5: 0 | H5: 0 | I5: 0 | J5: 102.24519 | K5: 0 | L5: 181.8625 | M5: 0 | N5: 164.55048 | O5: 0 | P5: 509.63702 | Q5: 0 | R5: 430.08413 | S5: 0 | T5: 395.655 | U5: 0 | V5: 591.50962 | W5: 0 | X5: 318.5463 | Y5: 0 | Z5: 440.96875 | AA5: 0 | AB5: 256.59028 | AC5: 0 | AD5: 0 | AE5: 0 | AF5: 0 | AG5: 0 | AH5: 102.24519 | AI5: 0 | AJ5: 180.67969 | AK5: 0 | AL5: 164.55048 | AM5: 0 | AN5: 509.63702 | AO5: 0 | AP5: 430.08413 | AQ5: 0 | AR5: 395.655 | AS5: 0 | AT5: 591.50962 | AU5: 0 | AV5: 273.10577 | AW5: 0 | AX5: 470.45 | AY5: 0
B6: 10024 | C6: Benton County PUD #1 | D6: 11437.81 | E6: 0 | F6: 21388.077 | G6: 0 | H6: 25811.647 | I6: 0 | J6: 32981.361 | K6: 0 | L6: 8598.2425 | M6: 0 | N6: 21203.072 | O6: 0 | P6: 53656.272 | Q6: 0 | R6: 0 | S6: 0 | T6: 36187.578 | U6: 0 | V6: 59785.012 | W6: 0 | X6: 64714.778 | Y6: 0 | Z6: 1461.8516 | AA6: 0 | AB6: 18093.884 | AC6: 0 | AD6: 21565.582 | AE6: 0 | AF6: 26813.23 | AG6: 0 | AH6: 33800.738 | AI6: 0 | AJ6: 1944.974 | AK6: 0 | AL6: 21345.596 | AM6: 0 | AN6: 53777.957 | AO6: 0 | AP6: 0 | AQ6: 0 | AR6: 36649.693 | AS6: 0 | AT6: 60304.406 | AU6: 0 | AV6: 54611.498 | AW6: 0 | AX6: 9675.915 | AY6: 0
B7: 10025 | C7: Benton REA | D7: 0 | E7: 0 | F7: 370.715 | G7: 0 | H7: 15840.738 | I7: 0 | J7: 9724.2115 | K7: 0 | L7: 2268.57 | M7: 0 | N7: 1409.7115 | O7: 0 | P7: 0 | Q7: 0 | R7: 3725.1635 | S7: 0 | T7: 6050.8225 | U7: 0 | V7: 17767.296 | W7: 0 | X7: 18338.532 | Y7: 0 | Z7: 5213.0573 | AA7: 0 | AB7: 1842.3287 | AC7: 0 | AD7: 195.69 | AE7: 0 | AF7: 15931.055 | AG7: 0 | AH7: 9992.2548 | AI7: 0 | AJ7: 137.77865 | AK7: 0 | AL7: 1389.1611 | AM7: 0 | AN7: 0 | AO7: 0 | AP7: 3632.5913 | AQ7: 0 | AR7: 5941.3 | AS7: 0 | AT7: 17703.067 | AU7: 0 | AV7: 15054.601 | AW7: 0 | AX7: 8050.005 | AY7: 0
B8: 10027 | C8: Big Bend Elec Coop | D8: 11454.822 | E8: 0 | F8: 5364.235 | G8: 0 | H8: 8502.7975 | I8: 0 | J8: 6034.5673 | K8: 0 | L8: 3110.4925 | M8: 0 | N8: 7578.3317 | O8: 0 | P8: 27858.219 | Q8: 0 | R8: 12464.815 | S8: 0 | T8: 2043.345 | U8: 0 | V8: 14855.683 | W8: 0 | X8: 23605.553 | Y8: 0 | Z8: 10246.383 | AA8: 0 | AB8: 14094.75 | AC8: 0 | AD8: 5828.1675 | AE8: 0 | AF8: 8967.08 | AG8: 0 | AH8: 6511.0433 | AI8: 0 | AJ8: 2849.4896 | AK8: 0 | AL8: 8041.8774 | AM8: 0 | AN8: 28321.005 | AO8: 0 | AP8: 12944.459 | AQ8: 0 | AR8: 2497.8675 | AS8: 0 | AT8: 15334.916 | AU8: 0 | AV8: 20070.466 | AW8: 0 | AX8: 14157.805 | AY8: 0
B9: 10029 | C9: Blachly Lane Elec Coop | D9: 0 | E9: 0 | F9: 0 | G9: 0 | H9: 0 | I9: 0 | J9: 0 | K9: 0 | L9: 0 | M9: 0 | N9: 0 | O9: 0 | P9: 0 | Q9: 0 | R9: 0 | S9: 0 | T9: 0 | U9: 0 | V9: 0 | W9: 0 | X9: 0 | Y9: 0 | Z9: 0 | AA9: 0 | AB9: 0 | AC9: 0 | AD9: 0 | AE9: 0 | AF9: 0 | AG9: 0 | AH9: 0 | AI9: 0 | AJ9: 0 | AK9: 0 | AL9: 0 | AM9: 0 | AN9: 0 | AO9: 0 | AP9: 0 | AQ9: 0 | AR9: 0 | AS9: 0 | AT9: 0 | AU9: 0 | AV9: 0 | AW9: 0 | AX9: 0 | AY9: 0
B10: 10044 | C10: Canby, City of | D10: 0 | E10: 0 | F10: 1082.9525 | G10: 0 | H10: 1326.045 | I10: 0 | J10: 0 | K10: 0 | L10: 3897.2075 | M10: 0 | N10: 1716.8438 | O10: 0 | P10: 0 | Q10: 0 | R10: 1741.7788 | S10: 0 | T10: 5104.485 | U10: 0 | V10: 2852.5481 | W10: 0 | X10: 5528.9074 | Y10: 0 | Z10: 5145.1432 | AA10: 0 | AB10: 0 | AC10: 0 | AD10: 984.07 | AE10: 0 | AF10: 1185.435 | AG10: 0 | AH10: 0 | AI10: 0 | AJ10: 3756.1146 | AK10: 0 | AL10: 1599.3822 | AM10: 0 | AN10: 0 | AO10: 0 | AP10: 1637.5962 | AQ10: 0 | AR10: 5066.94 | AS10: 0 | AT10: 2804.6659 | AU10: 0 | AV10: 5314.0529 | AW10: 0 | AX10: 5290.455 | AY10: 0
B11: 10046 | C11: Central Electric Coop | D11: 0 | E11: 0 | F11: 0 | G11: 0 | H11: 0 | I11: 0 | J11: 0 | K11: 0 | L11: 0 | M11: 0 | N11: 0 | O11: 0 | P11: 0 | Q11: 0 | R11: 0 | S11: 0 | T11: 0 | U11: 0 | V11: 0 | W11: 0 | X11: 0 | Y11: 0 | Z11: 0 | AA11: 0 | AB11: 0 | AC11: 0 | AD11: 0 | AE11: 0 | AF11: 0 | AG11: 0 | AH11: 0 | AI11: 0 | AJ11: 0 | AK11: 0 | AL11: 0 | AM11: 0 | AN11: 0 | AO11: 0 | AP11: 0 | AQ11: 0 | AR11: 0 | AS11: 0 | AT11: 0 | AU11: 0 | AV11: 0 | AW11: 0 | AX11: 0 | AY11: 0
B12: 10047 | C12: Central Lincoln PUD | D12: 0 | E12: 0 | F12: 7846.1125 | G12: 0 | H12: 11487.423 | I12: 0 | J12: 6157.774 | K12: 0 | L12: 13891.902 | M12: 0 | N12: 23315.769 | O12: 0 | P12: 22165.303 | Q12: 0 | R12: 10513.368 | S12: 0 | T12: 13303.535 | U12: 0 | V12: 3031.7524 | W12: 0 | X12: 8547.1551 | Y12: 0 | Z12: 7560.6849 | AA12: 0 | AB12: 0 | AC12: 0 | AD12: 7638.4575 | AE12: 0 | AF12: 11240.138 | AG12: 0 | AH12: 5923.1538 | AI12: 0 | AJ12: 13630.732 | AK12: 0 | AL12: 23099.029 | AM12: 0 | AN12: 21962.853 | AO12: 0 | AP12: 10341.315 | AQ12: 0 | AR12: 13133.262 | AS12: 0 | AT12: 2856.7692 | AU12: 0 | AV12: 8260.738 | AW12: 0 | AX12: 7493.53 | AY12: 0
B13: 10055 | C13: Albion, City of | D13: 86.908654 | E13: 0 | F13: 0 | G13: 0 | H13: 219.38 | I13: 0 | J13: 173.72115 | K13: 0 | L13: 58.875 | M13: 0 | N13: 70.954327 | O13: 0 | P13: 0 | Q13: 0 | R13: 0 | S13: 0 | T13: 0 | U13: 0 | V13: 26.574519 | W13: 0 | X13: 37.930556 | Y13: 0 | Z13: 0 | AA13: 0 | AB13: 87.030093 | AC13: 0 | AD13: 0 | AE13: 0 | AF13: 219.38 | AG13: 0 | AH13: 173.72115 | AI13: 0 | AJ13: 58.791667 | AK13: 0 | AL13: 70.954327 | AM13: 0 | AN13: 0 | AO13: 0 | AP13: 0 | AQ13: 0 | AR13: 0 | AS13: 0 | AT13: 26.574519 | AU13: 0 | AV13: 36.983173 | AW13: 0 | AX13: 0 | AY13: 0
B14: 10057 | C14: Ashland, City of | D14: 0 | E14: 0 | F14: 0 | G14: 0 | H14: 504.455 | I14: 0 | J14: 311.67067 | K14: 0 | L14: 1692.15 | M14: 0 | N14: 2177.4519 | O14: 0 | P14: 1496.2428 | Q14: 0 | R14: 0 | S14: 0 | T14: 4394.8175 | U14: 0 | V14: 1144.7933 | W14: 0 | X14: 2433.2523 | Y14: 0 | Z14: 0 | AA14: 0 | AB14: 0 | AC14: 0 | AD14: 0 | AE14: 0 | AF14: 504.455 | AG14: 0 | AH14: 311.67067 | AI14: 0 | AJ14: 1674.1719 | AK14: 0 | AL14: 2177.4519 | AM14: 0 | AN14: 1496.2428 | AO14: 0 | AP14: 0 | AQ14: 0 | AR14: 4394.8175 | AS14: 0 | AT14: 1144.7933 | AU14: 0 | AV14: 2395.738 | AW14: 0 | AX14: 0 | AY14: 0
B15: 10059 | C15: Bandon, City of | D15: 0 | E15: 0 | F15: 104.25 | G15: 0 | H15: 1590.9625 | I15: 0 | J15: 2719.6058 | K15: 0 | L15: 856.365 | M15: 0 | N15: 2074.899 | O15: 0 | P15: 1154.3438 | Q15: 0 | R15: 0 | S15: 0 | T15: 684.73 | U15: 0 | V15: 438.14183 | W15: 0 | X15: 487.87037 | Y15: 0 | Z15: 277.36979 | AA15: 0 | AB15: 0 | AC15: 0 | AD15: 104.25 | AE15: 0 | AF15: 1590.9625 | AG15: 0 | AH15: 2719.6058 | AI15: 0 | AJ15: 859.03646 | AK15: 0 | AL15: 2074.899 | AM15: 0 | AN15: 1154.3438 | AO15: 0 | AP15: 0 | AQ15: 0 | AR15: 684.73 | AS15: 0 | AT15: 438.14183 | AU15: 0 | AV15: 492.89663 | AW15: 0 | AX15: 272.9875 | AY15: 0
... B138: 10298 | C138: PNGC Aggregate | D138: 67958.622 | E138: 0 | F138: 95745.73 | G138: 0 | H138: 142887.23 | I138: 0 | J138: 100746.41 | K138: 0 | L138: 64178.655 | M138: 0 | N138: 100260.2 | O138: 0 | P138: 118399.63 | Q138: 0 | R138: 125472.5 | S138: 0 | T138: 94969.585 | U138: 0 | V138: 132261.09 | W138: 0 | X138: 132095.89 | Y138: 0 | Z138: 89905.184 | AA138: 0 | AB138: 78329.016 | AC138: 0 | AD138: 97644.212 | AE138: 0 | AF138: 144383.15 | AG138: 0 | AH138: 102281.16 | AI138: 0 | AJ138: 48633.511 | AK138: 0 | AL138: 101660.58 | AM138: 0 | AN138: 120038.16 | AO138: 0 | AP138: 127131.45 | AQ138: 0 | AR138: 96021.305 | AS138: 0 | AT138: 133864.71 | AU138: 0 | AV138: 121629.02 | AW138: 0 | AX138: 102300.59 | AY138: 0
B148: 1 | C148: 2 | D148: 3 | E148: 4 | F148: 5 | G148: 6 | H148: 7 | I148: 8 | J148: 9 | K148: 10 | L148: 11 | M148: 12 | N148: 13 | O148: 14 | P148: 15 | Q148: 16 | R148: 17 | S148: 18 | T148: 19 | U148: 20 | V148: 21 | W148: 22 | X148: 23 | Y148: 24 | Z148: 25 | AA148: 26 | AB148: 27 | AC148: 28 | AD148: 29 | AE148: 30 | AF148: 31 | AG148: 32 | AH148: 33 | AI148: 34 | AJ148: 35 | AK148: 36 | AL148: 37 | AM148: 38 | AN148: 39 | AO148: 40 | AP148: 41 | AQ148: 42 | AR148: 43 | AS148: 44 | AT148: 45 | AU148: 46 | AV148: 47 | AW148: 48 | AX148: 49 | AY148: 50

Sheet Rates_previous
B1: Cost Allocation under Tiered Rates
B2: RAMmodel_REP2022.xls
B5: Costs ($000) | C5: 2022 | D5: 2023 | E5: Rate Period | H5: Demand (kW) | I5: Demand Rate ($/kW/mo.) | J5: Demand | K5: Load Shaping HLH (MWh) | L5: Load Shaping LLH (MWh) | M5: Load Shaping HLH Rate ($/MWh) | N5: Load Shaping LLH Rate ($/MWh) | O5: Load Shaping | P5: RT1SC HLH | Q5: RT1SC LLH | R5: HLH | S5: LLH
B6: Composite | C6: 2559204.6 | D6: 2605041.6 | E6: 5164246.2 | G6: 44470 | H6: 240598.48 | I6: 9.87 | J6: 2374707 | K6: -197717.8 | L6: 111102.77 | M6: 29.92 | N6: 28.27 | O6: -2774841.1 | P6: 2920790.3 | Q6: 1633134.2 | R6: 416 | S6: 328
B7: Non-Slice | C7: 153612.73 | D7: 145002.09 | E7: 298614.82 | G7: 44501 | H7: 311366 | I7: 10.46 | J7: 3256888.4 | K7: -390111.24 | L7: -64236.253 | M7: 31.71 | N7: 29.14 | O7: -14242272 | P7: 3537945.2 | Q7: 2227488.4 | R7: 400 | S7: 321
B8: Slice | C8: 0 | D8: 0 | E8: 0 | G8: 44531 | H8: 662406.6 | I8: 12.78 | J8: 8465556.4 | K8: 280709.11 | L8: 121448.4 | M8: 38.76 | N8: 32.05 | O8: 14772707 | P8: 3223872.7 | Q8: 2419334.9 | R8: 416 | S8: 328
B9: Tier 2 | C9: 46009.386 | D9: 48974.658 | E9: 94984.045 | G9: 44562 | H9: 513053.09 | I9: 11.31 | J9: 5802630.5 | K9: 676660.63 | L9: 475163.32 | M9: 34.29 | N9: 25.85 | O9: 35485665 | P9: 2651579.7 | Q9: 2009469.8 | R9: 400 | S9: 344
B10: Total Costs | C10: 2758826.7 | D10: 2799018.3 | E10: 5557845.1 | G10: 44593 | H10: 347566.25 | I10: 11.47 | J10: 3986584.9 | K10: 544800.21 | L10: 297572.08 | M10: 34.79 | N10: 28.29 | O10: 27371914 | P10: 2346690.1 | Q10: 1693143.7 | R10: 384 | S10: 288
G11: 44621 | H11: 549172.07 | I11: 9.09 | J11: 4991974.1 | K11: 117233.02 | L11: 151909.26 | M11: 27.57 | N11: 28.44 | O11: 7552413.7 | P11: 2961839.3 | Q11: 1860906.5 | R11: 432 | S11: 311
B12: Adjustments | G12: 44652 | H12: 504335.39 | I12: 6.83 | J12: 3444610.7 | K12: 237065.11 | L12: 227947.12 | M12: 20.71 | N12: 25.66 | O12: 10758742 | P12: 2307313.6 | Q12: 1436906.4 | R12: 416 | S12: 304
G13: 44682 | H13: 330867.34 | I13: 5.36 | J13: 1773448.9 | K13: -809107.62 | L13: 38570.086 | M13: 16.28 | N13: 16.3 | O13: -12543580 | P13: 3495709.7 | Q13: 1691934.7 | R13: 400 | S13: 344
B14: Revenues from Rate Pools to Composite Cost Pool | C14: 2022 | D14: 2023 | E14: Rate Period | G14: 44713 | H14: 524741.73 | I14: 5.65 | J14: 2964790.8 | K14: -1059927.2 | L14: 323.41281 | M14: 17.15 | N14: 10.62 | O14: -18174316 | P14: 3952932.9 | Q14: 1590173.8 | R14: 416 | S14: 304
B15: DSI Revenue Credit | C15: -4277.3328 | D15: -4277.3328 | E15: -8554.6656 | G15: 44743 | H15: 490206.24 | I15: 12.14 | J15: 5951103.8 | K15: -537766.35 | L15: 177800.91 | M15: 36.83 | N15: 21.36 | O15: -16008107 | P15: 3505339.3 | Q15: 1757589.5 | R15: 400 | S15: 344
B16: Exchange Revenues | C16: 0 | D16: 0 | E16: 0 | G16: 44774 | H16: 636317.35 | I16: 11.83 | J16: 7527634.2 | K16: -390177.79 | L16: 103370.55 | M16: 35.87 | N16: 26.85 | O16: -11220178 | P16: 3425259.2 | Q16: 1660955.5 | R16: 432 | S16: 312
B17: New Resource Revenues | C17: -0.7578042 | D17: -0.79364321 | E17: -1.5514474 | G17: 44805 | H17: 476739.06 | I17: 9.29 | J17: 4428905.9 | K17: -343859.04 | L17: 48849.337 | M17: 28.15 | N17: 28.95 | O17: -8265443.6 | P17: 2999685 | Q17: 1700507.6 | R17: 400 | S17: 320
B18: FPS Revenues | C18: -1070.472 | D18: -1070.472 | E18: -2140.944 | G18: 44835 | H18: 261618.29 | I18: 9.87 | J18: 2582172.6 | K18: -189155.16 | L18: 115774.72 | M18: 29.92 | N18: 28.27 | O18: -2386571.1 | P18: 2920790.3 | Q18: 1633134.2 | R18: 416 | S18: 328
B19: Non-Federal RSS Revenues | C19: -879 | D19: -879 | E19: -1758 | G19: 44866 | H19: 322761.49 | I19: 10.46 | J19: 3376085.2 | K19: -376629.5 | L19: -50419.293 | M19: 31.71 | N19: 29.14 | O19: -13412140 | P19: 3537945.2 | Q19: 2227488.4 | R19: 400 | S19: 321
B20: Other Credits | C20: -243708.91 | D20: -243818.95 | E20: -487527.86 | G20: 44896 | H20: 674424.99 | I20: 12.78 | J20: 8619151.3 | K20: 298722.84 | L20: 137986.87 | M20: 38.76 | N20: 32.05 | O20: 16000977 | P20: 3223872.7 | Q20: 2419334.9 | R20: 416 | S20: 328
B21: Tiered Rate Elements | E21: 0 | G21: 44927 | H21: 523881.32 | I21: 11.31 | J21: 5925097.7 | K21: 699465.43 | L21: 491513.22 | M21: 34.29 | N21: 25.85 | O21: 36690286 | P21: 2651579.7 | Q21: 2009469.8 | R21: 400 | S21: 344
B22: Unused RHWM Credit Reallocation | C22: -86167.761 | D22: -79301.385 | E22: -165469.15 | G22: 44958 | H22: 357502.71 | I22: 11.47 | J22: 4100556.1 | K22: 565494.25 | L22: 311507.06 | M22: 34.79 | N22: 28.29 | O22: 28486080 | P22: 2346690.1 | Q22: 1693143.7 | R22: 384 | S22: 288
B23: Balancing Augmentation Adjustment Reallocation | C23: 4070.1128 | D23: -4018.79 | E23: 51.322786 | G23: 44986 | H23: 558228.39 | I23: 9.09 | J23: 5074296.1 | K23: 135535.13 | L23: 167041.91 | M23: 27.57 | N23: 28.44 | O23: 8487375.4 | P23: 2961839.3 | Q23: 1860906.5 | R23: 432 | S23: 311
B24: Composite Augmentation RSS Revenue Debit/(Credit) | C24: -2010 | D24: -2010 | E24: -4020 | G24: 45017 | H24: 455216.85 | I24: 6.83 | J24: 3109131.1 | K24: 219417.33 | L24: 280944.95 | M24: 20.71 | N24: 25.66 | O24: 11753180 | P24: 2307313.6 | Q24: 1436906.4 | R24: 400 | S24: 320
B25: Composite Tier 2 RSS Revenue Debit/(Credit) | C25: -150.89012 | D25: -166.89648 | E25: -317.78661 | G25: 45047 | H25: 399463.22 | I25: 5.36 | J25: 2141122.9 | K25: -758832.43 | L25: 17911.659 | M25: 16.28 | N25: 16.3 | O25: -12061832 | P25: 3495709.7 | Q25: 1691934.7 | R25: 416 | S25: 328
B26: Composite Tier 2 Rate Design Adjustment Debit/(Credit) | C26: -1537.3858 | D26: -1767.1954 | E26: -3304.5812 | G26: 45078 | H26: 532657.15 | I26: 5.65 | J26: 3009512.9 | K26: -1045932.5 | L26: 10600.741 | M26: 17.15 | N26: 10.62 | O26: -17825163 | P26: 3952932.9 | Q26: 1590173.8 | R26: 416 | S26: 304
B27: Transmission Losses Adjustment Reallocation | C27: -30186.656 | D27: -30577.444 | E27: -60764.1 | G27: 45108 | H27: 498207.5 | I27: 12.14 | J27: 6048239 | K27: -523002.41 | L27: 189954.68 | M27: 36.83 | N27: 21.36 | O27: -15204747 | P27: 3505339.3 | Q27: 1757589.5 | R27: 400 | S27: 344
B28: Total | C28: -365919.05 | D28: -367888.26 | E28: -733807.31 | G28: 45139 | H28: 644059.53 | I28: 11.83 | J28: 7619224.2 | K28: -374016.82 | L28: 116209.27 | M28: 35.87 | N28: 26.85 | O28: -10295764 | P28: 3425259.2 | Q28: 1660955.5 | R28: 432 | S28: 312
G29: 45170 | H29: 467292.99 | I29: 9.29 | J29: 4341151.9 | K29: -322877.31 | L29: 67000.587 | M29: 28.15 | N29: 28.95 | O29: -7149329.4 | P29: 2999685 | Q29: 1700507.6 | R29: 400 | S29: 320
B30: Rate Discount Costs Applied to Composite Pool | C30: 2022 | D30: 2023 | E30: Rate Period
B31: Irigation Rate Discout Costs | C31: 20509.49 | D31: 20509.49 | E31: 41018.979 | H31: Rate Period Values
B32: Low Density Discount Costs | C32: 39482.023 | D32: 40009.386 | E32: 79491.409 | G32: IRD | H32: 10.9
B33: Total | C33: 59991.512 | D33: 60518.876 | E33: 120510.39 | G33: LSTUR | H33: -6.11
G34: Tier 2 Load Shaping Flat Block | H34: =(SUMPRODUCT(M6:M29,R6:R29)+SUMPRODUCT(N6:N29,S6:S29))/SUM(R6:S29) -> 27.474719
C35: 2022 | D35: 2023 | E35: Rate Period | G35: RT1SC | H35: 6736.359
B36: Composite | C36: 2253277.1 | D36: 2297672.2 | E36: 4550949.3 | G36: sum of RHWM | H36: 6736.361
B38: Non-Slice Revenues, Credits, and Costs | C38: 2022 | D38: 2023 | E38: Rate Period
B39: Secondary Revenue | C39: -503855.5 | D39: -447898.23 | E39: -951753.73
B40: Unused RHWM Credit Reallocation | C40: 86167.761 | D40: 79301.385 | E40: 165469.15
B41: Other Long Term Contract Revenues | C41: 0 | D41: 0 | E41: 0
B42: Non-federal RSC Revenues | C42: -236 | D42: -236 | E42: -472
B43: NR Revenues from ESS services | C43: 0 | D43: 0 | E43: 0
B44: Load Shaping Revenue | C44: -12712.703 | D44: -23082.352 | E44: -35795.054
B45: Balancing Augmentation Adjustment Reallocation | C45: -4070.1128 | D45: 4018.79 | E45: -51.322786
B46: Demand Revenue | C46: -54968.836 | D46: -55945.741 | E46: -110914.58
B47: Non-Slice Augmentation RSC Revenue Debit/(Credit) | C47: -76 | D47: -76 | E47: -152
B48: Non-Slice Tier 2 RSC Revenue Debit/(Credit) | C48: 0 | D48: 0 | E48: 0
B49: Non-Slice Tier 2 Rate Design Debit/(Credit) | C49: 0 | D49: 0 | E49: 0
B50: Real Power Losses (Non-Slice) | C50: 0 | D50: 0 | E50: 0
... B53: Total | C53: -459564.74 | D53: -413340.7 | E53: -872905.44
C55: 2022 | D55: 2023 | E55: Rate Period
B56: Non-Slice | C56: -305952.01 | D56: -268338.61 | E56: -574290.62
B58: TRM Costs after Adjustments | C58: 2022 | D58: 2023 | E58: Rate Period
B59: Composite | C59: 2253277.1 | D59: 2297672.2 | E59: 4550949.3
B60: Non-Slice | C60: -305952.01 | D60: -268338.61 | E60: -574290.62
B61: Slice | C61: 0 | D61: 0 | E61: 0
B62: Tier 2 | C62: 46009.386 | D62: 48974.658 | E62: 94984.045
B63: Total Costs | C63: 1993334.4 | D63: 2078308.3 | E63: 4071642.7
B65: Billing Determinants | C65: 2022 | D65: 2023 | E65: Rate Period
B66: TOCA | C66: 94.73115 | D66: 95.04191 | E66: 94.88653
B67: Non-slice TOCA | C67: 72.36848 | D67: 72.67924 | E67: 72.52386
B68: Slice Percentage | C68: 22.36267 | D68: 22.36267 | E68: 22.36267
B70: Annual TRM Rates ($000/percent) | C70: 2022 | D70: 2023 | E70: Rate Period
B71: Composite | C71: 23786.02 | D71: 24175.358 | E71: 23981.008
B72: Non-Slice | C72: -4227.6971 | D72: -3692.0944 | E72: -3959.322
B73: Slice | C73: 0 | D73: 0 | E73: 0
B75: Monthly TRM Rates ($/percent) | C75: 2022 | D75: 2023 | E75: Rate Period
B76: Composite | C76: 1982168.4 | D76: 2014613.2 | E76: 1998417.3
B77: Non-Slice | C77: -352308.09 | D77: -307674.53 | E77: -329943.5
B78: Slice | C78: 0 | D78: 0 | E78: 0
B80: Tier 2 Rates ($/MWh) | C80: 2022 | D80: 2023 | E80: Rate Period
B81: Tier 2 Short Term | C81: 34.39 | D81: 32.99 | E81: 33.654742
B82: Tier 2 Load Growth | C82: 34.39 | D82: 32.99 | E82: 33.69
B83: Tier 2 Vintage 3 | C83: 0 | D83: 0 | E83: 0
C85: 2022 | D85: 2023
B86: MAX Financial Reserves Surcharge Annual Rate BP22 | C86: 0.93435844 | D86: 0.9303731
B87: FRP Surcharge Dec-Sept rate BP22 | C87: 1.132356 | D87: 1.1275262
B88: LSTU w/ Surcharge, if any | C88: -7.0443584 | D88: -7.0403731
B91: sum of SSL, Oct-Sep, MWh | C91: 42705003 | D91: 42888384
B92: IP Load, Oct-Sep, MWh | C92: 105120 | D92: 105120
B93: sum of SSL, Dec-Sep, MWh | C93: 35237041 | D93: 35388353
B94: IP Load, Dec-Sep, MWh | C94: 87540 | D94: 87540

Sheet Rates_current
B1: Cost Allocation under Tiered Rates
B2: RAMmodel_RAM2024 Initial Proposal Preview
B5: Costs ($000) | C5: 2024 | D5: 2025 | E5: Rate Period | H5: Demand (kW) | I5: Demand Rate ($/kW/mo.) | J5: Demand | K5: Load Shaping HLH (MWh) | L5: Load Shaping LLH (MWh) | M5: Load Shaping HLH Rate ($/MWh) | N5: Load Shaping LLH Rate ($/MWh) | O5: Load Shaping | P5: RT1SC HLH | Q5: RT1SC LLH | R5: HLH | S5: LLH
B6: Composite | C6: 2696652.4 | D6: 2750890.8 | E6: 5447543.2 | G6: 45200 | H6: 280268.39 | I6: 10.37 | J6: 2906383.2 | K6: 170428.3 | L6: 161888.21 | M6: 47.71 | N6: 32.91 | O6: 13458875 | P6: 2552444 | Q6: 1666359.7 | R6: =VLOOKUP($G6,Init!$C$5:$H$232, 2,FALSE) -> 416 | S6: =VLOOKUP($G6,Init!$C$5:$H$232, 3,FALSE) -> 328
B7: Non-Slice | C7: 273682.28 | D7: 261470.94 | E7: 535153.22 | G7: 45231 | H7: 298840.98 | I7: 8.75 | J7: 2614858.6 | K7: -65221.18 | L7: 111842.95 | M7: 40.3 | N7: 31.39 | O7: 882336.56 | P7: 3264487.3 | Q7: 2115878.6 | R7: =VLOOKUP($G7,Init!$C$5:$H$232, 2,FALSE) -> 400 | S7: =VLOOKUP($G7,Init!$C$5:$H$232, 3,FALSE) -> 321
B8: Slice | C8: 0 | D8: 0 | E8: 0 | G8: 45261 | H8: 542575.29 | I8: 13.39 | J8: 7265083.1 | K8: 132756.16 | L8: 378666.43 | M8: 61.63 | N8: 52.69 | O8: 28133697 | P8: 3520485.7 | Q8: 2285993.7 | R8: =VLOOKUP($G8,Init!$C$5:$H$232, 2,FALSE) -> 400 | S8: =VLOOKUP($G8,Init!$C$5:$H$232, 3,FALSE) -> 344
B9: Tier 2 | C9: 114786.94 | D9: 205792.01 | E9: 320578.94 | G9: 45292 | H9: 590318.66 | I9: 10.84 | J9: 6399054.3 | K9: 94327.633 | L9: 327043.35 | M9: 49.88 | N9: 36.73 | O9: 16717365 | P9: 3735691.7 | Q9: 2298138 | R9: =VLOOKUP($G9,Init!$C$5:$H$232, 2,FALSE) -> 416 | S9: =VLOOKUP($G9,Init!$C$5:$H$232, 3,FALSE) -> 328
B10: Total Costs | C10: 3085121.6 | D10: 3218153.8 | E10: 6303275.4 | G10: 45323 | H10: 412113.76 | I10: 10.93 | J10: 4504403.4 | K10: 17538.263 | L10: 259597 | M10: 50.32 | N10: 42.01 | O10: 11788196 | P10: 3299995.9 | Q10: 1889902 | R10: =VLOOKUP($G10,Init!$C$5:$H$232, 2,FALSE) -> 400 | S10: =VLOOKUP($G10,Init!$C$5:$H$232, 3,FALSE) -> 296
G11: 45352 | H11: 514958.04 | I11: 7.62 | J11: 3923980.3 | K11: -148847.19 | L11: 30144.578 | M11: 35.07 | N11: 35.84 | O11: -4139689.1 | P11: 3449919.1 | Q11: 2216421.8 | R11: =VLOOKUP($G11,Init!$C$5:$H$232, 2,FALSE) -> 416 | S11: =VLOOKUP($G11,Init!$C$5:$H$232, 3,FALSE) -> 327
B12: Adjustments | G12: 45383 | H12: 514207.79 | I12: 4.43 | J12: 2277940.5 | K12: 24913.479 | L12: 61369.239 | M12: 20.42 | N12: 21.67 | O12: 1838604.6 | P12: 2722407.8 | Q12: 1750213.5 | R12: =VLOOKUP($G12,Init!$C$5:$H$232, 2,FALSE) -> 416 | S12: =VLOOKUP($G12,Init!$C$5:$H$232, 3,FALSE) -> 304
G13: 45413 | H13: 386414.45 | I13: 3.95 | J13: 1526337.1 | K13: -589047.78 | L13: -283155.74 | M13: 18.21 | N13: 16.34 | O13: -15353325 | P13: 3371816.8 | Q13: 2177069.2 | R13: =VLOOKUP($G13,Init!$C$5:$H$232, 2,FALSE) -> 416 | S13: =VLOOKUP($G13,Init!$C$5:$H$232, 3,FALSE) -> 328
B14: Revenues from Rate Pools to Composite Cost Pool | C14: 2024 | D14: 2025 | E14: Rate Period | G14: 45444 | H14: 498640.71 | I14: 3.88 | J14: 1934726 | K14: -735394.9 | L14: -290674.44 | M14: 17.87 | N14: 10.33 | O14: -16144174 | P14: 3560007.9 | Q14: 2109275.1 | R14: =VLOOKUP($G14,Init!$C$5:$H$232, 2,FALSE) -> 400 | S14: =VLOOKUP($G14,Init!$C$5:$H$232, 3,FALSE) -> 320
B15: DSI Revenue Credit | C15: -3998.3011 | D15: -3987.3768 | E15: -7985.6779 | G15: 45474 | H15: 608428.95 | I15: 12.08 | J15: 7349821.7 | K15: -106090.84 | L15: 129778.06 | M15: 55.6 | N15: 36.92 | O15: -1107244.7 | P15: 3067031.8 | Q15: 1854722.6 | R15: =VLOOKUP($G15,Init!$C$5:$H$232, 2,FALSE) -> 416 | S15: =VLOOKUP($G15,Init!$C$5:$H$232, 3,FALSE) -> 328
B16: Exchange Revenues | C16: 0 | D16: 0 | E16: 0 | G16: 45505 | H16: 679098.09 | I16: 15.54 | J16: 10553184 | K16: 4889.2616 | L16: 93194.786 | M16: 71.52 | N16: 48.93 | O16: 4909700.9 | P16: 3018290.2 | Q16: 1739738.1 | R16: =VLOOKUP($G16,Init!$C$5:$H$232, 2,FALSE) -> 432 | S16: =VLOOKUP($G16,Init!$C$5:$H$232, 3,FALSE) -> 312
B17: New Resource Revenues | C17: -0.83895508 | D17: -0.84078149 | E17: -1.6797366 | G17: 45536 | H17: 372483.21 | I17: 12.75 | J17: 4749160.9 | K17: 1010.6897 | L17: 119034.79 | M17: 58.7 | N17: 44.18 | O17: 5318284.3 | P17: 2614938.3 | Q17: 1763369.1 | R17: =VLOOKUP($G17,Init!$C$5:$H$232, 2,FALSE) -> 384 | S17: =VLOOKUP($G17,Init!$C$5:$H$232, 3,FALSE) -> 336
B18: FPS Revenues | C18: 0 | D18: 0 | E18: 0 | G18: 45566 | H18: 369256.57 | I18: 10.37 | J18: 3829190.6 | K18: 213243.53 | L18: 117297 | M18: 47.71 | N18: 32.91 | O18: 14034093 | P18: 2552444 | Q18: 1666359.7 | R18: =VLOOKUP($G18,Init!$C$5:$H$232, 2,FALSE) -> 432 | S18: =VLOOKUP($G18,Init!$C$5:$H$232, 3,FALSE) -> 312
B19: Non-Federal RSS Revenues | C19: -964 | D19: -944 | E19: -1908 | G19: 45597 | H19: 320802.36 | I19: 8.75 | J19: 2807020.6 | K19: -67883.389 | L19: 109784.36 | M19: 40.3 | N19: 31.39 | O19: 710430.42 | P19: 3264487.3 | Q19: 2115878.6 | R19: =VLOOKUP($G19,Init!$C$5:$H$232, 2,FALSE) -> 400 | S19: =VLOOKUP($G19,Init!$C$5:$H$232, 3,FALSE) -> 321
B20: Other Credits | C20: -261207.39 | D20: -261564.51 | E20: -522771.9 | G20: 45627 | H20: 580919.21 | I20: 13.39 | J20: 7778508.2 | K20: 128982.49 | L20: 379050.6 | M20: 61.63 | N20: 52.69 | O20: 27921367 | P20: 3520485.7 | Q20: 2285993.7 | R20: =VLOOKUP($G20,Init!$C$5:$H$232, 2,FALSE) -> 400 | S20: =VLOOKUP($G20,Init!$C$5:$H$232, 3,FALSE) -> 344
B21: Tiered Rate Elements | E21: 0 | G21: 45658 | H21: 609502.25 | I21: 10.84 | J21: 6607004.4 | K21: 94931.236 | L21: 328109.94 | M21: 49.88 | N21: 36.73 | O21: 16786648 | P21: 3735691.7 | Q21: 2298138 | R21: =VLOOKUP($G21,Init!$C$5:$H$232, 2,FALSE) -> 416 | S21: =VLOOKUP($G21,Init!$C$5:$H$232, 3,FALSE) -> 328
B22: Unused RHWM Credit Reallocation | C22: -98789.345 | D22: -86643.867 | E22: -185433.21 | G22: 45689 | H22: 416065.61 | I22: 10.93 | J22: 4547597.2 | K22: 62274.639 | L22: 289452.28 | M22: 50.32 | N22: 42.01 | O22: 15293550 | P22: 3186982 | Q22: 1833395 | R22: =VLOOKUP($G22,Init!$C$5:$H$232, 2,FALSE) -> 384 | S22: =VLOOKUP($G22,Init!$C$5:$H$232, 3,FALSE) -> 288
B23: Balancing Augmentation Adjustment Reallocation | C23: -2358.4355 | D23: -5791.9218 | E23: -8150.3573 | G23: 45717 | H23: 536620.98 | I23: 7.62 | J23: 4089051.9 | K23: -148478.65 | L23: 30203.88 | M23: 35.07 | N23: 35.84 | O23: -4124639.2 | P23: 3449919.1 | Q23: 2216421.8 | R23: =VLOOKUP($G23,Init!$C$5:$H$232, 2,FALSE) -> 416 | S23: =VLOOKUP($G23,Init!$C$5:$H$232, 3,FALSE) -> 327
B24: Composite Augmentation RSS Revenue Debit/(Credit) | C24: -1947 | D24: -1947 | E24: -3894 | G24: 45748 | H24: 570530.42 | I24: 4.43 | J24: 2527449.8 | K24: 29063.707 | L24: 64718.084 | M24: 20.42 | N24: 21.67 | O24: 1995921.8 | P24: 2722407.8 | Q24: 1750213.5 | R24: =VLOOKUP($G24,Init!$C$5:$H$232, 2,FALSE) -> 416 | S24: =VLOOKUP($G24,Init!$C$5:$H$232, 3,FALSE) -> 304
B25: Composite Tier 2 RSS Revenue Debit/(Credit) | C25: -202.82344 | D25: -380.0342 | E25: -582.85764 | G25: 45778 | H25: 412101.68 | I25: 3.95 | J25: 1627801.6 | K25: -587583.14 | L25: -283674.11 | M25: 18.21 | N25: 16.34 | O25: -15335124 | P25: 3371816.8 | Q25: 2177069.2 | R25: =VLOOKUP($G25,Init!$C$5:$H$232, 2,FALSE) -> 416 | S25: =VLOOKUP($G25,Init!$C$5:$H$232, 3,FALSE) -> 328
B26: Composite Tier 2 Rate Design Adjustment Debit/(Credit) | C26: -2713.1263 | D26: -4998.2295 | E26: -7711.3557 | G26: 45809 | H26: 506570.05 | I26: 3.88 | J26: 1965491.8 | K26: -733316.16 | L26: -291731.67 | M26: 17.87 | N26: 10.33 | O26: -16117948 | P26: 3560007.9 | Q26: 2109275.1 | R26: =VLOOKUP($G26,Init!$C$5:$H$232, 2,FALSE) -> 400 | S26: =VLOOKUP($G26,Init!$C$5:$H$232, 3,FALSE) -> 320
B27: Transmission Losses Adjustment Reallocation | C27: -33464.085 | D27: -33638.998 | E27: -67103.082 | G27: 45839 | H27: 673242.03 | I27: 12.08 | J27: 8132763.7 | K27: -102087.25 | L27: 133383.53 | M27: 55.6 | N27: 36.92 | O27: -751531.36 | P27: 3067031.8 | Q27: 1854722.6 | R27: =VLOOKUP($G27,Init!$C$5:$H$232, 2,FALSE) -> 416 | S27: =VLOOKUP($G27,Init!$C$5:$H$232, 3,FALSE) -> 328
B28: Total | C28: -405645.35 | D28: -399896.78 | E28: -805542.12 | G28: 45870 | H28: 627270.34 | I28: 15.54 | J28: 9747781.1 | K28: -33034.853 | L28: 133974.39 | M28: 71.52 | N28: 48.93 | O28: 4192714.2 | P28: 3018290.2 | Q28: 1739738.1 | R28: =VLOOKUP($G28,Init!$C$5:$H$232, 2,FALSE) -> 416 | S28: =VLOOKUP($G28,Init!$C$5:$H$232, 3,FALSE) -> 328
G29: 45901 | H29: 482740.45 | I29: 12.75 | J29: 6154940.8 | K29: 40575.761 | L29: 79689.893 | M29: 58.7 | N29: 44.18 | O29: 5902496.7 | P29: 2614938.3 | Q29: 1763369.1 | R29: =VLOOKUP($G29,Init!$C$5:$H$232, 2,FALSE) -> 400 | S29: =VLOOKUP($G29,Init!$C$5:$H$232, 3,FALSE) -> 320
B30: Rate Discount Costs Applied to Composite Pool | C30: 2024 | D30: 2025 | E30: Rate Period
B31: Irigation Rate Discout Costs | C31: 21770.165 | D31: 21770.165 | E31: 43540.329 | H31: Rate Period Values
B32: Low Density Discount Costs | C32: 37700.686 | D32: 38531.674 | E32: 76232.36 | G32: IRD | H32: 11.57
B33: Total | C33: 59470.851 | D33: 60301.839 | E33: 119772.69 | G33: LSTUR | H33: 6.73
G34: Tier 2 Load Shaping Flat Block | H34: =(SUMPRODUCT(M6:M29,R6:R29)+SUMPRODUCT(N6:N29,S6:S29))/SUM(R6:S29) -> 39.674673
C35: 2024 | D35: 2025 | E35: Rate Period | G35: RT1SC | H35: 7063.365
B36: Composite | C36: 2350477.9 | D36: 2411295.9 | E36: 4761773.8 | G36: sum of RHWM | H36: 7063.367
G37: Transfer Service Delivery Rate | H37: 1.12
B38: Non-Slice Revenues, Credits, and Costs | C38: 2024 | D38: 2025 | E38: Rate Period | G38: Transfer Service Regional Compliance Enforcement Rate | H38: 0.05
B39: Secondary Revenue | C39: -638012.82 | D39: -575151.8 | E39: -1213164.6
B40: Unused RHWM Credit Reallocation | C40: 98789.345 | D40: 86643.867 | E40: 185433.21
B41: Other Long Term Contract Revenues | C41: 0 | D41: 0 | E41: 0
B42: Non-federal RSC Revenues | C42: -92 | D42: -92 | E42: -184
B43: NR Revenues from ESS services | C43: 0 | D43: 0 | E43: 0
B44: Load Shaping Revenue | C44: -57930.734 | D44: -63974.995 | E44: -121905.73
B45: Balancing Augmentation Adjustment Reallocation | C45: 2358.4355 | D45: 5791.9218 | E45: 8150.3573
B46: Demand Revenue | C46: -60246.804 | D46: -62636.256 | E46: -122883.06
B47: Non-Slice Augmentation RSC Revenue Debit/(Credit) | C47: -842 | D47: -842 | E47: -1684
B48: Non-Slice Tier 2 RSC Revenue Debit/(Credit) | C48: 0 | D48: 0 | E48: 0
B49: Non-Slice Tier 2 Rate Design Debit/(Credit) | C49: 0 | D49: 0 | E49: 0
B50: Real Power Losses (Non-Slice) | C50: 0 | D50: 0 | E50: 0
... B53: Total | C53: -622512.5 | D53: -576622.27 | E53: -1199134.8
C55: 2024 | D55: 2025 | E55: Rate Period
B56: Non-Slice | C56: -348830.22 | D56: -315151.32 | E56: -663981.54
B58: TRM Costs after Adjustments | C58: 2024 | D58: 2025 | E58: Rate Period
B59: Composite | C59: 2350477.9 | D59: 2411295.9 | E59: 4761773.8
B60: Non-Slice | C60: -348830.22 | D60: -315151.32 | E60: -663981.54
B61: Slice | C61: 0 | D61: 0 | E61: 0
B62: Tier 2 | C62: 114786.94 | D62: 205792.01 | E62: 320578.94
B63: Total Costs | C63: 2116434.6 | D63: 2301936.6 | E63: 4418371.2
B65: Billing Determinants | C65: 2024 | D65: 2025 | E65: Rate Period
B66: TOCA | C66: 95.37968 | D66: 95.76905 | E66: 95.574365
B67: Non-slice TOCA | C67: 75.63897 | D67: 76.02834 | E67: 75.833655
B68: Slice Percentage | C68: 19.74071 | D68: 19.74071 | E68: 19.74071
B70: Annual TRM Rates ($000/percent) | C70: 2024 | D70: 2025 | E70: Rate Period
B71: Composite | C71: 24643.382 | D71: 25178.237 | E71: 24911.354
B72: Non-Slice | C72: -4611.779 | D72: -4145.1822 | E72: -4377.8817
B73: Slice | C73: 0 | D73: 0 | E73: 0
B75: Monthly TRM Rates ($/percent) | C75: 2024 | D75: 2025 | E75: Rate Period
B76: Composite | C76: 2053615.2 | D76: 2098186.4 | E76: 2075946
B77: Non-Slice | C77: -384314.92 | D77: -345431.85 | E77: -364823
B78: Slice | C78: 0 | D78: 0 | E78: 0
B80: Tier 2 Rates ($/MWh) | C80: 2024 | D80: 2025 | E80: Rate Period
B81: Tier 2 Short Term | C81: 63.83 | D81: 60.25 | E81: 61.495772
B82: Tier 2 Load Growth | C82: 63.83 | D82: 60.25 | E82: 62.04
B83: Tier 2 Vintage 3 | C83: 0 | D83: 0 | E83: 0
C85: 2024 | D85: 2025
B86: MAX Financial Reserves Surcharge Annual Rate BP24 | C86: =40000000/SUM(C91:C92) -> 0.87932559 | D86: =40000000/SUM(D91:D92) -> 0.87713365
B87: FRP Surcharge Dec-Sept rate BP24 | C87: =40000000/SUM(C93:C94) -> 1.0062971 | D87: =40000000/SUM(D93:D94) -> 1.0382288
B88: LSTU w/ Surcharge, if any | C88: =$H$33-C86 -> 5.8506744 | D88: =$H$33-D86 -> 5.8528664
B91: sum of SSL, Oct-Sep, MWh | C91: 45392783 | D91: 45506725
B92: IP Load, Oct-Sep, MWh | C92: 96624 | D92: 96360
B93: sum of SSL, Dec-Sep, MWh | C93: =SUM('Staging Table'!DK6:DT139) -> 39669182 | D93: 38446907
B94: IP Load, Dec-Sep, MWh | C94: =44587+35922 -> 80509 | D94: =44439+35806 -> 80245

Sheet IRD
A2: Previous | E2: Current
A3: Preference Customer Parameters | E3: Preference Customer Parameters
A4: BESID | B4: AccountName | C4: IRD Loads | E4: BESID | F4: AccountName | G4: IRD Loads | J4: JOE Previous | K4: JOE Current
A5: 10005 | B5: Alder Mutual | C5: 0 | E5: 10005 | F5: Alder Mutual | G5: 0 | J5: =VLOOKUP(A5, TOCA_previous!$A$3:$D$137, 4, FALSE) -> 0 | K5: =VLOOKUP(E5, TOCA_current!A2:D136, 4, FALSE) -> 0
A6: 10015 | B6: Asotin County PUD #1 | C6: 0 | E6: 10015 | F6: Asotin County PUD #1 | G6: 0 | J6: =VLOOKUP(A6, TOCA_previous!$A$3:$D$137, 4, FALSE) -> 0 | K6: =VLOOKUP(E6, TOCA_current!A3:D137, 4, FALSE) -> 0
A7: 10024 | B7: Benton County PUD #1 | C7: 312239.2 | E7: 10024 | F7: Benton County PUD #1 | G7: 312239.2 | J7: =VLOOKUP(A7, TOCA_previous!$A$3:$D$137, 4, FALSE) -> 0 | K7: =VLOOKUP(E7, TOCA_current!A4:D138, 4, FALSE) -> 0
A8: 10025 | B8: Benton REA | C8: 82900.857 | E8: 10025 | F8: Benton REA | G8: 82900.857 | J8: =VLOOKUP(A8, TOCA_previous!$A$3:$D$137, 4, FALSE) -> 0 | K8: =VLOOKUP(E8, TOCA_current!A5:D139, 4, FALSE) -> 0
A9: 10027 | B9: Big Bend Elec Coop | C9: 209669.54 | E9: 10027 | F9: Big Bend Elec Coop | G9: 209669.54 | J9: =VLOOKUP(A9, TOCA_previous!$A$3:$D$137, 4, FALSE) -> 0 | K9: =VLOOKUP(E9, TOCA_current!A6:D140, 4, FALSE) -> 0
A10: 10029 | B10: Blachly Lane Elec Coop | C10: 0 | E10: 10029 | F10: Blachly Lane Elec Coop | G10: 0 | J10: =VLOOKUP(A10, TOCA_previous!$A$3:$D$137, 4, FALSE) -> 1 | K10: =VLOOKUP(E10, TOCA_current!A7:D141, 4, FALSE) -> 1
A11: 10044 | B11: Canby, City of | C11: 0 | E11: 10044 | F11: Canby, City of | G11: 0 | J11: =VLOOKUP(A11, TOCA_previous!$A$3:$D$137, 4, FALSE) -> 0 | K11: =VLOOKUP(E11, TOCA_current!A8:D142, 4, FALSE) -> 0
A12: 10046 | B12: Central Electric Coop | C12: 41085.457 | E12: 10046 | F12: Central Electric Coop | G12: 41085.457 | J12: =VLOOKUP(A12, TOCA_previous!$A$3:$D$137, 4, FALSE) -> 1 | K12: =VLOOKUP(E12, TOCA_current!A9:D143, 4, FALSE) -> 1
A13: 10047 | B13: Central Lincoln PUD | C13: 0 | E13: 10047 | F13: Central Lincoln PUD | G13: 0 | J13: =VLOOKUP(A13, TOCA_previous!$A$3:$D$137, 4, FALSE) -> 0 | K13: =VLOOKUP(E13, TOCA_current!A10:D144, 4, FALSE) -> 0
A14: 10055 | B14: Albion, City of | C14: 0 | E14: 10055 | F14: Albion, City of | G14: 0 | J14: =VLOOKUP(A14, TOCA_previous!$A$3:$D$137, 4, FALSE) -> 0 | K14: =VLOOKUP(E14, TOCA_current!A11:D145, 4, FALSE) -> 0
A15: 10057 | B15: Ashland, City of | C15: 0 | E15: 10057 | F15: Ashland, City of | G15: 0 | J15: =VLOOKUP(A15, TOCA_previous!$A$3:$D$137, 4, FALSE) -> 0 | K15: =VLOOKUP(E15, TOCA_current!A12:D146, 4, FALSE) -> 0
A16: 10059 | B16: Bandon, City of | C16: 0 | E16: 10059 | F16: Bandon, City of | G16: 0 | J16: =VLOOKUP(A16, TOCA_previous!$A$3:$D$137, 4, FALSE) -> 0 | K16: =VLOOKUP(E16, TOCA_current!A13:D147, 4, FALSE) -> 0
... A103: 10331 | B103: Raft River Elec Coop | C103: 133086.86 | E103: 10331 | F103: Raft River Elec Coop | G103: 133086.86 | J103: =VLOOKUP(A103, TOCA_previous!$A$3:$D$137, 4, FALSE) -> 1 | K103: =VLOOKUP(E103, TOCA_current!A100:D234, 4, FALSE) -> 1
A104: 10333 | B104: Ravalli County Elec Coop | C104: 0 | E104: 10333 | F104: Ravalli County Elec Coop | G104: 0 | J104: 1 | K104: 1
A105: 10338 | B105: Riverside Elec Coop | C105: 4155.21 | E105: 10338 | F105: Riverside Elec Coop | G105: 4155.21 | J105: =VLOOKUP(A105, TOCA_previous!$A$3:$D$137, 4, FALSE) -> 0 | K105: =VLOOKUP(E105, TOCA_current!A102:D236, 4, FALSE) -> 0
A106: 10342 | B106: Salem Elec Coop | C106: 0 | E106: 10342 | F106: Salem Elec Coop | G106: 0 | J106: =VLOOKUP(A106, TOCA_previous!$A$3:$D$137, 4, FALSE) -> 0 | K106: =VLOOKUP(E106, TOCA_current!A103:D237, 4, FALSE) -> 0
A107: 10343 | B107: Salmon River Elec Coop | C107: 10505.661 | E107: 10343 | F107: Salmon River Elec Coop | G107: 10505.661 | J107: =VLOOKUP(A107, TOCA_previous!$A$3:$D$137, 4, FALSE) -> 0 | K107: =VLOOKUP(E107, TOCA_current!A104:D238, 4, FALSE) -> 0
A108: 10349 | B108: Seattle City Light | C108: 0 | E108: 10349 | F108: Seattle City Light | G108: 0 | J108: =VLOOKUP(A108, TOCA_previous!$A$3:$D$137, 4, FALSE) -> 0 | K108: =VLOOKUP(E108, TOCA_current!A105:D239, 4, FALSE) -> 0
A109: 10352 | B109: Skamania County PUD #1 | C109: 0 | E109: 10352 | F109: Skamania County PUD #1 | G109: 0 | J109: =VLOOKUP(A109, TOCA_previous!$A$3:$D$137, 4, FALSE) -> 0 | K109: =VLOOKUP(E109, TOCA_current!A106:D240, 4, FALSE) -> 0
A110: 10354 | B110: Snohomish County PUD #1 | C110: 0 | E110: 10354 | F110: Snohomish County PUD #1 | G110: 0 | J110: =VLOOKUP(A110, TOCA_previous!$A$3:$D$137, 4, FALSE) -> 0 | K110: =VLOOKUP(E110, TOCA_current!A107:D241, 4, FALSE) -> 0
A111: 10360 | B111: Southside Elec Lines | C111: 20009.34 | E111: 10360 | F111: Southside Elec Lines | G111: 20009.34 | J111: =VLOOKUP(A111, TOCA_previous!$A$3:$D$137, 4, FALSE) -> 0 | K111: =VLOOKUP(E111, TOCA_current!A108:D242, 4, FALSE) -> 0
A112: 10363 | B112: Springfield Utility Board | C112: 0 | E112: 10363 | F112: Springfield Utility Board | G112: 0 | J112: =VLOOKUP(A112, TOCA_previous!$A$3:$D$137, 4, FALSE) -> 0 | K112: =VLOOKUP(E112, TOCA_current!A109:D243, 4, FALSE) -> 0
A113: 10369 | B113: Surprise Valley Elec Coop | C113: 46210.901 | E113: 10369 | F113: Surprise Valley Elec Coop | G113: 46210.901 | J113: =VLOOKUP(A113, TOCA_previous!$A$3:$D$137, 4, FALSE) -> 0 | K113: =VLOOKUP(E113, TOCA_current!A110:D244, 4, FALSE) -> 0
A114: 10370 | B114: Tacoma Public Utilities | C114: 0 | E114: 10370 | F114: Tacoma Public Utilities | G114: 0 | J114: =VLOOKUP(A114, TOCA_previous!$A$3:$D$137, 4, FALSE) -> 0 | K114: =VLOOKUP(E114, TOCA_current!A111:D245, 4, FALSE) -> 0
A115: 10371 | B115: Tanner Elec Coop | C115: 0 | E115: 10371 | F115: Tanner Elec Coop | G115: 0 | J115: =VLOOKUP(A115, TOCA_previous!$A$3:$D$137, 4, FALSE) -> 0 | K115: =VLOOKUP(E115, TOCA_current!A112:D246, 4, FALSE) -> 0
A116: 10376 | B116: Tillamook PUD #1 | C116: 0 | E116: 10376 | F116: Tillamook PUD #1 | G116: 0 | J116: =VLOOKUP(A116, TOCA_previous!$A$3:$D$137, 4, FALSE) -> 0 | K116: =VLOOKUP(E116, TOCA_current!A113:D247, 4, FALSE) -> 0
... A133: 10502 | B133: Yakama Power | C133: 7189.697 | E133: 10502 | F133: Yakama Power | G133: 7189.697 | J133: =VLOOKUP(A133, TOCA_previous!$A$3:$D$137, 4, FALSE) -> 0 | K133: =VLOOKUP(E133, TOCA_current!A130:D264, 4, FALSE) -> 0
A134: 13927 | B134: Kalispel Tribe Utility | C134: 0 | E134: 13927 | F134: Kalispel Tribe Utility | G134: 0 | J134: 0 | K134: 0
A135: 10597 | B135: Hermiston, City of | C135: 0 | E135: 10597 | F135: Hermiston, City of | G135: 0 | J135: =VLOOKUP(A135, TOCA_previous!$A$3:$D$137, 4, FALSE) -> 0 | K135: =VLOOKUP(E135, TOCA_current!A131:D265, 4, FALSE) -> 0
A136: 10706 | B136: Port of Seattle - SETAC In'tl. Airport | C136: 0 | E136: 10706 | F136: Port of Seattle - SETAC In'tl. Airport | G136: 0 | J136: =VLOOKUP(A136, TOCA_previous!$A$3:$D$137, 4, FALSE) -> 0 | K136: =VLOOKUP(E136, TOCA_current!A132:D266, 4, FALSE) -> 0
A137: 11680 | B137: Weiser, City of | C137: 0 | E137: 11680 | F137: Weiser, City of | G137: 0 | J137: =VLOOKUP(A137, TOCA_previous!$A$3:$D$137, 4, FALSE) -> 0 | K137: =VLOOKUP(E137, TOCA_current!A133:D267, 4, FALSE) -> 0
A138: 12026 | B138: Jefferson County PUD #1 | C138: 0 | E138: 12026 | F138: Jefferson County PUD #1 | G138: 0 | J138: =VLOOKUP(A138, TOCA_previous!$A$3:$D$137, 4, FALSE) -> 0 | K138: =VLOOKUP(E138, TOCA_current!A134:D268, 4, FALSE) -> 0
A139: =+E139 -> 10298 | B139: PNGC Aggregate | C139: =SUMPRODUCT(C5:C138, J5:J138) -> 218482.31 | E139: 10298 | F139: PNGC Aggregate | G139: =SUMPRODUCT(G5:G138, K5:K138) -> 218482.31 | J139: =VLOOKUP(A139, TOCA_previous!$A$3:$D$137, 4, FALSE) -> 0 | K139: =VLOOKUP(E139, TOCA_current!A135:D269, 4, FALSE) -> 0

Sheet RT1SC
B2: Tier 1 System Capability
B3: previous | C3: =Rates_previous!H35 -> 6736.359
B4: current | C4: =Rates_current!H35 -> 7063.365
B6: Sum of RHWMs
B7: previous | C7: =SUM(TOCA_previous!$S$3:$S$136) -> 59010522
B8: current | C8: =SUM(TOCA_current!$S$3:$S$136) -> 62044616

Sheet LS_Demand_Rates_Restatement
B1: Reshaping physical format of rates for calculations
C2: 45200 | D2: 45200 | E2: 45231 | F2: 45231 | G2: 45261 | H2: 45261 | I2: 45292 | J2: 45292 | K2: 45323 | L2: 45323 | M2: 45352 | N2: 45352 | O2: 45383 | P2: 45383 | Q2: 45413 | R2: 45413 | S2: 45444 | T2: 45444 | U2: 45474 | V2: 45474 | W2: 45505 | X2: 45505 | Y2: 45536 | Z2: 45536 | AA2: 45566 | AB2: 45566 | AC2: 45597 | AD2: 45597 | AE2: 45627 | AF2: 45627 | AG2: 45658 | AH2: 45658 | AI2: 45689 | AJ2: 45689 | AK2: 45717 | AL2: 45717 | AM2: 45748 | AN2: 45748 | AO2: 45778 | AP2: 45778 | AQ2: 45809 | AR2: 45809 | AS2: 45839 | AT2: 45839 | AU2: 45870 | AV2: 45870 | AW2: 45901 | AX2: 45901
B3: Rate Class | C3: HLH | D3: LLH | E3: HLH | F3: LLH | G3: HLH | H3: LLH | I3: HLH | J3: LLH | K3: HLH | L3: LLH | M3: HLH | N3: LLH | O3: HLH | P3: LLH | Q3: HLH | R3: LLH | S3: HLH | T3: LLH | U3: HLH | V3: LLH | W3: HLH | X3: LLH | Y3: HLH | Z3: LLH | AA3: HLH | AB3: LLH | AC3: HLH | AD3: LLH | AE3: HLH | AF3: LLH | AG3: HLH | AH3: LLH | AI3: HLH | AJ3: LLH | AK3: HLH | AL3: LLH | AM3: HLH | AN3: LLH | AO3: HLH | AP3: LLH | AQ3: HLH | AR3: LLH | AS3: HLH | AT3: LLH | AU3: HLH | AV3: LLH | AW3: HLH | AX3: LLH
B4: previous LS | C4: =IF(C$3="HLH",VLOOKUP(DATE(YEAR(C$2)-2,MONTH(C$2),1),Rates_previous!$G$6:$O$29,7,FALSE),VLOOKUP(DATE(YEAR(C$2)-2,MONTH(C$2),1),Rates_previous!$G$6:$O$29,8,FALSE)) -> 29.92 | D4: =IF(D$3="HLH",VLOOKUP(DATE(YEAR(D$2)-2,MONTH(D$2),1),Rates_previous!$G$6:$O$29,7,FALSE),VLOOKUP(DATE(YEAR(D$2)-2,MONTH(D$2),1),Rates_previous!$G$6:$O$29,8,FALSE)) -> 28.27 | E4: =IF(E$3="HLH",VLOOKUP(DATE(YEAR(E$2)-2,MONTH(E$2),1),Rates_previous!$G$6:$O$29,7,FALSE),VLOOKUP(DATE(YEAR(E$2)-2,MONTH(E$2),1),Rates_previous!$G$6:$O$29,8,FALSE)) -> 31.71 | F4: =IF(F$3="HLH",VLOOKUP(DATE(YEAR(F$2)-2,MONTH(F$2),1),Rates_previous!$G$6:$O$29,7,FALSE),VLOOKUP(DATE(YEAR(F$2)-2,MONTH(F$2),1),Rates_previous!$G$6:$O$29,8,FALSE)) -> 29.14 | G4: =IF(G$3="HLH",VLOOKUP(DATE(YEAR(G$2)-2,MONTH(G$2),1),Rates_previous!$G$6:$O$29,7,FALSE),VLOOKUP(DATE(YEAR(G$2)-2,MONTH(G$2),1),Rates_previous!$G$6:$O$29,8,FALSE)) -> 38.76 | H4: =IF(H$3="HLH",VLOOKUP(DATE(YEAR(H$2)-2,MONTH(H$2),1),Rates_previous!$G$6:$O$29,7,FALSE),VLOOKUP(DATE(YEAR(H$2)-2,MONTH(H$2),1),Rates_previous!$G$6:$O$29,8,FALSE)) -> 32.05 | I4: =IF(I$3="HLH",VLOOKUP(DATE(YEAR(I$2)-2,MONTH(I$2),1),Rates_previous!$G$6:$O$29,7,FALSE),VLOOKUP(DATE(YEAR(I$2)-2,MONTH(I$2),1),Rates_previous!$G$6:$O$29,8,FALSE)) -> 34.29 | J4: =IF(J$3="HLH",VLOOKUP(DATE(YEAR(J$2)-2,MONTH(J$2),1),Rates_previous!$G$6:$O$29,7,FALSE),VLOOKUP(DATE(YEAR(J$2)-2,MONTH(J$2),1),Rates_previous!$G$6:$O$29,8,FALSE)) -> 25.85 | ... AX4: =IF(AX$3="HLH",VLOOKUP(DATE(YEAR(AX$2)-2,MONTH(AX$2),1),Rates_previous!$G$6:$O$29,7,FALSE),VLOOKUP(DATE(YEAR(AX$2)-2,MONTH(AX$2),1),Rates_previous!$G$6:$O$29,8,FALSE)) -> 28.95
B5: current LS | C5: =IF(C$3="HLH",VLOOKUP(DATE(YEAR(C$2),MONTH(C$2),1),Rates_current!$G$6:$O$29,7,FALSE),VLOOKUP(DATE(YEAR(C$2),MONTH(C$2),1),Rates_current!$G$6:$O$29,8,FALSE)) -> 47.71 | D5: =IF(D$3="HLH",VLOOKUP(DATE(YEAR(D$2),MONTH(D$2),1),Rates_current!$G$6:$O$29,7,FALSE),VLOOKUP(DATE(YEAR(D$2),MONTH(D$2),1),Rates_current!$G$6:$O$29,8,FALSE)) -> 32.91 | E5: =IF(E$3="HLH",VLOOKUP(DATE(YEAR(E$2),MONTH(E$2),1),Rates_current!$G$6:$O$29,7,FALSE),VLOOKUP(DATE(YEAR(E$2),MONTH(E$2),1),Rates_current!$G$6:$O$29,8,FALSE)) -> 40.3 | F5: =IF(F$3="HLH",VLOOKUP(DATE(YEAR(F$2),MONTH(F$2),1),Rates_current!$G$6:$O$29,7,FALSE),VLOOKUP(DATE(YEAR(F$2),MONTH(F$2),1),Rates_current!$G$6:$O$29,8,FALSE)) -> 31.39 | G5: =IF(G$3="HLH",VLOOKUP(DATE(YEAR(G$2),MONTH(G$2),1),Rates_current!$G$6:$O$29,7,FALSE),VLOOKUP(DATE(YEAR(G$2),MONTH(G$2),1),Rates_current!$G$6:$O$29,8,FALSE)) -> 61.63 | H5: =IF(H$3="HLH",VLOOKUP(DATE(YEAR(H$2),MONTH(H$2),1),Rates_current!$G$6:$O$29,7,FALSE),VLOOKUP(DATE(YEAR(H$2),MONTH(H$2),1),Rates_current!$G$6:$O$29,8,FALSE)) -> 52.69 | I5: =IF(I$3="HLH",VLOOKUP(DATE(YEAR(I$2),MONTH(I$2),1),Rates_current!$G$6:$O$29,7,FALSE),VLOOKUP(DATE(YEAR(I$2),MONTH(I$2),1),Rates_current!$G$6:$O$29,8,FALSE)) -> 49.88 | J5: =IF(J$3="HLH",VLOOKUP(DATE(YEAR(J$2),MONTH(J$2),1),Rates_current!$G$6:$O$29,7,FALSE),VLOOKUP(DATE(YEAR(J$2),MONTH(J$2),1),Rates_current!$G$6:$O$29,8,FALSE)) -> 36.73 | ... AX5: =IF(AX$3="HLH",VLOOKUP(DATE(YEAR(AX$2),MONTH(AX$2),1),Rates_current!$G$6:$O$29,7,FALSE),VLOOKUP(DATE(YEAR(AX$2),MONTH(AX$2),1),Rates_current!$G$6:$O$29,8,FALSE)) -> 44.18
B6: previous Demand | C6: =IF(C$3="HLH",VLOOKUP(DATE(YEAR(C$2)-2,MONTH(C$2),1),Rates_previous!$G$6:$O$29,3,FALSE),0) -> 9.87 | D6: =IF(D$3="HLH",VLOOKUP(DATE(YEAR(D$2)-2,MONTH(D$2),1),Rates_previous!$G$6:$O$29,3,FALSE),0) -> 0 | E6: =IF(E$3="HLH",VLOOKUP(DATE(YEAR(E$2)-2,MONTH(E$2),1),Rates_previous!$G$6:$O$29,3,FALSE),0) -> 10.46 | F6: =IF(F$3="HLH",VLOOKUP(DATE(YEAR(F$2)-2,MONTH(F$2),1),Rates_previous!$G$6:$O$29,3,FALSE),0) -> 0 | G6: =IF(G$3="HLH",VLOOKUP(DATE(YEAR(G$2)-2,MONTH(G$2),1),Rates_previous!$G$6:$O$29,3,FALSE),0) -> 12.78 | H6: =IF(H$3="HLH",VLOOKUP(DATE(YEAR(H$2)-2,MONTH(H$2),1),Rates_previous!$G$6:$O$29,3,FALSE),0) -> 0 | I6: =IF(I$3="HLH",VLOOKUP(DATE(YEAR(I$2)-2,MONTH(I$2),1),Rates_previous!$G$6:$O$29,3,FALSE),0) -> 11.31 | J6: =IF(J$3="HLH",VLOOKUP(DATE(YEAR(J$2)-2,MONTH(J$2),1),Rates_previous!$G$6:$O$29,3,FALSE),0) -> 0 | ... AX6: =IF(AX$3="HLH",VLOOKUP(DATE(YEAR(AX$2)-2,MONTH(AX$2),1),Rates_previous!$G$6:$O$29,3,FALSE),0) -> 0
B7: current Demand | C7: =IF(C$3="HLH",VLOOKUP(DATE(YEAR(C$2),MONTH(C$2),1),Rates_current!$G$6:$O$29,3,FALSE),0) -> 10.37 | D7: =IF(D$3="HLH",VLOOKUP(DATE(YEAR(D$2),MONTH(D$2),1),Rates_current!$G$6:$O$29,3,FALSE),0) -> 0 | E7: =IF(E$3="HLH",VLOOKUP(DATE(YEAR(E$2),MONTH(E$2),1),Rates_current!$G$6:$O$29,3,FALSE),0) -> 8.75 | F7: =IF(F$3="HLH",VLOOKUP(DATE(YEAR(F$2),MONTH(F$2),1),Rates_current!$G$6:$O$29,3,FALSE),0) -> 0 | G7: =IF(G$3="HLH",VLOOKUP(DATE(YEAR(G$2),MONTH(G$2),1),Rates_current!$G$6:$O$29,3,FALSE),0) -> 13.39 | H7: =IF(H$3="HLH",VLOOKUP(DATE(YEAR(H$2),MONTH(H$2),1),Rates_current!$G$6:$O$29,3,FALSE),0) -> 0 | I7: =IF(I$3="HLH",VLOOKUP(DATE(YEAR(I$2),MONTH(I$2),1),Rates_current!$G$6:$O$29,3,FALSE),0) -> 10.84 | J7: =IF(J$3="HLH",VLOOKUP(DATE(YEAR(J$2),MONTH(J$2),1),Rates_current!$G$6:$O$29,3,FALSE),0) -> 0 | ... AX7: =IF(AX$3="HLH",VLOOKUP(DATE(YEAR(AX$2),MONTH(AX$2),1),Rates_current!$G$6:$O$29,3,FALSE),0) -> 0
C9: =INDEX($C$2:$AX$2,1,C12) -> 45200 | D9: =INDEX($C$2:$AX$2,1,D12) -> 45231 | E9: =INDEX($C$2:$AX$2,1,E12) -> 45261 | F9: =INDEX($C$2:$AX$2,1,F12) -> 45292 | G9: =INDEX($C$2:$AX$2,1,G12) -> 45323 | H9: =INDEX($C$2:$AX$2,1,H12) -> 45352 | I9: =INDEX($C$2:$AX$2,1,I12) -> 45383 | J9: =INDEX($C$2:$AX$2,1,J12) -> 45413 | ... Z9: =INDEX($C$2:$AX$2,1,Z12) -> 45901
B10: previous Demand | C10: =INDEX($C$6:$AX$6,1,C12) -> 9.87 | D10: =INDEX($C$6:$AX$6,1,D12) -> 10.46 | E10: =INDEX($C$6:$AX$6,1,E12) -> 12.78 | F10: =INDEX($C$6:$AX$6,1,F12) -> 11.31 | G10: =INDEX($C$6:$AX$6,1,G12) -> 11.47 | H10: =INDEX($C$6:$AX$6,1,H12) -> 9.09 | I10: =INDEX($C$6:$AX$6,1,I12) -> 6.83 | J10: =INDEX($C$6:$AX$6,1,J12) -> 5.36 | ... Z10: =INDEX($C$6:$AX$6,1,Z12) -> 9.29
B11: current Demand | C11: =INDEX($C$7:$AX$7,1,C12) -> 10.37 | D11: =INDEX($C$7:$AX$7,1,D12) -> 8.75 | E11: =INDEX($C$7:$AX$7,1,E12) -> 13.39 | F11: =INDEX($C$7:$AX$7,1,F12) -> 10.84 | G11: =INDEX($C$7:$AX$7,1,G12) -> 10.93 | H11: =INDEX($C$7:$AX$7,1,H12) -> 7.62 | I11: =INDEX($C$7:$AX$7,1,I12) -> 4.43 | J11: =INDEX($C$7:$AX$7,1,J12) -> 3.95 | ... Z11: =INDEX($C$7:$AX$7,1,Z12) -> 12.75
C12: 1 | D12: 3 | E12: =D12+2 -> 5 | F12: =E12+2 -> 7 | G12: =F12+2 -> 9 | H12: =G12+2 -> 11 | I12: =H12+2 -> 13 | J12: =I12+2 -> 15 | K12: =J12+2 -> 17 | L12: =K12+2 -> 19 | ... Z12: =Y12+2 -> 47

Sheet Staging Table
A1: Staging Table | E1: Previous Year: | F1: =Init!R3 -> 2022 | BR1: Current Year: | BS1: =Init!R6 -> 2024
E2: Hours | F2: =VLOOKUP(F1,Init!K4:$M$40,3) -> 8760 | BR2: Hours | BS2: =VLOOKUP(BS1,Init!K4:$M$40,3) -> 8784
E3: TOCA | L3: Load Shaping MWh (If Slice/Block Customer then Load Shaping Billing Determinant is the average of the Monthly/Diurnal amounts in both years of the Rate Period) | AJ3: Demand MW | AV3: System Shaped Load | BH3: Tier 2 Load Shaping | BI3: Load Shaping True Up | BR3: TOCA | BY3: Load Shaping MWh (If Slice/Block Customer then Load Shaping Billing Determinant is the average of the Monthly/Diurnal amounts in both years of the Rate Period) | CW3: Demand MW | DI3: System Shaped Load | DU3: Tier 2 Load Shaping | DV3: Load Shaping True Up
A4: BESID | B4: Preference Customer | C4: JOE | D4: Slice/Block or Block | E4: =CONCATENATE("TOCA ", $F$1) -> TOCA 2022 | F4: =CONCATENATE("Non-slice TOCA ", $F$1) -> Non-slice TOCA 2022 | G4: =CONCATENATE("Slice % ", $F$1) -> Slice % 2022 | H4: =CONCATENATE("Applicable LDD ", $F$1) -> Applicable LDD 2022 | I4: PNGC LDD | J4: PNGC TOCA | K4: =CONCATENATE("IRD ", F1) -> IRD 2022 | L4: =DATE($F$1-1, 10, 1) -> 44470 | M4: =L4 -> 44470 | N4: =DATE($F$1-1, 11, 1) -> 44501 | O4: =N4 -> 44501 | P4: =DATE($F$1-1, 12, 1) -> 44531 | Q4: =P4 -> 44531 | R4: =DATE($F$1, 1, 1) -> 44562 | S4: =R4 -> 44562 | T4: =DATE($F$1, 2, 1) -> 44593 | U4: =T4 -> 44593 | V4: =DATE($F$1, 3, 1) -> 44621 | W4: =V4 -> 44621 | X4: =DATE($F$1, 4, 1) -> 44652 | Y4: =X4 -> 44652 | Z4: =DATE($F$1, 5, 1) -> 44682 | AA4: =Z4 -> 44682 | AB4: =DATE($F$1, 6, 1) -> 44713 | AC4: =AB4 -> 44713 | AD4: =DATE($F$1, 7, 1) -> 44743 | AE4: =AD4 -> 44743 | AF4: =DATE($F$1, 8, 1) -> 44774 | AG4: =AF4 -> 44774 | AH4: =DATE($F$1, 9, 1) -> 44805 | AI4: =AH4 -> 44805 | AJ4: =L4 -> 44470 | AK4: =N4 -> 44501 | AL4: =P4 -> 44531 | AM4: =R4 -> 44562 | AN4: =T4 -> 44593 | AO4: =V4 -> 44621 | AP4: =X4 -> 44652 | AQ4: =Z4 -> 44682 | AR4: =AB4 -> 44713 | AS4: =AD4 -> 44743 | AT4: =AF4 -> 44774 | AU4: =AH4 -> 44805 | AV4: =AJ4 -> 44470 | AW4: =AK4 -> 44501 | AX4: =AL4 -> 44531 | AY4: =AM4 -> 44562 | AZ4: =AN4 -> 44593 | BA4: =AO4 -> 44621 | BB4: =AP4 -> 44652 | BC4: =AQ4 -> 44682 | ... BG4: =AU4 -> 44805 | BH4: =CONCATENATE("T2 LS ", $F$1) -> T2 LS 2022 | BI4: ="TOCA Load "&$F$1 -> TOCA Load 2022 | BJ4: ="Annual T1 Load "&$F$1 -> Annual T1 Load 2022 | BK4: ="Above RHWM Not Served with LS"&$F$1 -> Above RHWM Not Served with LS2022 | BL4: =CONCATENATE("Annual Deviation ", $F$1) -> Annual Deviation 2022 | BM4: =CONCATENATE("Above Forecast ", $F$1) -> Above Forecast 2022 | BN4: LSTU Credit | BO4: LSTU Charge | BP4: Special Implimentation Provision | BQ4: =CONCATENATE("LSTU ", $F$1) -> LSTU 2022 | BR4: =CONCATENATE("TOCA ", $BS$1) -> TOCA 2024 | BS4: =CONCATENATE("Non-slice TOCA ", $BS$1) -> Non-slice TOCA 2024 | BT4: =CONCATENATE("Slice % ", $BS$1) -> Slice % 2024 | BU4: =CONCATENATE("Applicable LDD ", $BS$1) -> Applicable LDD 2024 | BV4: PNGC LDD | BW4: PNGC TOCA | BX4: =CONCATENATE("IRD ", BS1) -> IRD 2024 | BY4: =DATE($BS$1-1, 10, 1) -> 45200 | BZ4: =BY4 -> 45200 | CA4: =DATE($BS$1-1, 11, 1) -> 45231 | CB4: =CA4 -> 45231 | CC4: =DATE($BS$1-1, 12, 1) -> 45261 | CD4: =CC4 -> 45261 | CE4: =DATE($BS$1, 1, 1) -> 45292 | CF4: =CE4 -> 45292 | CG4: =DATE($BS$1, 2, 1) -> 45323 | CH4: =CG4 -> 45323 | CI4: =DATE($BS$1, 3, 1) -> 45352 | CJ4: =CI4 -> 45352 | CK4: =DATE($BS$1, 4, 1) -> 45383 | CL4: =CK4 -> 45383 | CM4: =DATE($BS$1, 5, 1) -> 45413 | CN4: =CM4 -> 45413 | CO4: =DATE($BS$1, 6, 1) -> 45444 | CP4: =CO4 -> 45444 | CQ4: =DATE($BS$1, 7, 1) -> 45474 | CR4: =CQ4 -> 45474 | CS4: =DATE($BS$1, 8, 1) -> 45505 | CT4: =CS4 -> 45505 | CU4: =DATE($BS$1, 9, 1) -> 45536 | CV4: =CU4 -> 45536 | CW4: =BY4 -> 45200 | CX4: =CA4 -> 45231 | CY4: =CC4 -> 45261 | CZ4: =CE4 -> 45292 | DA4: =CG4 -> 45323 | DB4: =CI4 -> 45352 | DC4: =CK4 -> 45383 | DD4: =CM4 -> 45413 | DE4: =CO4 -> 45444 | DF4: =CQ4 -> 45474 | DG4: =CS4 -> 45505 | DH4: =CU4 -> 45536 | DI4: =CW4 -> 45200 | DJ4: =CX4 -> 45231 | DK4: =CY4 -> 45261 | DL4: =CZ4 -> 45292 | DM4: =DA4 -> 45323 | DN4: =DB4 -> 45352 | DO4: =DC4 -> 45383 | DP4: =DD4 -> 45413 | ... DT4: =DH4 -> 45536 | DU4: =CONCATENATE("T2 LS ", $BS$1) -> T2 LS 2024 | DV4: ="TOCA Load "&$BS$1 -> TOCA Load 2024 | DW4: ="Annual T1 Load "&$BS$1 -> Annual T1 Load 2024 | DX4: ="Above RHWM Not Served with Load Shaping"&$BS$1 -> Above RHWM Not Served with Load Shaping2024 | DY4: =CONCATENATE("Annual Deviation ", $BS$1) -> Annual Deviation 2024 | DZ4: =CONCATENATE("Above Forecast ", $BS$1) -> Above Forecast 2024 | EA4: LSTU Credit | EB4: LSTU Charge | EC4: Special Implimentation Provision | ED4: =CONCATENATE("LSTU ", $BS$1) -> LSTU 2024
K5: MWh | L5: HLH | M5: LLH | N5: HLH | O5: LLH | P5: HLH | Q5: LLH | R5: HLH | S5: LLH | T5: HLH | U5: LLH | V5: HLH | W5: LLH | X5: HLH | Y5: LLH | Z5: HLH | AA5: LLH | AB5: HLH | AC5: LLH | AD5: HLH | AE5: LLH | AF5: HLH | AG5: LLH | AH5: HLH | AI5: LLH | AJ5: HLH | AK5: HLH | AL5: HLH | AM5: HLH | AN5: HLH | AO5: HLH | AP5: HLH | AQ5: HLH | AR5: HLH | AS5: HLH | AT5: HLH | AU5: HLH | AV5: Total | AW5: Total | AX5: Total | AY5: Total | AZ5: Total | BA5: Total | BB5: Total | BC5: Total | BD5: Total | BE5: Total | BF5: Total | BG5: Total | BH5: MWh | BI5: MWh | BJ5: MWh | BK5: MWh | BL5: MWh | BM5: MWh | BN5: MWh | BO5: MWh | BP5: MWh | BQ5: MWh | BX5: MWh | BY5: HLH | BZ5: LLH | CA5: HLH | CB5: LLH | CC5: HLH | CD5: LLH | CE5: HLH | CF5: LLH | CG5: HLH | CH5: LLH | CI5: HLH | CJ5: LLH | CK5: HLH | CL5: LLH | CM5: HLH | CN5: LLH | CO5: HLH | CP5: LLH | CQ5: HLH | CR5: LLH | CS5: HLH | CT5: LLH | CU5: HLH | CV5: LLH | CW5: HLH | CX5: HLH | CY5: HLH | CZ5: HLH | DA5: HLH | DB5: HLH | DC5: HLH | DD5: HLH | DE5: HLH | DF5: HLH | DG5: HLH | DH5: HLH | DI5: Total | DJ5: Total | DK5: Total | DL5: Total | DM5: Total | DN5: Total | DO5: Total | DP5: Total | DQ5: Total | DR5: Total | DS5: Total | DT5: Total | DU5: MWh | DV5: MWh | DW5: MWh | DX5: MWh | DY5: MWh | DZ5: MWh | EA5: MWh | EB5: MWh | EC5: MWh | ED5: MWh
A6: 10005 | B6: Alder Mutual | C6: =VLOOKUP(A6, TOCA_current!$A$3:$D$137, 4, FALSE) -> 0 | D6: 0 | E6: =VLOOKUP($A6,TOCA_previous!$A$2:$AI$137,MATCH(E$4,TOCA_previous!$A$2:$AI$2,0),FALSE) -> 7.76e-05 | F6: =VLOOKUP($A6,TOCA_previous!$A$2:$AI$137,MATCH(F$4,TOCA_previous!$A$2:$AI$2,0),FALSE) -> 7.76e-05 | G6: =E6-F6 -> 0 | H6: =VLOOKUP($A6,TOCA_previous!$A$2:$AI$137,MATCH(H$4,TOCA_previous!$A$2:$AI$2,0),FALSE) -> 0.02382 | I6: =IF(C6=0,0,H6) -> 0 | J6: =IF(C6=0,0,E6) -> 0 | K6: =VLOOKUP(A6, IRD!$A$5:$C$139, 3, FALSE) -> 0 | L6: {=IF($G6=0, INDEX(LS_previous!$D$4:$AY$138, MATCH('Staging Table'!$A6, LS_previous!$B$4:$B$138, 0), MATCH(L$4&L$5, LS_previous!$D$2:$AY$2&LS_previous!$D$3:$AY$3, 0)),SUM(VLOOKUP($A6, LS_previous!$B$4:$AY$138, LS_previous!D$149, FALSE), VLOOKUP('Staging Table'!$A6, LS_previous!$B$4:$AY$138,LS_previous!AB$149, FALSE))/2)} -> 59.288675 | M6: {=IF($G6=0, INDEX(LS_previous!$D$4:$AY$138, MATCH('Staging Table'!$A6, LS_previous!$B$4:$B$138, 0), MATCH(M$4&M$5, LS_previous!$D$2:$AY$2&LS_previous!$D$3:$AY$3, 0)),SUM(VLOOKUP($A6, LS_previous!$B$4:$AY$138, LS_previous!E$149, FALSE), VLOOKUP('Staging Table'!$A6, LS_previous!$B$4:$AY$138,LS_previous!AC$149, FALSE))/2)} -> 82.743789 | N6: {=IF($G6=0, INDEX(LS_previous!$D$4:$AY$138, MATCH('Staging Table'!$A6, LS_previous!$B$4:$B$138, 0), MATCH(N$4&N$5, LS_previous!$D$2:$AY$2&LS_previous!$D$3:$AY$3, 0)),SUM(VLOOKUP($A6, LS_previous!$B$4:$AY$138, LS_previous!F$149, FALSE), VLOOKUP('Staging Table'!$A6, LS_previous!$B$4:$AY$138,LS_previous!AD$149, FALSE))/2)} -> 47.583455 | O6: {=IF($G6=0, INDEX(LS_previous!$D$4:$AY$138, MATCH('Staging Table'!$A6, LS_previous!$B$4:$B$138, 0), MATCH(O$4&O$5, LS_previous!$D$2:$AY$2&LS_previous!$D$3:$AY$3, 0)),SUM(VLOOKUP($A6, LS_previous!$B$4:$AY$138, LS_previous!G$149, FALSE), VLOOKUP('Staging Table'!$A6, LS_previous!$B$4:$AY$138,LS_previous!AE$149, FALSE))/2)} -> 63.894899 | P6: {=IF($G6=0, INDEX(LS_previous!$D$4:$AY$138, MATCH('Staging Table'!$A6, LS_previous!$B$4:$B$138, 0), MATCH(P$4&P$5, LS_previous!$D$2:$AY$2&LS_previous!$D$3:$AY$3, 0)),SUM(VLOOKUP($A6, LS_previous!$B$4:$AY$138, LS_previous!H$149, FALSE), VLOOKUP('Staging Table'!$A6, LS_previous!$B$4:$AY$138,LS_previous!AF$149, FALSE))/2)} -> 143.84048 | Q6: {=IF($G6=0, INDEX(LS_previous!$D$4:$AY$138, MATCH('Staging Table'!$A6, LS_previous!$B$4:$B$138, 0), MATCH(Q$4&Q$5, LS_previous!$D$2:$AY$2&LS_previous!$D$3:$AY$3, 0)),SUM(VLOOKUP($A6, LS_previous!$B$4:$AY$138, LS_previous!I$149, FALSE), VLOOKUP('Staging Table'!$A6, LS_previous!$B$4:$AY$138,LS_previous!AG$149, FALSE))/2)} -> 123.08561 | R6: {=IF($G6=0, INDEX(LS_previous!$D$4:$AY$138, MATCH('Staging Table'!$A6, LS_previous!$B$4:$B$138, 0), MATCH(R$4&R$5, LS_previous!$D$2:$AY$2&LS_previous!$D$3:$AY$3, 0)),SUM(VLOOKUP($A6, LS_previous!$B$4:$AY$138, LS_previous!J$149, FALSE), VLOOKUP('Staging Table'!$A6, LS_previous!$B$4:$AY$138,LS_previous!AH$149, FALSE))/2)} -> 222.18541 | S6: {=IF($G6=0, INDEX(LS_previous!$D$4:$AY$138, MATCH('Staging Table'!$A6, LS_previous!$B$4:$B$138, 0), MATCH(S$4&S$5, LS_previous!$D$2:$AY$2&LS_previous!$D$3:$AY$3, 0)),SUM(VLOOKUP($A6, LS_previous!$B$4:$AY$138, LS_previous!K$149, FALSE), VLOOKUP('Staging Table'!$A6, LS_previous!$B$4:$AY$138,LS_previous!AI$149, FALSE))/2)} -> 153.30014 | ... AI6: {=IF($G6=0, INDEX(LS_previous!$D$4:$AY$138, MATCH('Staging Table'!$A6, LS_previous!$B$4:$B$138, 0), MATCH(AI$4&AI$5, LS_previous!$D$2:$AY$2&LS_previous!$D$3:$AY$3, 0)),SUM(VLOOKUP($A6, LS_previous!$B$4:$AY$138, LS_previous!AA$149, FALSE), VLOOKUP('Staging Table'!$A6, LS_previous!$B$4:$AY$138,LS_previous!AY$149, FALSE))/2)} -> 22.401613 | AJ6: {=INDEX(Demand_previous!$D$4:$AY$138, MATCH('Staging Table'!$A6, Demand_previous!$B$4:$B$138, 0), MATCH(AJ$4&AJ$5,Demand_previous!$D$2:$AY$2&Demand_previous!$D$3:$AY$3, 0))/1000} -> 0.077639423 | AK6: {=INDEX(Demand_previous!$D$4:$AY$138, MATCH('Staging Table'!$A6, Demand_previous!$B$4:$B$138, 0), MATCH(AK$4&AK$5,Demand_previous!$D$2:$AY$2&Demand_previous!$D$3:$AY$3, 0))/1000} -> 0.08468 | AL6: {=INDEX(Demand_previous!$D$4:$AY$138, MATCH('Staging Table'!$A6, Demand_previous!$B$4:$B$138, 0), MATCH(AL$4&AL$5,Demand_previous!$D$2:$AY$2&Demand_previous!$D$3:$AY$3, 0))/1000} -> 0.075853365 | AM6: {=INDEX(Demand_previous!$D$4:$AY$138, MATCH('Staging Table'!$A6, Demand_previous!$B$4:$B$138, 0), MATCH(AM$4&AM$5,Demand_previous!$D$2:$AY$2&Demand_previous!$D$3:$AY$3, 0))/1000} -> 0.08613 | AN6: {=INDEX(Demand_previous!$D$4:$AY$138, MATCH('Staging Table'!$A6, Demand_previous!$B$4:$B$138, 0), MATCH(AN$4&AN$5,Demand_previous!$D$2:$AY$2&Demand_previous!$D$3:$AY$3, 0))/1000} -> 0.063416667 | AO6: {=INDEX(Demand_previous!$D$4:$AY$138, MATCH('Staging Table'!$A6, Demand_previous!$B$4:$B$138, 0), MATCH(AO$4&AO$5,Demand_previous!$D$2:$AY$2&Demand_previous!$D$3:$AY$3, 0))/1000} -> 0.21744213 | AP6: {=INDEX(Demand_previous!$D$4:$AY$138, MATCH('Staging Table'!$A6, Demand_previous!$B$4:$B$138, 0), MATCH(AP$4&AP$5,Demand_previous!$D$2:$AY$2&Demand_previous!$D$3:$AY$3, 0))/1000} -> 0.046603365 | AQ6: {=INDEX(Demand_previous!$D$4:$AY$138, MATCH('Staging Table'!$A6, Demand_previous!$B$4:$B$138, 0), MATCH(AQ$4&AQ$5,Demand_previous!$D$2:$AY$2&Demand_previous!$D$3:$AY$3, 0))/1000} -> 0.0689725 | ... AU6: {=INDEX(Demand_previous!$D$4:$AY$138, MATCH('Staging Table'!$A6, Demand_previous!$B$4:$B$138, 0), MATCH(AU$4&AU$5,Demand_previous!$D$2:$AY$2&Demand_previous!$D$3:$AY$3, 0))/1000} -> 0.134885 | AV6: =$F6*(VLOOKUP(AV$4, Rates_previous!$G$6:$Q$29, 10, FALSE)+VLOOKUP(AV$4, Rates_previous!$G$6:$Q$29, 11, FALSE)) -> 353.38454 | AW6: =$F6*(VLOOKUP(AW$4, Rates_previous!$G$6:$Q$29, 10, FALSE)+VLOOKUP(AW$4, Rates_previous!$G$6:$Q$29, 11, FALSE)) -> 447.39765 | AX6: =$F6*(VLOOKUP(AX$4, Rates_previous!$G$6:$Q$29, 10, FALSE)+VLOOKUP(AX$4, Rates_previous!$G$6:$Q$29, 11, FALSE)) -> 437.91291 | AY6: =$F6*(VLOOKUP(AY$4, Rates_previous!$G$6:$Q$29, 10, FALSE)+VLOOKUP(AY$4, Rates_previous!$G$6:$Q$29, 11, FALSE)) -> 361.69744 | AZ6: =$F6*(VLOOKUP(AZ$4, Rates_previous!$G$6:$Q$29, 10, FALSE)+VLOOKUP(AZ$4, Rates_previous!$G$6:$Q$29, 11, FALSE)) -> 313.4911 | BA6: =$F6*(VLOOKUP(BA$4, Rates_previous!$G$6:$Q$29, 10, FALSE)+VLOOKUP(BA$4, Rates_previous!$G$6:$Q$29, 11, FALSE)) -> 374.24507 | BB6: =$F6*(VLOOKUP(BB$4, Rates_previous!$G$6:$Q$29, 10, FALSE)+VLOOKUP(BB$4, Rates_previous!$G$6:$Q$29, 11, FALSE)) -> 290.55147 | BC6: =$F6*(VLOOKUP(BC$4, Rates_previous!$G$6:$Q$29, 10, FALSE)+VLOOKUP(BC$4, Rates_previous!$G$6:$Q$29, 11, FALSE)) -> 402.56121 | ... BG6: =$F6*(VLOOKUP(BG$4, Rates_previous!$G$6:$Q$29, 10, FALSE)+VLOOKUP(BG$4, Rates_previous!$G$6:$Q$29, 11, FALSE)) -> 364.73494 | BH6: =IF($D6=0,IF(C6=0, MAX(BJ6 - (VLOOKUP($A6,TOCA_previous!$A$2:$AI$137,MATCH("RHWM 2022",TOCA_previous!$A$2:$AI$2,0),FALSE)*$F$2*TOCA_previous!C3),0),0), 0) -> 1394.5692 | BI6: =MIN(VLOOKUP($A6,TOCA_previous!$A$2:$AI$137,MATCH("TRL - NLSL - Existing Resource "&$F$1,TOCA_previous!$A$2:$AI$2,0),FALSE)*$F$2,(VLOOKUP($A6,TOCA_previous!$A$2:$AI$137,MATCH("RHWM 2022",TOCA_previous!$A$2:$AI$2,0),FALSE)*$F$2)) -> 4581.48 | BJ6: =SUM(L6:AI6)+(F6*RT1SC!$C$3*$F$2) -> 5976.0492 | BK6: =VLOOKUP($A6,TOCA_previous!$A$2:$AI$137,MATCH("Above RHWM Not Served with LS "&$F$1,TOCA_previous!$A$2:$AI$2,0),FALSE)*$F$2 -> 0 | BL6: =BJ6-BI6 -> 1394.5692 | BM6: =(VLOOKUP($A6,TOCA_previous!$A$2:$AI$137,MATCH("RHWM 2022",TOCA_previous!$A$2:$AI$2,0),FALSE)*$F$2) - $BI6 -> 0 | BN6: =IF(BL6>0,IF(BM6>0,(-1)*MIN(BL6,BM6),0),0) -> 0 | BO6: =IF(BL6<0,IF(BK6<ABS(BL6),MAX(0,ABS($BL6)-(BK6)),0),0) -> 0 | BP6: =IF(AND(BK6>0,BM6>0),IF(AND(BL6<=0,ABS(BL6)<BK6),(-1)*MIN(BK6,BK6-ABS(BL6),BM6),IF(AND(BL6>0,BL6<BM6),(-1)*MIN(BK6,BM6-BL6),0)),0) -> 0 | BQ6: =IF($D6=0,SUM($BN6:$BP6),0) -> 0 | BR6: =VLOOKUP($A6,TOCA_current!$A$2:$AI$137,MATCH(BR$4,TOCA_current!$A$2:$AI$2,0),FALSE) -> 7.76e-05 | BS6: =VLOOKUP($A6,TOCA_current!$A$2:$AI$137,MATCH(BS$4,TOCA_current!$A$2:$AI$2,0),FALSE) -> 7.76e-05 | BT6: =BR6-BS6 -> 0 | BU6: =VLOOKUP($A6,TOCA_current!A2:BG137,MATCH(BU$4,TOCA_current!$A$2:$BG$2,0),FALSE) -> 0.018613139 | BV6: =IF(C6=0,0,BU6) -> 0 | BW6: =IF(C6=0,0,BR6) -> 0 | BX6: =VLOOKUP($A6,IRD!$A$4:$G$139, 7, FALSE) -> 0 | BY6: {=IF($BT6=0, INDEX(LS_current!$D$4:$AY$138, MATCH('Staging Table'!$A6, LS_current!$B$4:$B$138, 0), MATCH(BY$4&BY$5, LS_current!$D$2:$AY$2&LS_current!$D$3:$AY$3, 0)),SUM(VLOOKUP($A6, LS_current!$B$4:$AY$138, LS_current!D$148, FALSE), VLOOKUP($A6, LS_current!$B$4:$AY$138,LS_current!AB$148, FALSE))/2)} -> 87.872343 | BZ6: {=IF($BT6=0, INDEX(LS_current!$D$4:$AY$138, MATCH('Staging Table'!$A6, LS_current!$B$4:$B$138, 0), MATCH(BZ$4&BZ$5, LS_current!$D$2:$AY$2&LS_current!$D$3:$AY$3, 0)),SUM(VLOOKUP($A6, LS_current!$B$4:$AY$138, LS_current!E$148, FALSE), VLOOKUP($A6, LS_current!$B$4:$AY$138,LS_current!AC$148, FALSE))/2)} -> 80.165485 | CA6: {=IF($BT6=0, INDEX(LS_current!$D$4:$AY$138, MATCH('Staging Table'!$A6, LS_current!$B$4:$B$138, 0), MATCH(CA$4&CA$5, LS_current!$D$2:$AY$2&LS_current!$D$3:$AY$3, 0)),SUM(VLOOKUP($A6, LS_current!$B$4:$AY$138, LS_current!F$148, FALSE), VLOOKUP($A6, LS_current!$B$4:$AY$138,LS_current!AD$148, FALSE))/2)} -> 68.803783 | CB6: {=IF($BT6=0, INDEX(LS_current!$D$4:$AY$138, MATCH('Staging Table'!$A6, LS_current!$B$4:$B$138, 0), MATCH(CB$4&CB$5, LS_current!$D$2:$AY$2&LS_current!$D$3:$AY$3, 0)),SUM(VLOOKUP($A6, LS_current!$B$4:$AY$138, LS_current!G$148, FALSE), VLOOKUP($A6, LS_current!$B$4:$AY$138,LS_current!AE$148, FALSE))/2)} -> 72.555818 | CC6: {=IF($BT6=0, INDEX(LS_current!$D$4:$AY$138, MATCH('Staging Table'!$A6, LS_current!$B$4:$B$138, 0), MATCH(CC$4&CC$5, LS_current!$D$2:$AY$2&LS_current!$D$3:$AY$3, 0)),SUM(VLOOKUP($A6, LS_current!$B$4:$AY$138, LS_current!H$148, FALSE), VLOOKUP($A6, LS_current!$B$4:$AY$138,LS_current!AF$148, FALSE))/2)} -> 120.82331 | CD6: {=IF($BT6=0, INDEX(LS_current!$D$4:$AY$138, MATCH('Staging Table'!$A6, LS_current!$B$4:$B$138, 0), MATCH(CD$4&CD$5, LS_current!$D$2:$AY$2&LS_current!$D$3:$AY$3, 0)),SUM(VLOOKUP($A6, LS_current!$B$4:$AY$138, LS_current!I$148, FALSE), VLOOKUP($A6, LS_current!$B$4:$AY$138,LS_current!AG$148, FALSE))/2)} -> 133.43289 | CE6: {=IF($BT6=0, INDEX(LS_current!$D$4:$AY$138, MATCH('Staging Table'!$A6, LS_current!$B$4:$B$138, 0), MATCH(CE$4&CE$5, LS_current!$D$2:$AY$2&LS_current!$D$3:$AY$3, 0)),SUM(VLOOKUP($A6, LS_current!$B$4:$AY$138, LS_current!J$148, FALSE), VLOOKUP($A6, LS_current!$B$4:$AY$138,LS_current!AH$148, FALSE))/2)} -> 138.05832 | CF6: {=IF($BT6=0, INDEX(LS_current!$D$4:$AY$138, MATCH('Staging Table'!$A6, LS_current!$B$4:$B$138, 0), MATCH(CF$4&CF$5, LS_current!$D$2:$AY$2&LS_current!$D$3:$AY$3, 0)),SUM(VLOOKUP($A6, LS_current!$B$4:$AY$138, LS_current!K$148, FALSE), VLOOKUP($A6, LS_current!$B$4:$AY$138,LS_current!AI$148, FALSE))/2)} -> 130.89949 | ... CV6: {=IF($BT6=0, INDEX(LS_current!$D$4:$AY$138, MATCH('Staging Table'!$A6, LS_current!$B$4:$B$138, 0), MATCH(CV$4&CV$5, LS_current!$D$2:$AY$2&LS_current!$D$3:$AY$3, 0)),SUM(VLOOKUP($A6, LS_current!$B$4:$AY$138, LS_current!AA$148, FALSE), VLOOKUP($A6, LS_current!$B$4:$AY$138,LS_current!AY$148, FALSE))/2)} -> 17.523558 | CW6: {=INDEX(Demand_current!$D$4:$AY$138, MATCH($A6, Demand_current!$B$4:$B$138, 0), MATCH(CW$4&CW$5,Demand_current!$D$2:$AY$2&Demand_current!$D$3:$AY$3, 0))/1000} -> 0.077639423 | CX6: {=INDEX(Demand_current!$D$4:$AY$138, MATCH($A6, Demand_current!$B$4:$B$138, 0), MATCH(CX$4&CX$5,Demand_current!$D$2:$AY$2&Demand_current!$D$3:$AY$3, 0))/1000} -> 0.08468 | CY6: {=INDEX(Demand_current!$D$4:$AY$138, MATCH($A6, Demand_current!$B$4:$B$138, 0), MATCH(CY$4&CY$5,Demand_current!$D$2:$AY$2&Demand_current!$D$3:$AY$3, 0))/1000} -> 0.0379675 | CZ6: {=INDEX(Demand_current!$D$4:$AY$138, MATCH($A6, Demand_current!$B$4:$B$138, 0), MATCH(CZ$4&CZ$5,Demand_current!$D$2:$AY$2&Demand_current!$D$3:$AY$3, 0))/1000} -> 0.12727885 | DA6: {=INDEX(Demand_current!$D$4:$AY$138, MATCH($A6, Demand_current!$B$4:$B$138, 0), MATCH(DA$4&DA$5,Demand_current!$D$2:$AY$2&Demand_current!$D$3:$AY$3, 0))/1000} -> 0.09996 | DB6: {=INDEX(Demand_current!$D$4:$AY$138, MATCH($A6, Demand_current!$B$4:$B$138, 0), MATCH(DB$4&DB$5,Demand_current!$D$2:$AY$2&Demand_current!$D$3:$AY$3, 0))/1000} -> 0.18761298 | DC6: {=INDEX(Demand_current!$D$4:$AY$138, MATCH($A6, Demand_current!$B$4:$B$138, 0), MATCH(DC$4&DC$5,Demand_current!$D$2:$AY$2&Demand_current!$D$3:$AY$3, 0))/1000} -> 0.046603365 | DD6: {=INDEX(Demand_current!$D$4:$AY$138, MATCH($A6, Demand_current!$B$4:$B$138, 0), MATCH(DD$4&DD$5,Demand_current!$D$2:$AY$2&Demand_current!$D$3:$AY$3, 0))/1000} -> 0.090358173 | ... DH6: {=INDEX(Demand_current!$D$4:$AY$138, MATCH($A6, Demand_current!$B$4:$B$138, 0), MATCH(DH$4&DH$5,Demand_current!$D$2:$AY$2&Demand_current!$D$3:$AY$3, 0))/1000} -> 0.11442187 | DI6: =$BS6*(VLOOKUP(DI$4, Rates_current!$G$6:$Q$29, 10, FALSE)+VLOOKUP(DI$4, Rates_current!$G$6:$Q$29, 11, FALSE)) -> 327.37917 | DJ6: =$BS6*(VLOOKUP(DJ$4, Rates_current!$G$6:$Q$29, 10, FALSE)+VLOOKUP(DJ$4, Rates_current!$G$6:$Q$29, 11, FALSE)) -> 417.5164 | DK6: =$BS6*(VLOOKUP(DK$4, Rates_current!$G$6:$Q$29, 10, FALSE)+VLOOKUP(DK$4, Rates_current!$G$6:$Q$29, 11, FALSE)) -> 450.5828 | DL6: =$BS6*(VLOOKUP(DL$4, Rates_current!$G$6:$Q$29, 10, FALSE)+VLOOKUP(DL$4, Rates_current!$G$6:$Q$29, 11, FALSE)) -> 468.22519 | DM6: =$BS6*(VLOOKUP(DM$4, Rates_current!$G$6:$Q$29, 10, FALSE)+VLOOKUP(DM$4, Rates_current!$G$6:$Q$29, 11, FALSE)) -> 402.73607 | DN6: =$BS6*(VLOOKUP(DN$4, Rates_current!$G$6:$Q$29, 10, FALSE)+VLOOKUP(DN$4, Rates_current!$G$6:$Q$29, 11, FALSE)) -> 439.70805 | DO6: =$BS6*(VLOOKUP(DO$4, Rates_current!$G$6:$Q$29, 10, FALSE)+VLOOKUP(DO$4, Rates_current!$G$6:$Q$29, 11, FALSE)) -> 347.07541 | DP6: =$BS6*(VLOOKUP(DP$4, Rates_current!$G$6:$Q$29, 10, FALSE)+VLOOKUP(DP$4, Rates_current!$G$6:$Q$29, 11, FALSE)) -> 430.59355 | ... DT6: =$BS6*(VLOOKUP(DT$4, Rates_current!$G$6:$Q$29, 10, FALSE)+VLOOKUP(DT$4, Rates_current!$G$6:$Q$29, 11, FALSE)) -> 339.75665 | DU6: =IF(D6=0,IF(C6=0,MAX(0,DW6 - (VLOOKUP($A6,TOCA_current!$A$2:$AI$137,MATCH("RHWM 2024",TOCA_current!$A$2:$AI$2,0),FALSE)*$BS$2)), 0),0) -> 1162.417 | DV6: =MIN(VLOOKUP($A6,TOCA_current!$A$2:$AI$137,MATCH("TRL - NLSL - Existing Resource "&$BS$1,TOCA_current!$A$2:$AI$2,0),FALSE)*$BS$2, VLOOKUP($A6,TOCA_current!$A$2:$AI$137,MATCH("RHWM 2024",TOCA_current!$A$2:$AI$2,0),FALSE)*$BS$2) -> 4813.632 | DW6: =SUM(BY6:CV6)+(BS6*RT1SC!$C$4*$BS$2) -> 5976.049 | DX6: =VLOOKUP($A6,TOCA_current!$A$2:$AI$137,MATCH("Above RHWM Not Served with LS "&$BS$1,TOCA_current!$A$2:$AI$2,0),FALSE)*$BS$2 -> 0 | DY6: =DW6-DV6 -> 1162.417 | DZ6: =(VLOOKUP($A6,TOCA_current!$A$2:$AI$137,MATCH("RHWM 2024",TOCA_current!$A$2:$AI$2,0),FALSE)*$BS$2) - $DV6 -> 0 | EA6: =IF(DY6>0,IF(DZ6>0,(-1)*MIN(DY6,DZ6),0),0) -> 0 | EB6: =IF(DY6<0,IF(DX6<ABS(DY6),MAX(0,ABS($DY6)-(DX6)),0),0) -> 0 | EC6: =IF(AND(DX6>0,DZ6>0),IF(AND(DY6<=0,ABS(DY6)<DX6),(-1)*MIN(DX6,DX6-ABS(DY6),DZ6),IF(AND(DY6>0,DY6<DZ6),(-1)*MIN(DX6,DZ6-DY6),0)),0) -> 0 | ED6: =IF($D6=0,SUM(EA6:EC6),0) -> 0
A7: 10015 | B7: Asotin County PUD #1 | C7: =VLOOKUP(A7, TOCA_current!$A$3:$D$137, 4, FALSE) -> 0 | D7: 0 | E7: =VLOOKUP($A7,TOCA_previous!$A$2:$AI$137,MATCH(E$4,TOCA_previous!$A$2:$AI$2,0),FALSE) -> 8.12e-05 | F7: =VLOOKUP($A7,TOCA_previous!$A$2:$AI$137,MATCH(F$4,TOCA_previous!$A$2:$AI$2,0),FALSE) -> 8.12e-05 | G7: =E7-F7 -> 0 | H7: =VLOOKUP($A7,TOCA_previous!$A$2:$AI$137,MATCH(H$4,TOCA_previous!$A$2:$AI$2,0),FALSE) -> 0 | I7: =IF(C7=0,0,H7) -> 0 | J7: =IF(C7=0,0,E7) -> 0 | K7: =VLOOKUP(A7, IRD!$A$5:$C$139, 3, FALSE) -> 0 | L7: {=IF($G7=0, INDEX(LS_previous!$D$4:$AY$138, MATCH('Staging Table'!$A7, LS_previous!$B$4:$B$138, 0), MATCH(L$4&L$5, LS_previous!$D$2:$AY$2&LS_previous!$D$3:$AY$3, 0)),SUM(VLOOKUP($A7, LS_previous!$B$4:$AY$138, LS_previous!D$149, FALSE), VLOOKUP('Staging Table'!$A7, LS_previous!$B$4:$AY$138,LS_previous!AB$149, FALSE))/2)} -> -83.631169 | M7: {=IF($G7=0, INDEX(LS_previous!$D$4:$AY$138, MATCH('Staging Table'!$A7, LS_previous!$B$4:$B$138, 0), MATCH(M$4&M$5, LS_previous!$D$2:$AY$2&LS_previous!$D$3:$AY$3, 0)),SUM(VLOOKUP($A7, LS_previous!$B$4:$AY$138, LS_previous!E$149, FALSE), VLOOKUP('Staging Table'!$A7, LS_previous!$B$4:$AY$138,LS_previous!AC$149, FALSE))/2)} -> -6.2154935 | N7: {=IF($G7=0, INDEX(LS_previous!$D$4:$AY$138, MATCH('Staging Table'!$A7, LS_previous!$B$4:$B$138, 0), MATCH(N$4&N$5, LS_previous!$D$2:$AY$2&LS_previous!$D$3:$AY$3, 0)),SUM(VLOOKUP($A7, LS_previous!$B$4:$AY$138, LS_previous!F$149, FALSE), VLOOKUP('Staging Table'!$A7, LS_previous!$B$4:$AY$138,LS_previous!AD$149, FALSE))/2)} -> -198.38715 | O7: {=IF($G7=0, INDEX(LS_previous!$D$4:$AY$138, MATCH('Staging Table'!$A7, LS_previous!$B$4:$B$138, 0), MATCH(O$4&O$5, LS_previous!$D$2:$AY$2&LS_previous!$D$3:$AY$3, 0)),SUM(VLOOKUP($A7, LS_previous!$B$4:$AY$138, LS_previous!G$149, FALSE), VLOOKUP('Staging Table'!$A7, LS_previous!$B$4:$AY$138,LS_previous!AE$149, FALSE))/2)} -> -115.87706 | P7: {=IF($G7=0, INDEX(LS_previous!$D$4:$AY$138, MATCH('Staging Table'!$A7, LS_previous!$B$4:$B$138, 0), MATCH(P$4&P$5, LS_previous!$D$2:$AY$2&LS_previous!$D$3:$AY$3, 0)),SUM(VLOOKUP($A7, LS_previous!$B$4:$AY$138, LS_previous!H$149, FALSE), VLOOKUP('Staging Table'!$A7, LS_previous!$B$4:$AY$138,LS_previous!AF$149, FALSE))/2)} -> -170.76447 | Q7: {=IF($G7=0, INDEX(LS_previous!$D$4:$AY$138, MATCH('Staging Table'!$A7, LS_previous!$B$4:$B$138, 0), MATCH(Q$4&Q$5, LS_previous!$D$2:$AY$2&LS_previous!$D$3:$AY$3, 0)),SUM(VLOOKUP($A7, LS_previous!$B$4:$AY$138, LS_previous!I$149, FALSE), VLOOKUP('Staging Table'!$A7, LS_previous!$B$4:$AY$138,LS_previous!AG$149, FALSE))/2)} -> -126.03799 | R7: {=IF($G7=0, INDEX(LS_previous!$D$4:$AY$138, MATCH('Staging Table'!$A7, LS_previous!$B$4:$B$138, 0), MATCH(R$4&R$5, LS_previous!$D$2:$AY$2&LS_previous!$D$3:$AY$3, 0)),SUM(VLOOKUP($A7, LS_previous!$B$4:$AY$138, LS_previous!J$149, FALSE), VLOOKUP('Staging Table'!$A7, LS_previous!$B$4:$AY$138,LS_previous!AH$149, FALSE))/2)} -> -112.65827 | S7: {=IF($G7=0, INDEX(LS_previous!$D$4:$AY$138, MATCH('Staging Table'!$A7, LS_previous!$B$4:$B$138, 0), MATCH(S$4&S$5, LS_previous!$D$2:$AY$2&LS_previous!$D$3:$AY$3, 0)),SUM(VLOOKUP($A7, LS_previous!$B$4:$AY$138, LS_previous!K$149, FALSE), VLOOKUP('Staging Table'!$A7, LS_previous!$B$4:$AY$138,LS_previous!AI$149, FALSE))/2)} -> -99.907949 | ... AI7: {=IF($G7=0, INDEX(LS_previous!$D$4:$AY$138, MATCH('Staging Table'!$A7, LS_previous!$B$4:$B$138, 0), MATCH(AI$4&AI$5, LS_previous!$D$2:$AY$2&LS_previous!$D$3:$AY$3, 0)),SUM(VLOOKUP($A7, LS_previous!$B$4:$AY$138, LS_previous!AA$149, FALSE), VLOOKUP('Staging Table'!$A7, LS_previous!$B$4:$AY$138,LS_previous!AY$149, FALSE))/2)} -> 168.54879 | AJ7: {=INDEX(Demand_previous!$D$4:$AY$138, MATCH('Staging Table'!$A7, Demand_previous!$B$4:$B$138, 0), MATCH(AJ$4&AJ$5,Demand_previous!$D$2:$AY$2&Demand_previous!$D$3:$AY$3, 0))/1000} -> 0.24292067 | AK7: {=INDEX(Demand_previous!$D$4:$AY$138, MATCH('Staging Table'!$A7, Demand_previous!$B$4:$B$138, 0), MATCH(AK$4&AK$5,Demand_previous!$D$2:$AY$2&Demand_previous!$D$3:$AY$3, 0))/1000} -> 0 | AL7: {=INDEX(Demand_previous!$D$4:$AY$138, MATCH('Staging Table'!$A7, Demand_previous!$B$4:$B$138, 0), MATCH(AL$4&AL$5,Demand_previous!$D$2:$AY$2&Demand_previous!$D$3:$AY$3, 0))/1000} -> 0 | AM7: {=INDEX(Demand_previous!$D$4:$AY$138, MATCH('Staging Table'!$A7, Demand_previous!$B$4:$B$138, 0), MATCH(AM$4&AM$5,Demand_previous!$D$2:$AY$2&Demand_previous!$D$3:$AY$3, 0))/1000} -> 0.092375 | AN7: {=INDEX(Demand_previous!$D$4:$AY$138, MATCH('Staging Table'!$A7, Demand_previous!$B$4:$B$138, 0), MATCH(AN$4&AN$5,Demand_previous!$D$2:$AY$2&Demand_previous!$D$3:$AY$3, 0))/1000} -> 0.17327344 | AO7: {=INDEX(Demand_previous!$D$4:$AY$138, MATCH('Staging Table'!$A7, Demand_previous!$B$4:$B$138, 0), MATCH(AO$4&AO$5,Demand_previous!$D$2:$AY$2&Demand_previous!$D$3:$AY$3, 0))/1000} -> 0.17390046 | AP7: {=INDEX(Demand_previous!$D$4:$AY$138, MATCH('Staging Table'!$A7, Demand_previous!$B$4:$B$138, 0), MATCH(AP$4&AP$5,Demand_previous!$D$2:$AY$2&Demand_previous!$D$3:$AY$3, 0))/1000} -> 0.50963702 | AQ7: {=INDEX(Demand_previous!$D$4:$AY$138, MATCH('Staging Table'!$A7, Demand_previous!$B$4:$B$138, 0), MATCH(AQ$4&AQ$5,Demand_previous!$D$2:$AY$2&Demand_previous!$D$3:$AY$3, 0))/1000} -> 0.4048075 | ... AU7: {=INDEX(Demand_previous!$D$4:$AY$138, MATCH('Staging Table'!$A7, Demand_previous!$B$4:$B$138, 0), MATCH(AU$4&AU$5,Demand_previous!$D$2:$AY$2&Demand_previous!$D$3:$AY$3, 0))/1000} -> 0.47045 | AV7: =$F7*(VLOOKUP(AV$4, Rates_previous!$G$6:$Q$29, 10, FALSE)+VLOOKUP(AV$4, Rates_previous!$G$6:$Q$29, 11, FALSE)) -> 369.77866 | AW7: =$F7*(VLOOKUP(AW$4, Rates_previous!$G$6:$Q$29, 10, FALSE)+VLOOKUP(AW$4, Rates_previous!$G$6:$Q$29, 11, FALSE)) -> 468.15321 | AX7: =$F7*(VLOOKUP(AX$4, Rates_previous!$G$6:$Q$29, 10, FALSE)+VLOOKUP(AX$4, Rates_previous!$G$6:$Q$29, 11, FALSE)) -> 458.22846 | AY7: =$F7*(VLOOKUP(AY$4, Rates_previous!$G$6:$Q$29, 10, FALSE)+VLOOKUP(AY$4, Rates_previous!$G$6:$Q$29, 11, FALSE)) -> 378.47722 | AZ7: =$F7*(VLOOKUP(AZ$4, Rates_previous!$G$6:$Q$29, 10, FALSE)+VLOOKUP(AZ$4, Rates_previous!$G$6:$Q$29, 11, FALSE)) -> 328.0345 | BA7: =$F7*(VLOOKUP(BA$4, Rates_previous!$G$6:$Q$29, 10, FALSE)+VLOOKUP(BA$4, Rates_previous!$G$6:$Q$29, 11, FALSE)) -> 391.60695 | BB7: =$F7*(VLOOKUP(BB$4, Rates_previous!$G$6:$Q$29, 10, FALSE)+VLOOKUP(BB$4, Rates_previous!$G$6:$Q$29, 11, FALSE)) -> 304.03067 | BC7: =$F7*(VLOOKUP(BC$4, Rates_previous!$G$6:$Q$29, 10, FALSE)+VLOOKUP(BC$4, Rates_previous!$G$6:$Q$29, 11, FALSE)) -> 421.23673 | ... BG7: =$F7*(VLOOKUP(BG$4, Rates_previous!$G$6:$Q$29, 10, FALSE)+VLOOKUP(BG$4, Rates_previous!$G$6:$Q$29, 11, FALSE)) -> 381.65564 | BH7: =IF($D7=0,IF(C7=0, MAX(BJ7 - (VLOOKUP($A7,TOCA_previous!$A$2:$AI$137,MATCH("RHWM 2022",TOCA_previous!$A$2:$AI$2,0),FALSE)*$F$2*TOCA_previous!C4),0),0), 0) -> 323.42125 | BI7: =MIN(VLOOKUP($A7,TOCA_previous!$A$2:$AI$137,MATCH("TRL - NLSL - Existing Resource "&$F$1,TOCA_previous!$A$2:$AI$2,0),FALSE)*$F$2,(VLOOKUP($A7,TOCA_previous!$A$2:$AI$137,MATCH("RHWM 2022",TOCA_previous!$A$2:$AI$2,0),FALSE)*$F$2)) -> 4791.72 | BJ7: =SUM(L7:AI7)+(F7*RT1SC!$C$3*$F$2) -> 5115.1412 | BK7: =VLOOKUP($A7,TOCA_previous!$A$2:$AI$137,MATCH("Above RHWM Not Served with LS "&$F$1,TOCA_previous!$A$2:$AI$2,0),FALSE)*$F$2 -> 0 | BL7: =BJ7-BI7 -> 323.42125 | BM7: =(VLOOKUP($A7,TOCA_previous!$A$2:$AI$137,MATCH("RHWM 2022",TOCA_previous!$A$2:$AI$2,0),FALSE)*$F$2) - $BI7 -> 0 | BN7: =IF(BL7>0,IF(BM7>0,(-1)*MIN(BL7,BM7),0),0) -> 0 | BO7: =IF(BL7<0,IF(BK7<ABS(BL7),MAX(0,ABS($BL7)-(BK7)),0),0) -> 0 | BP7: =IF(AND(BK7>0,BM7>0),IF(AND(BL7<=0,ABS(BL7)<BK7),(-1)*MIN(BK7,BK7-ABS(BL7),BM7),IF(AND(BL7>0,BL7<BM7),(-1)*MIN(BK7,BM7-BL7),0)),0) -> 0 | BQ7: =IF($D7=0,SUM($BN7:$BP7),0) -> 0 | BR7: =VLOOKUP($A7,TOCA_current!$A$2:$AI$137,MATCH(BR$4,TOCA_current!$A$2:$AI$2,0),FALSE) -> 8.11e-05 | BS7: =VLOOKUP($A7,TOCA_current!$A$2:$AI$137,MATCH(BS$4,TOCA_current!$A$2:$AI$2,0),FALSE) -> 8.11e-05 | BT7: =BR7-BS7 -> 0 | BU7: =VLOOKUP($A7,TOCA_current!A3:BG138,MATCH(BU$4,TOCA_current!$A$2:$BG$2,0),FALSE) -> 0 | BV7: =IF(C7=0,0,BU7) -> 0 | BW7: =IF(C7=0,0,BR7) -> 0 | BX7: =VLOOKUP($A7,IRD!$A$4:$G$139, 7, FALSE) -> 0 | BY7: {=IF($BT7=0, INDEX(LS_current!$D$4:$AY$138, MATCH('Staging Table'!$A7, LS_current!$B$4:$B$138, 0), MATCH(BY$4&BY$5, LS_current!$D$2:$AY$2&LS_current!$D$3:$AY$3, 0)),SUM(VLOOKUP($A7, LS_current!$B$4:$AY$138, LS_current!D$148, FALSE), VLOOKUP($A7, LS_current!$B$4:$AY$138,LS_current!AB$148, FALSE))/2)} -> -53.466211 | BZ7: {=IF($BT7=0, INDEX(LS_current!$D$4:$AY$138, MATCH('Staging Table'!$A7, LS_current!$B$4:$B$138, 0), MATCH(BZ$4&BZ$5, LS_current!$D$2:$AY$2&LS_current!$D$3:$AY$3, 0)),SUM(VLOOKUP($A7, LS_current!$B$4:$AY$138, LS_current!E$148, FALSE), VLOOKUP($A7, LS_current!$B$4:$AY$138,LS_current!AC$148, FALSE))/2)} -> -8.7467737 | CA7: {=IF($BT7=0, INDEX(LS_current!$D$4:$AY$138, MATCH('Staging Table'!$A7, LS_current!$B$4:$B$138, 0), MATCH(CA$4&CA$5, LS_current!$D$2:$AY$2&LS_current!$D$3:$AY$3, 0)),SUM(VLOOKUP($A7, LS_current!$B$4:$AY$138, LS_current!F$148, FALSE), VLOOKUP($A7, LS_current!$B$4:$AY$138,LS_current!AD$148, FALSE))/2)} -> -175.85592 | CB7: {=IF($BT7=0, INDEX(LS_current!$D$4:$AY$138, MATCH('Staging Table'!$A7, LS_current!$B$4:$B$138, 0), MATCH(CB$4&CB$5, LS_current!$D$2:$AY$2&LS_current!$D$3:$AY$3, 0)),SUM(VLOOKUP($A7, LS_current!$B$4:$AY$138, LS_current!G$148, FALSE), VLOOKUP($A7, LS_current!$B$4:$AY$138,LS_current!AE$148, FALSE))/2)} -> -106.60276 | CC7: {=IF($BT7=0, INDEX(LS_current!$D$4:$AY$138, MATCH('Staging Table'!$A7, LS_current!$B$4:$B$138, 0), MATCH(CC$4&CC$5, LS_current!$D$2:$AY$2&LS_current!$D$3:$AY$3, 0)),SUM(VLOOKUP($A7, LS_current!$B$4:$AY$138, LS_current!H$148, FALSE), VLOOKUP($A7, LS_current!$B$4:$AY$138,LS_current!AF$148, FALSE))/2)} -> -194.49739 | CD7: {=IF($BT7=0, INDEX(LS_current!$D$4:$AY$138, MATCH('Staging Table'!$A7, LS_current!$B$4:$B$138, 0), MATCH(CD$4&CD$5, LS_current!$D$2:$AY$2&LS_current!$D$3:$AY$3, 0)),SUM(VLOOKUP($A7, LS_current!$B$4:$AY$138, LS_current!I$148, FALSE), VLOOKUP($A7, LS_current!$B$4:$AY$138,LS_current!AG$148, FALSE))/2)} -> -114.98209 | CE7: {=IF($BT7=0, INDEX(LS_current!$D$4:$AY$138, MATCH('Staging Table'!$A7, LS_current!$B$4:$B$138, 0), MATCH(CE$4&CE$5, LS_current!$D$2:$AY$2&LS_current!$D$3:$AY$3, 0)),SUM(VLOOKUP($A7, LS_current!$B$4:$AY$138, LS_current!J$148, FALSE), VLOOKUP($A7, LS_current!$B$4:$AY$138,LS_current!AH$148, FALSE))/2)} -> -200.3146 | CF7: {=IF($BT7=0, INDEX(LS_current!$D$4:$AY$138, MATCH('Staging Table'!$A7, LS_current!$B$4:$B$138, 0), MATCH(CF$4&CF$5, LS_current!$D$2:$AY$2&LS_current!$D$3:$AY$3, 0)),SUM(VLOOKUP($A7, LS_current!$B$4:$AY$138, LS_current!K$148, FALSE), VLOOKUP($A7, LS_current!$B$4:$AY$138,LS_current!AI$148, FALSE))/2)} -> -123.11799 | ... CV7: {=IF($BT7=0, INDEX(LS_current!$D$4:$AY$138, MATCH('Staging Table'!$A7, LS_current!$B$4:$B$138, 0), MATCH(CV$4&CV$5, LS_current!$D$2:$AY$2&LS_current!$D$3:$AY$3, 0)),SUM(VLOOKUP($A7, LS_current!$B$4:$AY$138, LS_current!AA$148, FALSE), VLOOKUP($A7, LS_current!$B$4:$AY$138,LS_current!AY$148, FALSE))/2)} -> 163.62077 | CW7: {=INDEX(Demand_current!$D$4:$AY$138, MATCH($A7, Demand_current!$B$4:$B$138, 0), MATCH(CW$4&CW$5,Demand_current!$D$2:$AY$2&Demand_current!$D$3:$AY$3, 0))/1000} -> 0.24292067 | CX7: {=INDEX(Demand_current!$D$4:$AY$138, MATCH($A7, Demand_current!$B$4:$B$138, 0), MATCH(CX$4&CX$5,Demand_current!$D$2:$AY$2&Demand_current!$D$3:$AY$3, 0))/1000} -> 0 | CY7: {=INDEX(Demand_current!$D$4:$AY$138, MATCH($A7, Demand_current!$B$4:$B$138, 0), MATCH(CY$4&CY$5,Demand_current!$D$2:$AY$2&Demand_current!$D$3:$AY$3, 0))/1000} -> 0 | CZ7: {=INDEX(Demand_current!$D$4:$AY$138, MATCH($A7, Demand_current!$B$4:$B$138, 0), MATCH(CZ$4&CZ$5,Demand_current!$D$2:$AY$2&Demand_current!$D$3:$AY$3, 0))/1000} -> 0.10224519 | DA7: {=INDEX(Demand_current!$D$4:$AY$138, MATCH($A7, Demand_current!$B$4:$B$138, 0), MATCH(DA$4&DA$5,Demand_current!$D$2:$AY$2&Demand_current!$D$3:$AY$3, 0))/1000} -> 0.1818625 | DB7: {=INDEX(Demand_current!$D$4:$AY$138, MATCH($A7, Demand_current!$B$4:$B$138, 0), MATCH(DB$4&DB$5,Demand_current!$D$2:$AY$2&Demand_current!$D$3:$AY$3, 0))/1000} -> 0.16455048 | DC7: {=INDEX(Demand_current!$D$4:$AY$138, MATCH($A7, Demand_current!$B$4:$B$138, 0), MATCH(DC$4&DC$5,Demand_current!$D$2:$AY$2&Demand_current!$D$3:$AY$3, 0))/1000} -> 0.50963702 | DD7: {=INDEX(Demand_current!$D$4:$AY$138, MATCH($A7, Demand_current!$B$4:$B$138, 0), MATCH(DD$4&DD$5,Demand_current!$D$2:$AY$2&Demand_current!$D$3:$AY$3, 0))/1000} -> 0.43008413 | ... DH7: {=INDEX(Demand_current!$D$4:$AY$138, MATCH($A7, Demand_current!$B$4:$B$138, 0), MATCH(DH$4&DH$5,Demand_current!$D$2:$AY$2&Demand_current!$D$3:$AY$3, 0))/1000} -> 0.44096875 | DI7: =$BS7*(VLOOKUP(DI$4, Rates_current!$G$6:$Q$29, 10, FALSE)+VLOOKUP(DI$4, Rates_current!$G$6:$Q$29, 11, FALSE)) -> 342.14499 | DJ7: =$BS7*(VLOOKUP(DJ$4, Rates_current!$G$6:$Q$29, 10, FALSE)+VLOOKUP(DJ$4, Rates_current!$G$6:$Q$29, 11, FALSE)) -> 436.34768 | DK7: =$BS7*(VLOOKUP(DK$4, Rates_current!$G$6:$Q$29, 10, FALSE)+VLOOKUP(DK$4, Rates_current!$G$6:$Q$29, 11, FALSE)) -> 470.90548 | DL7: =$BS7*(VLOOKUP(DL$4, Rates_current!$G$6:$Q$29, 10, FALSE)+VLOOKUP(DL$4, Rates_current!$G$6:$Q$29, 11, FALSE)) -> 489.34359 | DM7: =$BS7*(VLOOKUP(DM$4, Rates_current!$G$6:$Q$29, 10, FALSE)+VLOOKUP(DM$4, Rates_current!$G$6:$Q$29, 11, FALSE)) -> 420.90071 | DN7: =$BS7*(VLOOKUP(DN$4, Rates_current!$G$6:$Q$29, 10, FALSE)+VLOOKUP(DN$4, Rates_current!$G$6:$Q$29, 11, FALSE)) -> 459.54025 | DO7: =$BS7*(VLOOKUP(DO$4, Rates_current!$G$6:$Q$29, 10, FALSE)+VLOOKUP(DO$4, Rates_current!$G$6:$Q$29, 11, FALSE)) -> 362.72958 | DP7: =$BS7*(VLOOKUP(DP$4, Rates_current!$G$6:$Q$29, 10, FALSE)+VLOOKUP(DP$4, Rates_current!$G$6:$Q$29, 11, FALSE)) -> 450.01466 | ... DT7: =$BS7*(VLOOKUP(DT$4, Rates_current!$G$6:$Q$29, 10, FALSE)+VLOOKUP(DT$4, Rates_current!$G$6:$Q$29, 11, FALSE)) -> 355.08073 | DU7: =IF(D7=0,IF(C7=0,MAX(0,DW7 - (VLOOKUP($A7,TOCA_current!$A$2:$AI$137,MATCH("RHWM 2024",TOCA_current!$A$2:$AI$2,0),FALSE)*$BS$2)), 0),0) -> 81.909023 | DV7: =MIN(VLOOKUP($A7,TOCA_current!$A$2:$AI$137,MATCH("TRL - NLSL - Existing Resource "&$BS$1,TOCA_current!$A$2:$AI$2,0),FALSE)*$BS$2, VLOOKUP($A7,TOCA_current!$A$2:$AI$137,MATCH("RHWM 2024",TOCA_current!$A$2:$AI$2,0),FALSE)*$BS$2) -> 5033.232 | DW7: =SUM(BY7:CV7)+(BS7*RT1SC!$C$4*$BS$2) -> 5115.141 | DX7: =VLOOKUP($A7,TOCA_current!$A$2:$AI$137,MATCH("Above RHWM Not Served with LS "&$BS$1,TOCA_current!$A$2:$AI$2,0),FALSE)*$BS$2 -> 0 | DY7: =DW7-DV7 -> 81.909023 | DZ7: =(VLOOKUP($A7,TOCA_current!$A$2:$AI$137,MATCH("RHWM 2024",TOCA_current!$A$2:$AI$2,0),FALSE)*$BS$2) - $DV7 -> 0 | EA7: =IF(DY7>0,IF(DZ7>0,(-1)*MIN(DY7,DZ7),0),0) -> 0 | EB7: =IF(DY7<0,IF(DX7<ABS(DY7),MAX(0,ABS($DY7)-(DX7)),0),0) -> 0 | EC7: =IF(AND(DX7>0,DZ7>0),IF(AND(DY7<=0,ABS(DY7)<DX7),(-1)*MIN(DX7,DX7-ABS(DY7),DZ7),IF(AND(DY7>0,DY7<DZ7),(-1)*MIN(DX7,DZ7-DY7),0)),0) -> 0 | ED7: =IF($D7=0,SUM(EA7:EC7),0) -> 0
A8: 10024 | B8: Benton County PUD #1 | C8: =VLOOKUP(A8, TOCA_current!$A$3:$D$137, 4, FALSE) -> 0 | D8: 0 | E8: =VLOOKUP($A8,TOCA_previous!$A$2:$AI$137,MATCH(E$4,TOCA_previous!$A$2:$AI$2,0),FALSE) -> 0.0285022 | F8: =VLOOKUP($A8,TOCA_previous!$A$2:$AI$137,MATCH(F$4,TOCA_previous!$A$2:$AI$2,0),FALSE) -> 0.0285022 | G8: =E8-F8 -> 0 | H8: =VLOOKUP($A8,TOCA_previous!$A$2:$AI$137,MATCH(H$4,TOCA_previous!$A$2:$AI$2,0),FALSE) -> 0 | I8: =IF(C8=0,0,H8) -> 0 | J8: =IF(C8=0,0,E8) -> 0 | K8: =VLOOKUP(A8, IRD!$A$5:$C$139, 3, FALSE) -> 312239.2 | L8: {=IF($G8=0, INDEX(LS_previous!$D$4:$AY$138, MATCH('Staging Table'!$A8, LS_previous!$B$4:$B$138, 0), MATCH(L$4&L$5, LS_previous!$D$2:$AY$2&LS_previous!$D$3:$AY$3, 0)),SUM(VLOOKUP($A8, LS_previous!$B$4:$AY$138, LS_previous!D$149, FALSE), VLOOKUP('Staging Table'!$A8, LS_previous!$B$4:$AY$138,LS_previous!AB$149, FALSE))/2)} -> -15641.773 | M8: {=IF($G8=0, INDEX(LS_previous!$D$4:$AY$138, MATCH('Staging Table'!$A8, LS_previous!$B$4:$B$138, 0), MATCH(M$4&M$5, LS_previous!$D$2:$AY$2&LS_previous!$D$3:$AY$3, 0)),SUM(VLOOKUP($A8, LS_previous!$B$4:$AY$138, LS_previous!E$149, FALSE), VLOOKUP('Staging Table'!$A8, LS_previous!$B$4:$AY$138,LS_previous!AC$149, FALSE))/2)} -> -6919.8163 | N8: {=IF($G8=0, INDEX(LS_previous!$D$4:$AY$138, MATCH('Staging Table'!$A8, LS_previous!$B$4:$B$138, 0), MATCH(N$4&N$5, LS_previous!$D$2:$AY$2&LS_previous!$D$3:$AY$3, 0)),SUM(VLOOKUP($A8, LS_previous!$B$4:$AY$138, LS_previous!F$149, FALSE), VLOOKUP('Staging Table'!$A8, LS_previous!$B$4:$AY$138,LS_previous!AD$149, FALSE))/2)} -> -38199.052 | O8: {=IF($G8=0, INDEX(LS_previous!$D$4:$AY$138, MATCH('Staging Table'!$A8, LS_previous!$B$4:$B$138, 0), MATCH(O$4&O$5, LS_previous!$D$2:$AY$2&LS_previous!$D$3:$AY$3, 0)),SUM(VLOOKUP($A8, LS_previous!$B$4:$AY$138, LS_previous!G$149, FALSE), VLOOKUP('Staging Table'!$A8, LS_previous!$B$4:$AY$138,LS_previous!AE$149, FALSE))/2)} -> -19542.962 | P8: {=IF($G8=0, INDEX(LS_previous!$D$4:$AY$138, MATCH('Staging Table'!$A8, LS_previous!$B$4:$B$138, 0), MATCH(P$4&P$5, LS_previous!$D$2:$AY$2&LS_previous!$D$3:$AY$3, 0)),SUM(VLOOKUP($A8, LS_previous!$B$4:$AY$138, LS_previous!H$149, FALSE), VLOOKUP('Staging Table'!$A8, LS_previous!$B$4:$AY$138,LS_previous!AF$149, FALSE))/2)} -> -6660.8765 | Q8: {=IF($G8=0, INDEX(LS_previous!$D$4:$AY$138, MATCH('Staging Table'!$A8, LS_previous!$B$4:$B$138, 0), MATCH(Q$4&Q$5, LS_previous!$D$2:$AY$2&LS_previous!$D$3:$AY$3, 0)),SUM(VLOOKUP($A8, LS_previous!$B$4:$AY$138, LS_previous!I$149, FALSE), VLOOKUP('Staging Table'!$A8, LS_previous!$B$4:$AY$138,LS_previous!AG$149, FALSE))/2)} -> -8118.6275 | R8: {=IF($G8=0, INDEX(LS_previous!$D$4:$AY$138, MATCH('Staging Table'!$A8, LS_previous!$B$4:$B$138, 0), MATCH(R$4&R$5, LS_previous!$D$2:$AY$2&LS_previous!$D$3:$AY$3, 0)),SUM(VLOOKUP($A8, LS_previous!$B$4:$AY$138, LS_previous!J$149, FALSE), VLOOKUP('Staging Table'!$A8, LS_previous!$B$4:$AY$138,LS_previous!AH$149, FALSE))/2)} -> 7538.2424 | S8: {=IF($G8=0, INDEX(LS_previous!$D$4:$AY$138, MATCH('Staging Table'!$A8, LS_previous!$B$4:$B$138, 0), MATCH(S$4&S$5, LS_previous!$D$2:$AY$2&LS_previous!$D$3:$AY$3, 0)),SUM(VLOOKUP($A8, LS_previous!$B$4:$AY$138, LS_previous!K$149, FALSE), VLOOKUP('Staging Table'!$A8, LS_previous!$B$4:$AY$138,LS_previous!AI$149, FALSE))/2)} -> 1997.1384 | ... AI8: {=IF($G8=0, INDEX(LS_previous!$D$4:$AY$138, MATCH('Staging Table'!$A8, LS_previous!$B$4:$B$138, 0), MATCH(AI$4&AI$5, LS_previous!$D$2:$AY$2&LS_previous!$D$3:$AY$3, 0)),SUM(VLOOKUP($A8, LS_previous!$B$4:$AY$138, LS_previous!AA$149, FALSE), VLOOKUP('Staging Table'!$A8, LS_previous!$B$4:$AY$138,LS_previous!AY$149, FALSE))/2)} -> -4716.7856 | AJ8: {=INDEX(Demand_previous!$D$4:$AY$138, MATCH('Staging Table'!$A8, Demand_previous!$B$4:$B$138, 0), MATCH(AJ$4&AJ$5,Demand_previous!$D$2:$AY$2&Demand_previous!$D$3:$AY$3, 0))/1000} -> 11.43781 | AK8: {=INDEX(Demand_previous!$D$4:$AY$138, MATCH('Staging Table'!$A8, Demand_previous!$B$4:$B$138, 0), MATCH(AK$4&AK$5,Demand_previous!$D$2:$AY$2&Demand_previous!$D$3:$AY$3, 0))/1000} -> 21.388077 | AL8: {=INDEX(Demand_previous!$D$4:$AY$138, MATCH('Staging Table'!$A8, Demand_previous!$B$4:$B$138, 0), MATCH(AL$4&AL$5,Demand_previous!$D$2:$AY$2&Demand_previous!$D$3:$AY$3, 0))/1000} -> 34.734161 | AM8: {=INDEX(Demand_previous!$D$4:$AY$138, MATCH('Staging Table'!$A8, Demand_previous!$B$4:$B$138, 0), MATCH(AM$4&AM$5,Demand_previous!$D$2:$AY$2&Demand_previous!$D$3:$AY$3, 0))/1000} -> 24.299255 | AN8: {=INDEX(Demand_previous!$D$4:$AY$138, MATCH('Staging Table'!$A8, Demand_previous!$B$4:$B$138, 0), MATCH(AN$4&AN$5,Demand_previous!$D$2:$AY$2&Demand_previous!$D$3:$AY$3, 0))/1000} -> 1.1915026 | AO8: {=INDEX(Demand_previous!$D$4:$AY$138, MATCH('Staging Table'!$A8, Demand_previous!$B$4:$B$138, 0), MATCH(AO$4&AO$5,Demand_previous!$D$2:$AY$2&Demand_previous!$D$3:$AY$3, 0))/1000} -> 27.873292 | AP8: {=INDEX(Demand_previous!$D$4:$AY$138, MATCH('Staging Table'!$A8, Demand_previous!$B$4:$B$138, 0), MATCH(AP$4&AP$5,Demand_previous!$D$2:$AY$2&Demand_previous!$D$3:$AY$3, 0))/1000} -> 53.656272 | AQ8: {=INDEX(Demand_previous!$D$4:$AY$138, MATCH('Staging Table'!$A8, Demand_previous!$B$4:$B$138, 0), MATCH(AQ$4&AQ$5,Demand_previous!$D$2:$AY$2&Demand_previous!$D$3:$AY$3, 0))/1000} -> 0 | ... AU8: {=INDEX(Demand_previous!$D$4:$AY$138, MATCH('Staging Table'!$A8, Demand_previous!$B$4:$B$138, 0), MATCH(AU$4&AU$5,Demand_previous!$D$2:$AY$2&Demand_previous!$D$3:$AY$3, 0))/1000} -> 9.4372975 | AV8: =$F8*(VLOOKUP(AV$4, Rates_previous!$G$6:$Q$29, 10, FALSE)+VLOOKUP(AV$4, Rates_previous!$G$6:$Q$29, 11, FALSE)) -> 129796.86 | AW8: =$F8*(VLOOKUP(AW$4, Rates_previous!$G$6:$Q$29, 10, FALSE)+VLOOKUP(AW$4, Rates_previous!$G$6:$Q$29, 11, FALSE)) -> 164327.54 | AX8: =$F8*(VLOOKUP(AX$4, Rates_previous!$G$6:$Q$29, 10, FALSE)+VLOOKUP(AX$4, Rates_previous!$G$6:$Q$29, 11, FALSE)) -> 160843.83 | AY8: =$F8*(VLOOKUP(AY$4, Rates_previous!$G$6:$Q$29, 10, FALSE)+VLOOKUP(AY$4, Rates_previous!$G$6:$Q$29, 11, FALSE)) -> 132850.17 | AZ8: =$F8*(VLOOKUP(AZ$4, Rates_previous!$G$6:$Q$29, 10, FALSE)+VLOOKUP(AZ$4, Rates_previous!$G$6:$Q$29, 11, FALSE)) -> 115144.15 | BA8: =$F8*(VLOOKUP(BA$4, Rates_previous!$G$6:$Q$29, 10, FALSE)+VLOOKUP(BA$4, Rates_previous!$G$6:$Q$29, 11, FALSE)) -> 137458.86 | BB8: =$F8*(VLOOKUP(BB$4, Rates_previous!$G$6:$Q$29, 10, FALSE)+VLOOKUP(BB$4, Rates_previous!$G$6:$Q$29, 11, FALSE)) -> 106718.51 | BC8: =$F8*(VLOOKUP(BC$4, Rates_previous!$G$6:$Q$29, 10, FALSE)+VLOOKUP(BC$4, Rates_previous!$G$6:$Q$29, 11, FALSE)) -> 147859.28 | ... BG8: =$F8*(VLOOKUP(BG$4, Rates_previous!$G$6:$Q$29, 10, FALSE)+VLOOKUP(BG$4, Rates_previous!$G$6:$Q$29, 11, FALSE)) -> 133965.83 | BH8: =IF($D8=0,IF(C8=0, MAX(BJ8 - (VLOOKUP($A8,TOCA_previous!$A$2:$AI$137,MATCH("RHWM 2022",TOCA_previous!$A$2:$AI$2,0),FALSE)*$F$2*TOCA_previous!C5),0),0), 0) -> 0 | BI8: =MIN(VLOOKUP($A8,TOCA_previous!$A$2:$AI$137,MATCH("TRL - NLSL - Existing Resource "&$F$1,TOCA_previous!$A$2:$AI$2,0),FALSE)*$F$2,(VLOOKUP($A8,TOCA_previous!$A$2:$AI$137,MATCH("RHWM 2022",TOCA_previous!$A$2:$AI$2,0),FALSE)*$F$2)) -> 1681928.8 | BJ8: =SUM(L8:AI8)+(F8*RT1SC!$C$3*$F$2) -> 1652559.5 | BK8: =VLOOKUP($A8,TOCA_previous!$A$2:$AI$137,MATCH("Above RHWM Not Served with LS "&$F$1,TOCA_previous!$A$2:$AI$2,0),FALSE)*$F$2 -> 149331.72 | BL8: =BJ8-BI8 -> -29369.215 | BM8: =(VLOOKUP($A8,TOCA_previous!$A$2:$AI$137,MATCH("RHWM 2022",TOCA_previous!$A$2:$AI$2,0),FALSE)*$F$2) - $BI8 -> 0 | BN8: =IF(BL8>0,IF(BM8>0,(-1)*MIN(BL8,BM8),0),0) -> 0 | BO8: =IF(BL8<0,IF(BK8<ABS(BL8),MAX(0,ABS($BL8)-(BK8)),0),0) -> 0 | BP8: =IF(AND(BK8>0,BM8>0),IF(AND(BL8<=0,ABS(BL8)<BK8),(-1)*MIN(BK8,BK8-ABS(BL8),BM8),IF(AND(BL8>0,BL8<BM8),(-1)*MIN(BK8,BM8-BL8),0)),0) -> 0 | BQ8: =IF($D8=0,SUM($BN8:$BP8),0) -> 0 | BR8: =VLOOKUP($A8,TOCA_current!$A$2:$AI$137,MATCH(BR$4,TOCA_current!$A$2:$AI$2,0),FALSE) -> 0.0284458 | BS8: =VLOOKUP($A8,TOCA_current!$A$2:$AI$137,MATCH(BS$4,TOCA_current!$A$2:$AI$2,0),FALSE) -> 0.0284458 | BT8: =BR8-BS8 -> 0 | BU8: =VLOOKUP($A8,TOCA_current!A4:BG139,MATCH(BU$4,TOCA_current!$A$2:$BG$2,0),FALSE) -> 0 | BV8: =IF(C8=0,0,BU8) -> 0 | BW8: =IF(C8=0,0,BR8) -> 0 | BX8: =VLOOKUP($A8,IRD!$A$4:$G$139, 7, FALSE) -> 312239.2 | BY8: {=IF($BT8=0, INDEX(LS_current!$D$4:$AY$138, MATCH('Staging Table'!$A8, LS_current!$B$4:$B$138, 0), MATCH(BY$4&BY$5, LS_current!$D$2:$AY$2&LS_current!$D$3:$AY$3, 0)),SUM(VLOOKUP($A8, LS_current!$B$4:$AY$138, LS_current!D$148, FALSE), VLOOKUP($A8, LS_current!$B$4:$AY$138,LS_current!AB$148, FALSE))/2)} -> -2169.0896 | BZ8: {=IF($BT8=0, INDEX(LS_current!$D$4:$AY$138, MATCH('Staging Table'!$A8, LS_current!$B$4:$B$138, 0), MATCH(BZ$4&BZ$5, LS_current!$D$2:$AY$2&LS_current!$D$3:$AY$3, 0)),SUM(VLOOKUP($A8, LS_current!$B$4:$AY$138, LS_current!E$148, FALSE), VLOOKUP($A8, LS_current!$B$4:$AY$138,LS_current!AC$148, FALSE))/2)} -> -5541.4515 | CA8: {=IF($BT8=0, INDEX(LS_current!$D$4:$AY$138, MATCH('Staging Table'!$A8, LS_current!$B$4:$B$138, 0), MATCH(CA$4&CA$5, LS_current!$D$2:$AY$2&LS_current!$D$3:$AY$3, 0)),SUM(VLOOKUP($A8, LS_current!$B$4:$AY$138, LS_current!F$148, FALSE), VLOOKUP($A8, LS_current!$B$4:$AY$138,LS_current!AD$148, FALSE))/2)} -> -27499.585 | CB8: {=IF($BT8=0, INDEX(LS_current!$D$4:$AY$138, MATCH('Staging Table'!$A8, LS_current!$B$4:$B$138, 0), MATCH(CB$4&CB$5, LS_current!$D$2:$AY$2&LS_current!$D$3:$AY$3, 0)),SUM(VLOOKUP($A8, LS_current!$B$4:$AY$138, LS_current!G$148, FALSE), VLOOKUP($A8, LS_current!$B$4:$AY$138,LS_current!AE$148, FALSE))/2)} -> -14058.739 | CC8: {=IF($BT8=0, INDEX(LS_current!$D$4:$AY$138, MATCH('Staging Table'!$A8, LS_current!$B$4:$B$138, 0), MATCH(CC$4&CC$5, LS_current!$D$2:$AY$2&LS_current!$D$3:$AY$3, 0)),SUM(VLOOKUP($A8, LS_current!$B$4:$AY$138, LS_current!H$148, FALSE), VLOOKUP($A8, LS_current!$B$4:$AY$138,LS_current!AF$148, FALSE))/2)} -> -11922.492 | CD8: {=IF($BT8=0, INDEX(LS_current!$D$4:$AY$138, MATCH('Staging Table'!$A8, LS_current!$B$4:$B$138, 0), MATCH(CD$4&CD$5, LS_current!$D$2:$AY$2&LS_current!$D$3:$AY$3, 0)),SUM(VLOOKUP($A8, LS_current!$B$4:$AY$138, LS_current!I$148, FALSE), VLOOKUP($A8, LS_current!$B$4:$AY$138,LS_current!AG$148, FALSE))/2)} -> -2121.6995 | CE8: {=IF($BT8=0, INDEX(LS_current!$D$4:$AY$138, MATCH('Staging Table'!$A8, LS_current!$B$4:$B$138, 0), MATCH(CE$4&CE$5, LS_current!$D$2:$AY$2&LS_current!$D$3:$AY$3, 0)),SUM(VLOOKUP($A8, LS_current!$B$4:$AY$138, LS_current!J$148, FALSE), VLOOKUP($A8, LS_current!$B$4:$AY$138,LS_current!AH$148, FALSE))/2)} -> -20593.345 | CF8: {=IF($BT8=0, INDEX(LS_current!$D$4:$AY$138, MATCH('Staging Table'!$A8, LS_current!$B$4:$B$138, 0), MATCH(CF$4&CF$5, LS_current!$D$2:$AY$2&LS_current!$D$3:$AY$3, 0)),SUM(VLOOKUP($A8, LS_current!$B$4:$AY$138, LS_current!K$148, FALSE), VLOOKUP($A8, LS_current!$B$4:$AY$138,LS_current!AI$148, FALSE))/2)} -> -3596.7897 | ... CV8: {=IF($BT8=0, INDEX(LS_current!$D$4:$AY$138, MATCH('Staging Table'!$A8, LS_current!$B$4:$B$138, 0), MATCH(CV$4&CV$5, LS_current!$D$2:$AY$2&LS_current!$D$3:$AY$3, 0)),SUM(VLOOKUP($A8, LS_current!$B$4:$AY$138, LS_current!AA$148, FALSE), VLOOKUP($A8, LS_current!$B$4:$AY$138,LS_current!AY$148, FALSE))/2)} -> -4395.9679 | CW8: {=INDEX(Demand_current!$D$4:$AY$138, MATCH($A8, Demand_current!$B$4:$B$138, 0), MATCH(CW$4&CW$5,Demand_current!$D$2:$AY$2&Demand_current!$D$3:$AY$3, 0))/1000} -> 11.43781 | CX8: {=INDEX(Demand_current!$D$4:$AY$138, MATCH($A8, Demand_current!$B$4:$B$138, 0), MATCH(CX$4&CX$5,Demand_current!$D$2:$AY$2&Demand_current!$D$3:$AY$3, 0))/1000} -> 21.388077 | CY8: {=INDEX(Demand_current!$D$4:$AY$138, MATCH($A8, Demand_current!$B$4:$B$138, 0), MATCH(CY$4&CY$5,Demand_current!$D$2:$AY$2&Demand_current!$D$3:$AY$3, 0))/1000} -> 25.811647 | CZ8: {=INDEX(Demand_current!$D$4:$AY$138, MATCH($A8, Demand_current!$B$4:$B$138, 0), MATCH(CZ$4&CZ$5,Demand_current!$D$2:$AY$2&Demand_current!$D$3:$AY$3, 0))/1000} -> 32.981361 | DA8: {=INDEX(Demand_current!$D$4:$AY$138, MATCH($A8, Demand_current!$B$4:$B$138, 0), MATCH(DA$4&DA$5,Demand_current!$D$2:$AY$2&Demand_current!$D$3:$AY$3, 0))/1000} -> 8.5982425 | DB8: {=INDEX(Demand_current!$D$4:$AY$138, MATCH($A8, Demand_current!$B$4:$B$138, 0), MATCH(DB$4&DB$5,Demand_current!$D$2:$AY$2&Demand_current!$D$3:$AY$3, 0))/1000} -> 21.203072 | DC8: {=INDEX(Demand_current!$D$4:$AY$138, MATCH($A8, Demand_current!$B$4:$B$138, 0), MATCH(DC$4&DC$5,Demand_current!$D$2:$AY$2&Demand_current!$D$3:$AY$3, 0))/1000} -> 53.656272 | DD8: {=INDEX(Demand_current!$D$4:$AY$138, MATCH($A8, Demand_current!$B$4:$B$138, 0), MATCH(DD$4&DD$5,Demand_current!$D$2:$AY$2&Demand_current!$D$3:$AY$3, 0))/1000} -> 0 | ... DH8: {=INDEX(Demand_current!$D$4:$AY$138, MATCH($A8, Demand_current!$B$4:$B$138, 0), MATCH(DH$4&DH$5,Demand_current!$D$2:$AY$2&Demand_current!$D$3:$AY$3, 0))/1000} -> 1.4618516 | DI8: =$BS8*(VLOOKUP(DI$4, Rates_current!$G$6:$Q$29, 10, FALSE)+VLOOKUP(DI$4, Rates_current!$G$6:$Q$29, 11, FALSE)) -> 120007.25 | DJ8: =$BS8*(VLOOKUP(DJ$4, Rates_current!$G$6:$Q$29, 10, FALSE)+VLOOKUP(DJ$4, Rates_current!$G$6:$Q$29, 11, FALSE)) -> 153048.81 | DK8: =$BS8*(VLOOKUP(DK$4, Rates_current!$G$6:$Q$29, 10, FALSE)+VLOOKUP(DK$4, Rates_current!$G$6:$Q$29, 11, FALSE)) -> 165169.95 | DL8: =$BS8*(VLOOKUP(DL$4, Rates_current!$G$6:$Q$29, 10, FALSE)+VLOOKUP(DL$4, Rates_current!$G$6:$Q$29, 11, FALSE)) -> 171637.11 | DM8: =$BS8*(VLOOKUP(DM$4, Rates_current!$G$6:$Q$29, 10, FALSE)+VLOOKUP(DM$4, Rates_current!$G$6:$Q$29, 11, FALSE)) -> 147630.8 | DN8: =$BS8*(VLOOKUP(DN$4, Rates_current!$G$6:$Q$29, 10, FALSE)+VLOOKUP(DN$4, Rates_current!$G$6:$Q$29, 11, FALSE)) -> 161183.6 | DO8: =$BS8*(VLOOKUP(DO$4, Rates_current!$G$6:$Q$29, 10, FALSE)+VLOOKUP(DO$4, Rates_current!$G$6:$Q$29, 11, FALSE)) -> 127227.29 | DP8: =$BS8*(VLOOKUP(DP$4, Rates_current!$G$6:$Q$29, 10, FALSE)+VLOOKUP(DP$4, Rates_current!$G$6:$Q$29, 11, FALSE)) -> 157842.5 | ... DT8: =$BS8*(VLOOKUP(DT$4, Rates_current!$G$6:$Q$29, 10, FALSE)+VLOOKUP(DT$4, Rates_current!$G$6:$Q$29, 11, FALSE)) -> 124544.46 | DU8: =IF(D8=0,IF(C8=0,MAX(0,DW8 - (VLOOKUP($A8,TOCA_current!$A$2:$AI$137,MATCH("RHWM 2024",TOCA_current!$A$2:$AI$2,0),FALSE)*$BS$2)), 0),0) -> 0 | DV8: =MIN(VLOOKUP($A8,TOCA_current!$A$2:$AI$137,MATCH("TRL - NLSL - Existing Resource "&$BS$1,TOCA_current!$A$2:$AI$2,0),FALSE)*$BS$2, VLOOKUP($A8,TOCA_current!$A$2:$AI$137,MATCH("RHWM 2024",TOCA_current!$A$2:$AI$2,0),FALSE)*$BS$2) -> 1764907.6 | DW8: =SUM(BY8:CV8)+(BS8*RT1SC!$C$4*$BS$2) -> 1711907.9 | DX8: =VLOOKUP($A8,TOCA_current!$A$2:$AI$137,MATCH("Above RHWM Not Served with LS "&$BS$1,TOCA_current!$A$2:$AI$2,0),FALSE)*$BS$2 -> 89983.296 | DY8: =DW8-DV8 -> -52999.741 | DZ8: =(VLOOKUP($A8,TOCA_current!$A$2:$AI$137,MATCH("RHWM 2024",TOCA_current!$A$2:$AI$2,0),FALSE)*$BS$2) - $DV8 -> 0 | EA8: =IF(DY8>0,IF(DZ8>0,(-1)*MIN(DY8,DZ8),0),0) -> 0 | EB8: =IF(DY8<0,IF(DX8<ABS(DY8),MAX(0,ABS($DY8)-(DX8)),0),0) -> 0 | EC8: =IF(AND(DX8>0,DZ8>0),IF(AND(DY8<=0,ABS(DY8)<DX8),(-1)*MIN(DX8,DX8-ABS(DY8),DZ8),IF(AND(DY8>0,DY8<DZ8),(-1)*MIN(DX8,DZ8-DY8),0)),0) -> 0 | ED8: =IF($D8=0,SUM(EA8:EC8),0) -> 0
A9: 10025 | B9: Benton REA | C9: =VLOOKUP(A9, TOCA_current!$A$3:$D$137, 4, FALSE) -> 0 | D9: 0 | E9: =VLOOKUP($A9,TOCA_previous!$A$2:$AI$137,MATCH(E$4,TOCA_previous!$A$2:$AI$2,0),FALSE) -> 0.008448 | F9: =VLOOKUP($A9,TOCA_previous!$A$2:$AI$137,MATCH(F$4,TOCA_previous!$A$2:$AI$2,0),FALSE) -> 0.008448 | G9: =E9-F9 -> 0 | H9: =VLOOKUP($A9,TOCA_previous!$A$2:$AI$137,MATCH(H$4,TOCA_previous!$A$2:$AI$2,0),FALSE) -> 0.06443 | I9: =IF(C9=0,0,H9) -> 0 | J9: =IF(C9=0,0,E9) -> 0 | K9: =VLOOKUP(A9, IRD!$A$5:$C$139, 3, FALSE) -> 82900.857 | L9: {=IF($G9=0, INDEX(LS_previous!$D$4:$AY$138, MATCH('Staging Table'!$A9, LS_previous!$B$4:$B$138, 0), MATCH(L$4&L$5, LS_previous!$D$2:$AY$2&LS_previous!$D$3:$AY$3, 0)),SUM(VLOOKUP($A9, LS_previous!$B$4:$AY$138, LS_previous!D$149, FALSE), VLOOKUP('Staging Table'!$A9, LS_previous!$B$4:$AY$138,LS_previous!AB$149, FALSE))/2)} -> -2236.5662 | M9: {=IF($G9=0, INDEX(LS_previous!$D$4:$AY$138, MATCH('Staging Table'!$A9, LS_previous!$B$4:$B$138, 0), MATCH(M$4&M$5, LS_previous!$D$2:$AY$2&LS_previous!$D$3:$AY$3, 0)),SUM(VLOOKUP($A9, LS_previous!$B$4:$AY$138, LS_previous!E$149, FALSE), VLOOKUP('Staging Table'!$A9, LS_previous!$B$4:$AY$138,LS_previous!AC$149, FALSE))/2)} -> 707.62165 | N9: {=IF($G9=0, INDEX(LS_previous!$D$4:$AY$138, MATCH('Staging Table'!$A9, LS_previous!$B$4:$B$138, 0), MATCH(N$4&N$5, LS_previous!$D$2:$AY$2&LS_previous!$D$3:$AY$3, 0)),SUM(VLOOKUP($A9, LS_previous!$B$4:$AY$138, LS_previous!F$149, FALSE), VLOOKUP('Staging Table'!$A9, LS_previous!$B$4:$AY$138,LS_previous!AD$149, FALSE))/2)} -> -11146.047 | O9: {=IF($G9=0, INDEX(LS_previous!$D$4:$AY$138, MATCH('Staging Table'!$A9, LS_previous!$B$4:$B$138, 0), MATCH(O$4&O$5, LS_previous!$D$2:$AY$2&LS_previous!$D$3:$AY$3, 0)),SUM(VLOOKUP($A9, LS_previous!$B$4:$AY$138, LS_previous!G$149, FALSE), VLOOKUP('Staging Table'!$A9, LS_previous!$B$4:$AY$138,LS_previous!AE$149, FALSE))/2)} -> -4677.8402 | P9: {=IF($G9=0, INDEX(LS_previous!$D$4:$AY$138, MATCH('Staging Table'!$A9, LS_previous!$B$4:$B$138, 0), MATCH(P$4&P$5, LS_previous!$D$2:$AY$2&LS_previous!$D$3:$AY$3, 0)),SUM(VLOOKUP($A9, LS_previous!$B$4:$AY$138, LS_previous!H$149, FALSE), VLOOKUP('Staging Table'!$A9, LS_previous!$B$4:$AY$138,LS_previous!AF$149, FALSE))/2)} -> -4256.4839 | Q9: {=IF($G9=0, INDEX(LS_previous!$D$4:$AY$138, MATCH('Staging Table'!$A9, LS_previous!$B$4:$B$138, 0), MATCH(Q$4&Q$5, LS_previous!$D$2:$AY$2&LS_previous!$D$3:$AY$3, 0)),SUM(VLOOKUP($A9, LS_previous!$B$4:$AY$138, LS_previous!I$149, FALSE), VLOOKUP('Staging Table'!$A9, LS_previous!$B$4:$AY$138,LS_previous!AG$149, FALSE))/2)} -> -2727.8043 | R9: {=IF($G9=0, INDEX(LS_previous!$D$4:$AY$138, MATCH('Staging Table'!$A9, LS_previous!$B$4:$B$138, 0), MATCH(R$4&R$5, LS_previous!$D$2:$AY$2&LS_previous!$D$3:$AY$3, 0)),SUM(VLOOKUP($A9, LS_previous!$B$4:$AY$138, LS_previous!J$149, FALSE), VLOOKUP('Staging Table'!$A9, LS_previous!$B$4:$AY$138,LS_previous!AH$149, FALSE))/2)} -> 365.91048 | S9: {=IF($G9=0, INDEX(LS_previous!$D$4:$AY$138, MATCH('Staging Table'!$A9, LS_previous!$B$4:$B$138, 0), MATCH(S$4&S$5, LS_previous!$D$2:$AY$2&LS_previous!$D$3:$AY$3, 0)),SUM(VLOOKUP($A9, LS_previous!$B$4:$AY$138, LS_previous!K$149, FALSE), VLOOKUP('Staging Table'!$A9, LS_previous!$B$4:$AY$138,LS_previous!AI$149, FALSE))/2)} -> -42.93 | ... AI9: {=IF($G9=0, INDEX(LS_previous!$D$4:$AY$138, MATCH('Staging Table'!$A9, LS_previous!$B$4:$B$138, 0), MATCH(AI$4&AI$5, LS_previous!$D$2:$AY$2&LS_previous!$D$3:$AY$3, 0)),SUM(VLOOKUP($A9, LS_previous!$B$4:$AY$138, LS_previous!AA$149, FALSE), VLOOKUP('Staging Table'!$A9, LS_previous!$B$4:$AY$138,LS_previous!AY$149, FALSE))/2)} -> 2928.1771 | AJ9: {=INDEX(Demand_previous!$D$4:$AY$138, MATCH('Staging Table'!$A9, Demand_previous!$B$4:$B$138, 0), MATCH(AJ$4&AJ$5,Demand_previous!$D$2:$AY$2&Demand_previous!$D$3:$AY$3, 0))/1000} -> 0 | AK9: {=INDEX(Demand_previous!$D$4:$AY$138, MATCH('Staging Table'!$A9, Demand_previous!$B$4:$B$138, 0), MATCH(AK$4&AK$5,Demand_previous!$D$2:$AY$2&Demand_previous!$D$3:$AY$3, 0))/1000} -> 0.370715 | AL9: {=INDEX(Demand_previous!$D$4:$AY$138, MATCH('Staging Table'!$A9, Demand_previous!$B$4:$B$138, 0), MATCH(AL$4&AL$5,Demand_previous!$D$2:$AY$2&Demand_previous!$D$3:$AY$3, 0))/1000} -> 18.440517 | AM9: {=INDEX(Demand_previous!$D$4:$AY$138, MATCH('Staging Table'!$A9, Demand_previous!$B$4:$B$138, 0), MATCH(AM$4&AM$5,Demand_previous!$D$2:$AY$2&Demand_previous!$D$3:$AY$3, 0))/1000} -> 7.15986 | AN9: {=INDEX(Demand_previous!$D$4:$AY$138, MATCH('Staging Table'!$A9, Demand_previous!$B$4:$B$138, 0), MATCH(AN$4&AN$5,Demand_previous!$D$2:$AY$2&Demand_previous!$D$3:$AY$3, 0))/1000} -> 0.10667708 | AO9: {=INDEX(Demand_previous!$D$4:$AY$138, MATCH('Staging Table'!$A9, Demand_previous!$B$4:$B$138, 0), MATCH(AO$4&AO$5,Demand_previous!$D$2:$AY$2&Demand_previous!$D$3:$AY$3, 0))/1000} -> 3.3888704 | AP9: {=INDEX(Demand_previous!$D$4:$AY$138, MATCH('Staging Table'!$A9, Demand_previous!$B$4:$B$138, 0), MATCH(AP$4&AP$5,Demand_previous!$D$2:$AY$2&Demand_previous!$D$3:$AY$3, 0))/1000} -> 0 | AQ9: {=INDEX(Demand_previous!$D$4:$AY$138, MATCH('Staging Table'!$A9, Demand_previous!$B$4:$B$138, 0), MATCH(AQ$4&AQ$5,Demand_previous!$D$2:$AY$2&Demand_previous!$D$3:$AY$3, 0))/1000} -> 1.00365 | ... AU9: {=INDEX(Demand_previous!$D$4:$AY$138, MATCH('Staging Table'!$A9, Demand_previous!$B$4:$B$138, 0), MATCH(AU$4&AU$5,Demand_previous!$D$2:$AY$2&Demand_previous!$D$3:$AY$3, 0))/1000} -> 8.120775 | AV9: =$F9*(VLOOKUP(AV$4, Rates_previous!$G$6:$Q$29, 10, FALSE)+VLOOKUP(AV$4, Rates_previous!$G$6:$Q$29, 11, FALSE)) -> 38471.554 | AW9: =$F9*(VLOOKUP(AW$4, Rates_previous!$G$6:$Q$29, 10, FALSE)+VLOOKUP(AW$4, Rates_previous!$G$6:$Q$29, 11, FALSE)) -> 48706.383 | AX9: =$F9*(VLOOKUP(AX$4, Rates_previous!$G$6:$Q$29, 10, FALSE)+VLOOKUP(AX$4, Rates_previous!$G$6:$Q$29, 11, FALSE)) -> 47673.818 | AY9: =$F9*(VLOOKUP(AY$4, Rates_previous!$G$6:$Q$29, 10, FALSE)+VLOOKUP(AY$4, Rates_previous!$G$6:$Q$29, 11, FALSE)) -> 39376.547 | AZ9: =$F9*(VLOOKUP(AZ$4, Rates_previous!$G$6:$Q$29, 10, FALSE)+VLOOKUP(AZ$4, Rates_previous!$G$6:$Q$29, 11, FALSE)) -> 34128.516 | BA9: =$F9*(VLOOKUP(BA$4, Rates_previous!$G$6:$Q$29, 10, FALSE)+VLOOKUP(BA$4, Rates_previous!$G$6:$Q$29, 11, FALSE)) -> 40742.556 | BB9: =$F9*(VLOOKUP(BB$4, Rates_previous!$G$6:$Q$29, 10, FALSE)+VLOOKUP(BB$4, Rates_previous!$G$6:$Q$29, 11, FALSE)) -> 31631.171 | BC9: =$F9*(VLOOKUP(BC$4, Rates_previous!$G$6:$Q$29, 10, FALSE)+VLOOKUP(BC$4, Rates_previous!$G$6:$Q$29, 11, FALSE)) -> 43825.22 | ... BG9: =$F9*(VLOOKUP(BG$4, Rates_previous!$G$6:$Q$29, 10, FALSE)+VLOOKUP(BG$4, Rates_previous!$G$6:$Q$29, 11, FALSE)) -> 39707.227 | BH9: =IF($D9=0,IF(C9=0, MAX(BJ9 - (VLOOKUP($A9,TOCA_previous!$A$2:$AI$137,MATCH("RHWM 2022",TOCA_previous!$A$2:$AI$2,0),FALSE)*$F$2*TOCA_previous!C6),0),0), 0) -> 0 | BI9: =MIN(VLOOKUP($A9,TOCA_previous!$A$2:$AI$137,MATCH("TRL - NLSL - Existing Resource "&$F$1,TOCA_previous!$A$2:$AI$2,0),FALSE)*$F$2,(VLOOKUP($A9,TOCA_previous!$A$2:$AI$137,MATCH("RHWM 2022",TOCA_previous!$A$2:$AI$2,0),FALSE)*$F$2)) -> 498522.84 | BJ9: =SUM(L9:AI9)+(F9*RT1SC!$C$3*$F$2) -> 479550.31 | BK9: =VLOOKUP($A9,TOCA_previous!$A$2:$AI$137,MATCH("Above RHWM Not Served with LS "&$F$1,TOCA_previous!$A$2:$AI$2,0),FALSE)*$F$2 -> 85471.32 | BL9: =BJ9-BI9 -> -18972.531 | BM9: =(VLOOKUP($A9,TOCA_previous!$A$2:$AI$137,MATCH("RHWM 2022",TOCA_previous!$A$2:$AI$2,0),FALSE)*$F$2) - $BI9 -> 0 | BN9: =IF(BL9>0,IF(BM9>0,(-1)*MIN(BL9,BM9),0),0) -> 0 | BO9: =IF(BL9<0,IF(BK9<ABS(BL9),MAX(0,ABS($BL9)-(BK9)),0),0) -> 0 | BP9: =IF(AND(BK9>0,BM9>0),IF(AND(BL9<=0,ABS(BL9)<BK9),(-1)*MIN(BK9,BK9-ABS(BL9),BM9),IF(AND(BL9>0,BL9<BM9),(-1)*MIN(BK9,BM9-BL9),0)),0) -> 0 | BQ9: =IF($D9=0,SUM($BN9:$BP9),0) -> 0 | BR9: =VLOOKUP($A9,TOCA_current!$A$2:$AI$137,MATCH(BR$4,TOCA_current!$A$2:$AI$2,0),FALSE) -> 0.0084463 | BS9: =VLOOKUP($A9,TOCA_current!$A$2:$AI$137,MATCH(BS$4,TOCA_current!$A$2:$AI$2,0),FALSE) -> 0.0084463 | BT9: =BR9-BS9 -> 0 | BU9: =VLOOKUP($A9,TOCA_current!A5:BG140,MATCH(BU$4,TOCA_current!$A$2:$BG$2,0),FALSE) -> 0.059761645 | BV9: =IF(C9=0,0,BU9) -> 0 | BW9: =IF(C9=0,0,BR9) -> 0 | BX9: =VLOOKUP($A9,IRD!$A$4:$G$139, 7, FALSE) -> 82900.857 | BY9: {=IF($BT9=0, INDEX(LS_current!$D$4:$AY$138, MATCH('Staging Table'!$A9, LS_current!$B$4:$B$138, 0), MATCH(BY$4&BY$5, LS_current!$D$2:$AY$2&LS_current!$D$3:$AY$3, 0)),SUM(VLOOKUP($A9, LS_current!$B$4:$AY$138, LS_current!D$148, FALSE), VLOOKUP($A9, LS_current!$B$4:$AY$138,LS_current!AB$148, FALSE))/2)} -> 2789.8339 | BZ9: {=IF($BT9=0, INDEX(LS_current!$D$4:$AY$138, MATCH('Staging Table'!$A9, LS_current!$B$4:$B$138, 0), MATCH(BZ$4&BZ$5, LS_current!$D$2:$AY$2&LS_current!$D$3:$AY$3, 0)),SUM(VLOOKUP($A9, LS_current!$B$4:$AY$138, LS_current!E$148, FALSE), VLOOKUP($A9, LS_current!$B$4:$AY$138,LS_current!AC$148, FALSE))/2)} -> 1935.9409 | CA9: {=IF($BT9=0, INDEX(LS_current!$D$4:$AY$138, MATCH('Staging Table'!$A9, LS_current!$B$4:$B$138, 0), MATCH(CA$4&CA$5, LS_current!$D$2:$AY$2&LS_current!$D$3:$AY$3, 0)),SUM(VLOOKUP($A9, LS_current!$B$4:$AY$138, LS_current!F$148, FALSE), VLOOKUP($A9, LS_current!$B$4:$AY$138,LS_current!AD$148, FALSE))/2)} -> -6993.5253 | CB9: {=IF($BT9=0, INDEX(LS_current!$D$4:$AY$138, MATCH('Staging Table'!$A9, LS_current!$B$4:$B$138, 0), MATCH(CB$4&CB$5, LS_current!$D$2:$AY$2&LS_current!$D$3:$AY$3, 0)),SUM(VLOOKUP($A9, LS_current!$B$4:$AY$138, LS_current!G$148, FALSE), VLOOKUP($A9, LS_current!$B$4:$AY$138,LS_current!AE$148, FALSE))/2)} -> -2257.3317 | CC9: {=IF($BT9=0, INDEX(LS_current!$D$4:$AY$138, MATCH('Staging Table'!$A9, LS_current!$B$4:$B$138, 0), MATCH(CC$4&CC$5, LS_current!$D$2:$AY$2&LS_current!$D$3:$AY$3, 0)),SUM(VLOOKUP($A9, LS_current!$B$4:$AY$138, LS_current!H$148, FALSE), VLOOKUP($A9, LS_current!$B$4:$AY$138,LS_current!AF$148, FALSE))/2)} -> -4763.3737 | CD9: {=IF($BT9=0, INDEX(LS_current!$D$4:$AY$138, MATCH('Staging Table'!$A9, LS_current!$B$4:$B$138, 0), MATCH(CD$4&CD$5, LS_current!$D$2:$AY$2&LS_current!$D$3:$AY$3, 0)),SUM(VLOOKUP($A9, LS_current!$B$4:$AY$138, LS_current!I$148, FALSE), VLOOKUP($A9, LS_current!$B$4:$AY$138,LS_current!AG$148, FALSE))/2)} -> -173.91555 | CE9: {=IF($BT9=0, INDEX(LS_current!$D$4:$AY$138, MATCH('Staging Table'!$A9, LS_current!$B$4:$B$138, 0), MATCH(CE$4&CE$5, LS_current!$D$2:$AY$2&LS_current!$D$3:$AY$3, 0)),SUM(VLOOKUP($A9, LS_current!$B$4:$AY$138, LS_current!J$148, FALSE), VLOOKUP($A9, LS_current!$B$4:$AY$138,LS_current!AH$148, FALSE))/2)} -> -7032.1569 | CF9: {=IF($BT9=0, INDEX(LS_current!$D$4:$AY$138, MATCH('Staging Table'!$A9, LS_current!$B$4:$B$138, 0), MATCH(CF$4&CF$5, LS_current!$D$2:$AY$2&LS_current!$D$3:$AY$3, 0)),SUM(VLOOKUP($A9, LS_current!$B$4:$AY$138, LS_current!K$148, FALSE), VLOOKUP($A9, LS_current!$B$4:$AY$138,LS_current!AI$148, FALSE))/2)} -> -815.40423 | ... CV9: {=IF($BT9=0, INDEX(LS_current!$D$4:$AY$138, MATCH('Staging Table'!$A9, LS_current!$B$4:$B$138, 0), MATCH(CV$4&CV$5, LS_current!$D$2:$AY$2&LS_current!$D$3:$AY$3, 0)),SUM(VLOOKUP($A9, LS_current!$B$4:$AY$138, LS_current!AA$148, FALSE), VLOOKUP($A9, LS_current!$B$4:$AY$138,LS_current!AY$148, FALSE))/2)} -> 3786.9205 | CW9: {=INDEX(Demand_current!$D$4:$AY$138, MATCH($A9, Demand_current!$B$4:$B$138, 0), MATCH(CW$4&CW$5,Demand_current!$D$2:$AY$2&Demand_current!$D$3:$AY$3, 0))/1000} -> 0 | CX9: {=INDEX(Demand_current!$D$4:$AY$138, MATCH($A9, Demand_current!$B$4:$B$138, 0), MATCH(CX$4&CX$5,Demand_current!$D$2:$AY$2&Demand_current!$D$3:$AY$3, 0))/1000} -> 0.370715 | CY9: {=INDEX(Demand_current!$D$4:$AY$138, MATCH($A9, Demand_current!$B$4:$B$138, 0), MATCH(CY$4&CY$5,Demand_current!$D$2:$AY$2&Demand_current!$D$3:$AY$3, 0))/1000} -> 15.840738 | CZ9: {=INDEX(Demand_current!$D$4:$AY$138, MATCH($A9, Demand_current!$B$4:$B$138, 0), MATCH(CZ$4&CZ$5,Demand_current!$D$2:$AY$2&Demand_current!$D$3:$AY$3, 0))/1000} -> 9.7242115 | DA9: {=INDEX(Demand_current!$D$4:$AY$138, MATCH($A9, Demand_current!$B$4:$B$138, 0), MATCH(DA$4&DA$5,Demand_current!$D$2:$AY$2&Demand_current!$D$3:$AY$3, 0))/1000} -> 2.26857 | DB9: {=INDEX(Demand_current!$D$4:$AY$138, MATCH($A9, Demand_current!$B$4:$B$138, 0), MATCH(DB$4&DB$5,Demand_current!$D$2:$AY$2&Demand_current!$D$3:$AY$3, 0))/1000} -> 1.4097115 | DC9: {=INDEX(Demand_current!$D$4:$AY$138, MATCH($A9, Demand_current!$B$4:$B$138, 0), MATCH(DC$4&DC$5,Demand_current!$D$2:$AY$2&Demand_current!$D$3:$AY$3, 0))/1000} -> 0 | DD9: {=INDEX(Demand_current!$D$4:$AY$138, MATCH($A9, Demand_current!$B$4:$B$138, 0), MATCH(DD$4&DD$5,Demand_current!$D$2:$AY$2&Demand_current!$D$3:$AY$3, 0))/1000} -> 3.7251635 | ... DH9: {=INDEX(Demand_current!$D$4:$AY$138, MATCH($A9, Demand_current!$B$4:$B$138, 0), MATCH(DH$4&DH$5,Demand_current!$D$2:$AY$2&Demand_current!$D$3:$AY$3, 0))/1000} -> 5.2130573 | DI9: =$BS9*(VLOOKUP(DI$4, Rates_current!$G$6:$Q$29, 10, FALSE)+VLOOKUP(DI$4, Rates_current!$G$6:$Q$29, 11, FALSE)) -> 35633.282 | DJ9: =$BS9*(VLOOKUP(DJ$4, Rates_current!$G$6:$Q$29, 10, FALSE)+VLOOKUP(DJ$4, Rates_current!$G$6:$Q$29, 11, FALSE)) -> 45444.185 | DK9: =$BS9*(VLOOKUP(DK$4, Rates_current!$G$6:$Q$29, 10, FALSE)+VLOOKUP(DK$4, Rates_current!$G$6:$Q$29, 11, FALSE)) -> 49043.267 | DL9: =$BS9*(VLOOKUP(DL$4, Rates_current!$G$6:$Q$29, 10, FALSE)+VLOOKUP(DL$4, Rates_current!$G$6:$Q$29, 11, FALSE)) -> 50963.536 | DM9: =$BS9*(VLOOKUP(DM$4, Rates_current!$G$6:$Q$29, 10, FALSE)+VLOOKUP(DM$4, Rates_current!$G$6:$Q$29, 11, FALSE)) -> 43835.434 | DN9: =$BS9*(VLOOKUP(DN$4, Rates_current!$G$6:$Q$29, 10, FALSE)+VLOOKUP(DN$4, Rates_current!$G$6:$Q$29, 11, FALSE)) -> 47859.615 | DO9: =$BS9*(VLOOKUP(DO$4, Rates_current!$G$6:$Q$29, 10, FALSE)+VLOOKUP(DO$4, Rates_current!$G$6:$Q$29, 11, FALSE)) -> 37777.101 | DP9: =$BS9*(VLOOKUP(DP$4, Rates_current!$G$6:$Q$29, 10, FALSE)+VLOOKUP(DP$4, Rates_current!$G$6:$Q$29, 11, FALSE)) -> 46867.556 | ... DT9: =$BS9*(VLOOKUP(DT$4, Rates_current!$G$6:$Q$29, 10, FALSE)+VLOOKUP(DT$4, Rates_current!$G$6:$Q$29, 11, FALSE)) -> 36980.498 | DU9: =IF(D9=0,IF(C9=0,MAX(0,DW9 - (VLOOKUP($A9,TOCA_current!$A$2:$AI$137,MATCH("RHWM 2024",TOCA_current!$A$2:$AI$2,0),FALSE)*$BS$2)), 0),0) -> 0 | DV9: =MIN(VLOOKUP($A9,TOCA_current!$A$2:$AI$137,MATCH("TRL - NLSL - Existing Resource "&$BS$1,TOCA_current!$A$2:$AI$2,0),FALSE)*$BS$2, VLOOKUP($A9,TOCA_current!$A$2:$AI$137,MATCH("RHWM 2024",TOCA_current!$A$2:$AI$2,0),FALSE)*$BS$2) -> 524044.66 | DW9: =SUM(BY9:CV9)+(BS9*RT1SC!$C$4*$BS$2) -> 519652.25 | DX9: =VLOOKUP($A9,TOCA_current!$A$2:$AI$137,MATCH("Above RHWM Not Served with LS "&$BS$1,TOCA_current!$A$2:$AI$2,0),FALSE)*$BS$2 -> 45369.36 | DY9: =DW9-DV9 -> -4392.4106 | DZ9: =(VLOOKUP($A9,TOCA_current!$A$2:$AI$137,MATCH("RHWM 2024",TOCA_current!$A$2:$AI$2,0),FALSE)*$BS$2) - $DV9 -> 0 | EA9: =IF(DY9>0,IF(DZ9>0,(-1)*MIN(DY9,DZ9),0),0) -> 0 | EB9: =IF(DY9<0,IF(DX9<ABS(DY9),MAX(0,ABS($DY9)-(DX9)),0),0) -> 0 | EC9: =IF(AND(DX9>0,DZ9>0),IF(AND(DY9<=0,ABS(DY9)<DX9),(-1)*MIN(DX9,DX9-ABS(DY9),DZ9),IF(AND(DY9>0,DY9<DZ9),(-1)*MIN(DX9,DZ9-DY9),0)),0) -> 0 | ED9: =IF($D9=0,SUM(EA9:EC9),0) -> 0
A10: 10027 | B10: Big Bend Elec Coop | C10: =VLOOKUP(A10, TOCA_current!$A$3:$D$137, 4, FALSE) -> 0 | D10: 0 | E10: =VLOOKUP($A10,TOCA_previous!$A$2:$AI$137,MATCH(E$4,TOCA_previous!$A$2:$AI$2,0),FALSE) -> 0.0086654 | F10: =VLOOKUP($A10,TOCA_previous!$A$2:$AI$137,MATCH(F$4,TOCA_previous!$A$2:$AI$2,0),FALSE) -> 0.0086654 | G10: =E10-F10 -> 0 | H10: =VLOOKUP($A10,TOCA_previous!$A$2:$AI$137,MATCH(H$4,TOCA_previous!$A$2:$AI$2,0),FALSE) -> 0.07947 | I10: =IF(C10=0,0,H10) -> 0 | J10: =IF(C10=0,0,E10) -> 0 | K10: =VLOOKUP(A10, IRD!$A$5:$C$139, 3, FALSE) -> 209669.54 | L10: {=IF($G10=0, INDEX(LS_previous!$D$4:$AY$138, MATCH('Staging Table'!$A10, LS_previous!$B$4:$B$138, 0), MATCH(L$4&L$5, LS_previous!$D$2:$AY$2&LS_previous!$D$3:$AY$3, 0)),SUM(VLOOKUP($A10, LS_previous!$B$4:$AY$138, LS_previous!D$149, FALSE), VLOOKUP('Staging Table'!$A10, LS_previous!$B$4:$AY$138,LS_previous!AB$149, FALSE))/2)} -> -4312.558 | M10: {=IF($G10=0, INDEX(LS_previous!$D$4:$AY$138, MATCH('Staging Table'!$A10, LS_previous!$B$4:$B$138, 0), MATCH(M$4&M$5, LS_previous!$D$2:$AY$2&LS_previous!$D$3:$AY$3, 0)),SUM(VLOOKUP($A10, LS_previous!$B$4:$AY$138, LS_previous!E$149, FALSE), VLOOKUP('Staging Table'!$A10, LS_previous!$B$4:$AY$138,LS_previous!AC$149, FALSE))/2)} -> -199.32072 | N10: {=IF($G10=0, INDEX(LS_previous!$D$4:$AY$138, MATCH('Staging Table'!$A10, LS_previous!$B$4:$B$138, 0), MATCH(N$4&N$5, LS_previous!$D$2:$AY$2&LS_previous!$D$3:$AY$3, 0)),SUM(VLOOKUP($A10, LS_previous!$B$4:$AY$138, LS_previous!F$149, FALSE), VLOOKUP('Staging Table'!$A10, LS_previous!$B$4:$AY$138,LS_previous!AD$149, FALSE))/2)} -> -17555.404 | O10: {=IF($G10=0, INDEX(LS_previous!$D$4:$AY$138, MATCH('Staging Table'!$A10, LS_previous!$B$4:$B$138, 0), MATCH(O$4&O$5, LS_previous!$D$2:$AY$2&LS_previous!$D$3:$AY$3, 0)),SUM(VLOOKUP($A10, LS_previous!$B$4:$AY$138, LS_previous!G$149, FALSE), VLOOKUP('Staging Table'!$A10, LS_previous!$B$4:$AY$138,LS_previous!AE$149, FALSE))/2)} -> -9830.3011 | P10: {=IF($G10=0, INDEX(LS_previous!$D$4:$AY$138, MATCH('Staging Table'!$A10, LS_previous!$B$4:$B$138, 0), MATCH(P$4&P$5, LS_previous!$D$2:$AY$2&LS_previous!$D$3:$AY$3, 0)),SUM(VLOOKUP($A10, LS_previous!$B$4:$AY$138, LS_previous!H$149, FALSE), VLOOKUP('Staging Table'!$A10, LS_previous!$B$4:$AY$138,LS_previous!AF$149, FALSE))/2)} -> -11950.418 | Q10: {=IF($G10=0, INDEX(LS_previous!$D$4:$AY$138, MATCH('Staging Table'!$A10, LS_previous!$B$4:$B$138, 0), MATCH(Q$4&Q$5, LS_previous!$D$2:$AY$2&LS_previous!$D$3:$AY$3, 0)),SUM(VLOOKUP($A10, LS_previous!$B$4:$AY$138, LS_previous!I$149, FALSE), VLOOKUP('Staging Table'!$A10, LS_previous!$B$4:$AY$138,LS_previous!AG$149, FALSE))/2)} -> -9289.9527 | R10: {=IF($G10=0, INDEX(LS_previous!$D$4:$AY$138, MATCH('Staging Table'!$A10, LS_previous!$B$4:$B$138, 0), MATCH(R$4&R$5, LS_previous!$D$2:$AY$2&LS_previous!$D$3:$AY$3, 0)),SUM(VLOOKUP($A10, LS_previous!$B$4:$AY$138, LS_previous!J$149, FALSE), VLOOKUP('Staging Table'!$A10, LS_previous!$B$4:$AY$138,LS_previous!AH$149, FALSE))/2)} -> -6991.299 | S10: {=IF($G10=0, INDEX(LS_previous!$D$4:$AY$138, MATCH('Staging Table'!$A10, LS_previous!$B$4:$B$138, 0), MATCH(S$4&S$5, LS_previous!$D$2:$AY$2&LS_previous!$D$3:$AY$3, 0)),SUM(VLOOKUP($A10, LS_previous!$B$4:$AY$138, LS_previous!K$149, FALSE), VLOOKUP('Staging Table'!$A10, LS_previous!$B$4:$AY$138,LS_previous!AI$149, FALSE))/2)} -> -6013.1467 | ... AI10: {=IF($G10=0, INDEX(LS_previous!$D$4:$AY$138, MATCH('Staging Table'!$A10, LS_previous!$B$4:$B$138, 0), MATCH(AI$4&AI$5, LS_previous!$D$2:$AY$2&LS_previous!$D$3:$AY$3, 0)),SUM(VLOOKUP($A10, LS_previous!$B$4:$AY$138, LS_previous!AA$149, FALSE), VLOOKUP('Staging Table'!$A10, LS_previous!$B$4:$AY$138,LS_previous!AY$149, FALSE))/2)} -> 7669.3658 | AJ10: {=INDEX(Demand_previous!$D$4:$AY$138, MATCH('Staging Table'!$A10, Demand_previous!$B$4:$B$138, 0), MATCH(AJ$4&AJ$5,Demand_previous!$D$2:$AY$2&Demand_previous!$D$3:$AY$3, 0))/1000} -> 11.454822 | AK10: {=INDEX(Demand_previous!$D$4:$AY$138, MATCH('Staging Table'!$A10, Demand_previous!$B$4:$B$138, 0), MATCH(AK$4&AK$5,Demand_previous!$D$2:$AY$2&Demand_previous!$D$3:$AY$3, 0))/1000} -> 5.364235 | AL10: {=INDEX(Demand_previous!$D$4:$AY$138, MATCH('Staging Table'!$A10, Demand_previous!$B$4:$B$138, 0), MATCH(AL$4&AL$5,Demand_previous!$D$2:$AY$2&Demand_previous!$D$3:$AY$3, 0))/1000} -> 10.355767 | AM10: {=INDEX(Demand_previous!$D$4:$AY$138, MATCH('Staging Table'!$A10, Demand_previous!$B$4:$B$138, 0), MATCH(AM$4&AM$5,Demand_previous!$D$2:$AY$2&Demand_previous!$D$3:$AY$3, 0))/1000} -> 4.19375 | AN10: {=INDEX(Demand_previous!$D$4:$AY$138, MATCH('Staging Table'!$A10, Demand_previous!$B$4:$B$138, 0), MATCH(AN$4&AN$5,Demand_previous!$D$2:$AY$2&Demand_previous!$D$3:$AY$3, 0))/1000} -> 1.384013 | AO10: {=INDEX(Demand_previous!$D$4:$AY$138, MATCH('Staging Table'!$A10, Demand_previous!$B$4:$B$138, 0), MATCH(AO$4&AO$5,Demand_previous!$D$2:$AY$2&Demand_previous!$D$3:$AY$3, 0))/1000} -> 8.935838 | AP10: {=INDEX(Demand_previous!$D$4:$AY$138, MATCH('Staging Table'!$A10, Demand_previous!$B$4:$B$138, 0), MATCH(AP$4&AP$5,Demand_previous!$D$2:$AY$2&Demand_previous!$D$3:$AY$3, 0))/1000} -> 27.858219 | AQ10: {=INDEX(Demand_previous!$D$4:$AY$138, MATCH('Staging Table'!$A10, Demand_previous!$B$4:$B$138, 0), MATCH(AQ$4&AQ$5,Demand_previous!$D$2:$AY$2&Demand_previous!$D$3:$AY$3, 0))/1000} -> 8.8026875 | ... AU10: {=INDEX(Demand_previous!$D$4:$AY$138, MATCH('Staging Table'!$A10, Demand_previous!$B$4:$B$138, 0), MATCH(AU$4&AU$5,Demand_previous!$D$2:$AY$2&Demand_previous!$D$3:$AY$3, 0))/1000} -> 13.691047 | AV10: =$F10*(VLOOKUP(AV$4, Rates_previous!$G$6:$Q$29, 10, FALSE)+VLOOKUP(AV$4, Rates_previous!$G$6:$Q$29, 11, FALSE)) -> 39461.577 | AW10: =$F10*(VLOOKUP(AW$4, Rates_previous!$G$6:$Q$29, 10, FALSE)+VLOOKUP(AW$4, Rates_previous!$G$6:$Q$29, 11, FALSE)) -> 49959.788 | AX10: =$F10*(VLOOKUP(AX$4, Rates_previous!$G$6:$Q$29, 10, FALSE)+VLOOKUP(AX$4, Rates_previous!$G$6:$Q$29, 11, FALSE)) -> 48900.652 | AY10: =$F10*(VLOOKUP(AY$4, Rates_previous!$G$6:$Q$29, 10, FALSE)+VLOOKUP(AY$4, Rates_previous!$G$6:$Q$29, 11, FALSE)) -> 40389.859 | AZ10: =$F10*(VLOOKUP(AZ$4, Rates_previous!$G$6:$Q$29, 10, FALSE)+VLOOKUP(AZ$4, Rates_previous!$G$6:$Q$29, 11, FALSE)) -> 35006.776 | BA10: =$F10*(VLOOKUP(BA$4, Rates_previous!$G$6:$Q$29, 10, FALSE)+VLOOKUP(BA$4, Rates_previous!$G$6:$Q$29, 11, FALSE)) -> 41791.021 | BB10: =$F10*(VLOOKUP(BB$4, Rates_previous!$G$6:$Q$29, 10, FALSE)+VLOOKUP(BB$4, Rates_previous!$G$6:$Q$29, 11, FALSE)) -> 32445.164 | BC10: =$F10*(VLOOKUP(BC$4, Rates_previous!$G$6:$Q$29, 10, FALSE)+VLOOKUP(BC$4, Rates_previous!$G$6:$Q$29, 11, FALSE)) -> 44953.014 | ... BG10: =$F10*(VLOOKUP(BG$4, Rates_previous!$G$6:$Q$29, 10, FALSE)+VLOOKUP(BG$4, Rates_previous!$G$6:$Q$29, 11, FALSE)) -> 40729.049 | BH10: =IF($D10=0,IF(C10=0, MAX(BJ10 - (VLOOKUP($A10,TOCA_previous!$A$2:$AI$137,MATCH("RHWM 2022",TOCA_previous!$A$2:$AI$2,0),FALSE)*$F$2*TOCA_previous!C7),0),0), 0) -> 14955.186 | BI10: =MIN(VLOOKUP($A10,TOCA_previous!$A$2:$AI$137,MATCH("TRL - NLSL - Existing Resource "&$F$1,TOCA_previous!$A$2:$AI$2,0),FALSE)*$F$2,(VLOOKUP($A10,TOCA_previous!$A$2:$AI$137,MATCH("RHWM 2022",TOCA_previous!$A$2:$AI$2,0),FALSE)*$F$2)) -> 511347.48 | BJ10: =SUM(L10:AI10)+(F10*RT1SC!$C$3*$F$2) -> 526302.67 | BK10: =VLOOKUP($A10,TOCA_previous!$A$2:$AI$137,MATCH("Above RHWM Not Served with LS "&$F$1,TOCA_previous!$A$2:$AI$2,0),FALSE)*$F$2 -> 69177.72 | BL10: =BJ10-BI10 -> 14955.186 | BM10: =(VLOOKUP($A10,TOCA_previous!$A$2:$AI$137,MATCH("RHWM 2022",TOCA_previous!$A$2:$AI$2,0),FALSE)*$F$2) - $BI10 -> 0 | BN10: =IF(BL10>0,IF(BM10>0,(-1)*MIN(BL10,BM10),0),0) -> 0 | BO10: =IF(BL10<0,IF(BK10<ABS(BL10),MAX(0,ABS($BL10)-(BK10)),0),0) -> 0 | BP10: =IF(AND(BK10>0,BM10>0),IF(AND(BL10<=0,ABS(BL10)<BK10),(-1)*MIN(BK10,BK10-ABS(BL10),BM10),IF(AND(BL10>0,BL10<BM10),(-1)*MIN(BK10,BM10-BL10),0)),0) -> 0 | BQ10: =IF($D10=0,SUM($BN10:$BP10),0) -> 0 | BR10: =VLOOKUP($A10,TOCA_current!$A$2:$AI$137,MATCH(BR$4,TOCA_current!$A$2:$AI$2,0),FALSE) -> 0.0086636 | BS10: =VLOOKUP($A10,TOCA_current!$A$2:$AI$137,MATCH(BS$4,TOCA_current!$A$2:$AI$2,0),FALSE) -> 0.0086636 | BT10: =BR10-BS10 -> 0 | BU10: =VLOOKUP($A10,TOCA_current!A6:BG141,MATCH(BU$4,TOCA_current!$A$2:$BG$2,0),FALSE) -> 0.077546328 | BV10: =IF(C10=0,0,BU10) -> 0 | BW10: =IF(C10=0,0,BR10) -> 0 | BX10: =VLOOKUP($A10,IRD!$A$4:$G$139, 7, FALSE) -> 209669.54 | BY10: {=IF($BT10=0, INDEX(LS_current!$D$4:$AY$138, MATCH('Staging Table'!$A10, LS_current!$B$4:$B$138, 0), MATCH(BY$4&BY$5, LS_current!$D$2:$AY$2&LS_current!$D$3:$AY$3, 0)),SUM(VLOOKUP($A10, LS_current!$B$4:$AY$138, LS_current!D$148, FALSE), VLOOKUP($A10, LS_current!$B$4:$AY$138,LS_current!AB$148, FALSE))/2)} -> -575.29615 | BZ10: {=IF($BT10=0, INDEX(LS_current!$D$4:$AY$138, MATCH('Staging Table'!$A10, LS_current!$B$4:$B$138, 0), MATCH(BZ$4&BZ$5, LS_current!$D$2:$AY$2&LS_current!$D$3:$AY$3, 0)),SUM(VLOOKUP($A10, LS_current!$B$4:$AY$138, LS_current!E$148, FALSE), VLOOKUP($A10, LS_current!$B$4:$AY$138,LS_current!AC$148, FALSE))/2)} -> -57.834118 | CA10: {=IF($BT10=0, INDEX(LS_current!$D$4:$AY$138, MATCH('Staging Table'!$A10, LS_current!$B$4:$B$138, 0), MATCH(CA$4&CA$5, LS_current!$D$2:$AY$2&LS_current!$D$3:$AY$3, 0)),SUM(VLOOKUP($A10, LS_current!$B$4:$AY$138, LS_current!F$148, FALSE), VLOOKUP($A10, LS_current!$B$4:$AY$138,LS_current!AD$148, FALSE))/2)} -> -14659.906 | CB10: {=IF($BT10=0, INDEX(LS_current!$D$4:$AY$138, MATCH('Staging Table'!$A10, LS_current!$B$4:$B$138, 0), MATCH(CB$4&CB$5, LS_current!$D$2:$AY$2&LS_current!$D$3:$AY$3, 0)),SUM(VLOOKUP($A10, LS_current!$B$4:$AY$138, LS_current!G$148, FALSE), VLOOKUP($A10, LS_current!$B$4:$AY$138,LS_current!AE$148, FALSE))/2)} -> -8442.0491 | CC10: {=IF($BT10=0, INDEX(LS_current!$D$4:$AY$138, MATCH('Staging Table'!$A10, LS_current!$B$4:$B$138, 0), MATCH(CC$4&CC$5, LS_current!$D$2:$AY$2&LS_current!$D$3:$AY$3, 0)),SUM(VLOOKUP($A10, LS_current!$B$4:$AY$138, LS_current!H$148, FALSE), VLOOKUP($A10, LS_current!$B$4:$AY$138,LS_current!AF$148, FALSE))/2)} -> -13867.999 | CD10: {=IF($BT10=0, INDEX(LS_current!$D$4:$AY$138, MATCH('Staging Table'!$A10, LS_current!$B$4:$B$138, 0), MATCH(CD$4&CD$5, LS_current!$D$2:$AY$2&LS_current!$D$3:$AY$3, 0)),SUM(VLOOKUP($A10, LS_current!$B$4:$AY$138, LS_current!I$148, FALSE), VLOOKUP($A10, LS_current!$B$4:$AY$138,LS_current!AG$148, FALSE))/2)} -> -7809.535 | CE10: {=IF($BT10=0, INDEX(LS_current!$D$4:$AY$138, MATCH('Staging Table'!$A10, LS_current!$B$4:$B$138, 0), MATCH(CE$4&CE$5, LS_current!$D$2:$AY$2&LS_current!$D$3:$AY$3, 0)),SUM(VLOOKUP($A10, LS_current!$B$4:$AY$138, LS_current!J$148, FALSE), VLOOKUP($A10, LS_current!$B$4:$AY$138,LS_current!AH$148, FALSE))/2)} -> -15964.391 | CF10: {=IF($BT10=0, INDEX(LS_current!$D$4:$AY$138, MATCH('Staging Table'!$A10, LS_current!$B$4:$B$138, 0), MATCH(CF$4&CF$5, LS_current!$D$2:$AY$2&LS_current!$D$3:$AY$3, 0)),SUM(VLOOKUP($A10, LS_current!$B$4:$AY$138, LS_current!K$148, FALSE), VLOOKUP($A10, LS_current!$B$4:$AY$138,LS_current!AI$148, FALSE))/2)} -> -7957.6836 | ... CV10: {=IF($BT10=0, INDEX(LS_current!$D$4:$AY$138, MATCH('Staging Table'!$A10, LS_current!$B$4:$B$138, 0), MATCH(CV$4&CV$5, LS_current!$D$2:$AY$2&LS_current!$D$3:$AY$3, 0)),SUM(VLOOKUP($A10, LS_current!$B$4:$AY$138, LS_current!AA$148, FALSE), VLOOKUP($A10, LS_current!$B$4:$AY$138,LS_current!AY$148, FALSE))/2)} -> 7438.2674 | CW10: {=INDEX(Demand_current!$D$4:$AY$138, MATCH($A10, Demand_current!$B$4:$B$138, 0), MATCH(CW$4&CW$5,Demand_current!$D$2:$AY$2&Demand_current!$D$3:$AY$3, 0))/1000} -> 11.454822 | CX10: {=INDEX(Demand_current!$D$4:$AY$138, MATCH($A10, Demand_current!$B$4:$B$138, 0), MATCH(CX$4&CX$5,Demand_current!$D$2:$AY$2&Demand_current!$D$3:$AY$3, 0))/1000} -> 5.364235 | CY10: {=INDEX(Demand_current!$D$4:$AY$138, MATCH($A10, Demand_current!$B$4:$B$138, 0), MATCH(CY$4&CY$5,Demand_current!$D$2:$AY$2&Demand_current!$D$3:$AY$3, 0))/1000} -> 8.5027975 | CZ10: {=INDEX(Demand_current!$D$4:$AY$138, MATCH($A10, Demand_current!$B$4:$B$138, 0), MATCH(CZ$4&CZ$5,Demand_current!$D$2:$AY$2&Demand_current!$D$3:$AY$3, 0))/1000} -> 6.0345673 | DA10: {=INDEX(Demand_current!$D$4:$AY$138, MATCH($A10, Demand_current!$B$4:$B$138, 0), MATCH(DA$4&DA$5,Demand_current!$D$2:$AY$2&Demand_current!$D$3:$AY$3, 0))/1000} -> 3.1104925 | DB10: {=INDEX(Demand_current!$D$4:$AY$138, MATCH($A10, Demand_current!$B$4:$B$138, 0), MATCH(DB$4&DB$5,Demand_current!$D$2:$AY$2&Demand_current!$D$3:$AY$3, 0))/1000} -> 7.5783317 | DC10: {=INDEX(Demand_current!$D$4:$AY$138, MATCH($A10, Demand_current!$B$4:$B$138, 0), MATCH(DC$4&DC$5,Demand_current!$D$2:$AY$2&Demand_current!$D$3:$AY$3, 0))/1000} -> 27.858219 | DD10: {=INDEX(Demand_current!$D$4:$AY$138, MATCH($A10, Demand_current!$B$4:$B$138, 0), MATCH(DD$4&DD$5,Demand_current!$D$2:$AY$2&Demand_current!$D$3:$AY$3, 0))/1000} -> 12.464815 | ... DH10: {=INDEX(Demand_current!$D$4:$AY$138, MATCH($A10, Demand_current!$B$4:$B$138, 0), MATCH(DH$4&DH$5,Demand_current!$D$2:$AY$2&Demand_current!$D$3:$AY$3, 0))/1000} -> 10.246383 | DI10: =$BS10*(VLOOKUP(DI$4, Rates_current!$G$6:$Q$29, 10, FALSE)+VLOOKUP(DI$4, Rates_current!$G$6:$Q$29, 11, FALSE)) -> 36550.028 | DJ10: =$BS10*(VLOOKUP(DJ$4, Rates_current!$G$6:$Q$29, 10, FALSE)+VLOOKUP(DJ$4, Rates_current!$G$6:$Q$29, 11, FALSE)) -> 46613.339 | DK10: =$BS10*(VLOOKUP(DK$4, Rates_current!$G$6:$Q$29, 10, FALSE)+VLOOKUP(DK$4, Rates_current!$G$6:$Q$29, 11, FALSE)) -> 50305.015 | DL10: =$BS10*(VLOOKUP(DL$4, Rates_current!$G$6:$Q$29, 10, FALSE)+VLOOKUP(DL$4, Rates_current!$G$6:$Q$29, 11, FALSE)) -> 52274.687 | DM10: =$BS10*(VLOOKUP(DM$4, Rates_current!$G$6:$Q$29, 10, FALSE)+VLOOKUP(DM$4, Rates_current!$G$6:$Q$29, 11, FALSE)) -> 44963.199 | DN10: =$BS10*(VLOOKUP(DN$4, Rates_current!$G$6:$Q$29, 10, FALSE)+VLOOKUP(DN$4, Rates_current!$G$6:$Q$29, 11, FALSE)) -> 49090.911 | DO10: =$BS10*(VLOOKUP(DO$4, Rates_current!$G$6:$Q$29, 10, FALSE)+VLOOKUP(DO$4, Rates_current!$G$6:$Q$29, 11, FALSE)) -> 38749.001 | DP10: =$BS10*(VLOOKUP(DP$4, Rates_current!$G$6:$Q$29, 10, FALSE)+VLOOKUP(DP$4, Rates_current!$G$6:$Q$29, 11, FALSE)) -> 48073.329 | ... DT10: =$BS10*(VLOOKUP(DT$4, Rates_current!$G$6:$Q$29, 10, FALSE)+VLOOKUP(DT$4, Rates_current!$G$6:$Q$29, 11, FALSE)) -> 37931.904 | DU10: =IF(D10=0,IF(C10=0,MAX(0,DW10 - (VLOOKUP($A10,TOCA_current!$A$2:$AI$137,MATCH("RHWM 2024",TOCA_current!$A$2:$AI$2,0),FALSE)*$BS$2)), 0),0) -> 4.2184639 | DV10: =MIN(VLOOKUP($A10,TOCA_current!$A$2:$AI$137,MATCH("TRL - NLSL - Existing Resource "&$BS$1,TOCA_current!$A$2:$AI$2,0),FALSE)*$BS$2, VLOOKUP($A10,TOCA_current!$A$2:$AI$137,MATCH("RHWM 2024",TOCA_current!$A$2:$AI$2,0),FALSE)*$BS$2) -> 537528.1 | DW10: =SUM(BY10:CV10)+(BS10*RT1SC!$C$4*$BS$2) -> 537532.31 | DX10: =VLOOKUP($A10,TOCA_current!$A$2:$AI$137,MATCH("Above RHWM Not Served with LS "&$BS$1,TOCA_current!$A$2:$AI$2,0),FALSE)*$BS$2 -> 57948.048 | DY10: =DW10-DV10 -> 4.2184639 | DZ10: =(VLOOKUP($A10,TOCA_current!$A$2:$AI$137,MATCH("RHWM 2024",TOCA_current!$A$2:$AI$2,0),FALSE)*$BS$2) - $DV10 -> 0 | EA10: =IF(DY10>0,IF(DZ10>0,(-1)*MIN(DY10,DZ10),0),0) -> 0 | EB10: =IF(DY10<0,IF(DX10<ABS(DY10),MAX(0,ABS($DY10)-(DX10)),0),0) -> 0 | EC10: =IF(AND(DX10>0,DZ10>0),IF(AND(DY10<=0,ABS(DY10)<DX10),(-1)*MIN(DX10,DX10-ABS(DY10),DZ10),IF(AND(DY10>0,DY10<DZ10),(-1)*MIN(DX10,DZ10-DY10),0)),0) -> 0 | ED10: =IF($D10=0,SUM(EA10:EC10),0) -> 0
